Workbook

Sheet Итого по видам(с учет нераспр.)
A1: Сведения о предоставлении из бюджета Саратовской области межбюджетных трансфертов местным бюджетам
A2: за 9 месяцев 2024 года
I3: тыс. рублей
A4: № п/п | B4: Наименование | C4: Код бюджетной классификации | D4: первоначальные бюджетные назначения 1 | E4: уточненные бюджетжетные назначения | H4: Исполнение | I4: % исполнения
E5: Сводная бюджетная роспись | F5: на основании
F6: закона о бюджете 2 | G6: иных нормативных правовых актов
A7: 1 | B7: 2 | C7: 3 | D7: 4 | E7: 5 | F7: 6 | G7: 7 | H7: 8 | I7: 9=8/5
A8: 1. | B8: Дотация - всего | D8: =SUM(D9:D11) -> 4672342.9 | E8: =SUM(E9:E11) -> 4665751 | F8: =SUM(F9:F11) -> 4665751 | G8: =SUM(G9:G11) -> 0 | H8: =SUM(H9:H11) -> 3572842.5 | I8: =H8/E8*100 -> 76.575936
A9: 1.1. | B9: Дотация бюджетам городских округов области, связанные с особым режимом безопасного функционирования закрытых административно-территориальных образований | C9: 000 1402 6630150100 512 | D9: =Дотации!H97 -> 31986 | E9: =Дотации!I97 -> 31986 | F9: =Дотации!I97 -> 31986 | H9: =Дотации!J97 -> 23985 | I9: =H9/E9*100 -> 74.985931
A10: 1.2. | B10: Дотация на выравнивание бюджетной обеспеченности муниципальных районов (городских округов) области | C10: 000 1401 6630170200 511 | D10: =Дотации!L97 -> 4211852.8 | E10: =Дотации!M97 -> 4205260.9 | F10: =Дотации!M97 -> 4205260.9 | H10: =Дотации!N97 -> 3227477.4 | I10: =H10/E10*100 -> 76.748565
A11: 1.3. | B11: Дотация бюджетам муниципальных районов области на поддержку мер по обеспечению сбалансированности местных бюджетов | C11: 000 1402 6630170300 512 | D11: =Дотации!P97 -> 428504.1 | E11: =Дотации!Q97 -> 428504.1 | F11: =Дотации!Q97 -> 428504.1 | H11: =Дотации!R97 -> 321380.1 | I11: =H11/E11*100 -> 75.000473
A12: 2. | B12: Субсидии - всего | D12: =SUM(D13:D93)+0.1 -> 16222214 | E12: =SUM(E13:E93)-0.1 -> 20742470 | F12: =SUM(F13:F93) -> 20742470 | H12: =SUM(H13:H93)+0.1 -> 14978232 | I12: =H12/E12*100 -> 72.210455
A13: 2.1. | B13: Субсидия бюджетам муниципальных районов и городских округов области на обновление материально-технической базы для организации учебно-исследовательской, научно-практической, творческой деятельности, занятий физической культурой и спортом в общеобразовательных организациях | C13: 000 0702 511E250980 521 | D13: =Субсидии!H397 -> 16397.6 | E13: =Субсидии!I397 -> 16397.6 | F13: =Субсидии!I397 -> 16397.6 | H13: =Субсидии!J397 -> 16397.6 | I13: =H13/E13*100 -> 100
A14: 2.2. | B14: Субсидия бюджетам муниципальных районов и поселений области на достижение показателей результативности по обеспечению развития и укрепления материально-технической базы домов культуры в населенных пунктах с числом жителей до 50 тысяч человек | C14: 000 0801 55104А4670 521 | D14: =Субсидии!L397 -> 0 | E14: =Субсидии!M397 -> 10000 | F14: =Субсидии!M397 -> 10000 | H14: =Субсидии!N397 -> 8000 | I14: =H14/E14*100 -> 80
A15: 2.3. | B15: Субсидии бюджетам городских округов области на создание новых мест в общеобразовательных организациях | C15: 000 0702 511E155200 523 | D15: =Субсидии!P397 -> 297776.7 | E15: =Субсидии!Q397 -> 297776.7 | F15: =Субсидии!Q397 -> 297776.7 | H15: =Субсидии!R397 -> 297776.7 | I15: =H15/E15*100 -> 100
A16: 2.4. | B16: Субсидии бюджетам городских округов области на создание новых мест в общеобразовательных организациях (в рамках достижения соответствующих задач федерального проекта) | C16: 000 0702 511E1А5201 523 | D16: =Субсидии!T397 -> 0 | E16: =Субсидии!U397 -> 175640.4 | F16: =Субсидии!U397 -> 175640.4 | H16: =Субсидии!V397 -> 142959.03 | I16: =H16/E16*100 -> 81.393021
A17: 2.5. | B17: Субсидия бюджетам городских округов области на создание новых мест в общеобразовательных организациях в связи с ростом числа обучающихся, вызванным демографическим фактором | C17: 000 0702 511E153050 523 | D17: =Субсидии!X397 -> 180000.31 | E17: =Субсидии!Y397 -> 180000.31 | F17: =Субсидии!Y397 -> 180000.31 | H17: =Субсидии!Z397 -> 180000.31 | I17: =H17/E17*100 -> 100
A18: 2.6. | B18: Субсидия бюджетам муниципальных районов и городских округов области на обеспечение жильем молодых семей | C18: 000 1004 53303R4970 521 | D18: =Субсидии!AB397 -> 60286.78 | E18: =Субсидии!AC397 -> 60286.8 | F18: =Субсидии!AC397 -> 60286.8 | H18: =Субсидии!AD397 -> 58763.192 | I18: =H18/E18*100 -> 97.472733
A19: 2.7. | B19: Субсидия бюджетам городских округов и поселений области на реализацию регионального проекта (программы) в целях выполнения задач федерального проекта «Жилье» (стимулирование программ развития жилищного строительства субъектов Российской Федерации (в рамках достижения соответствующих задач федерального проекта) | C19: 000 1403 531F1А0210 523 | D19: =Субсидии!AF397 -> 0 | E19: =Субсидии!AG397 -> 141062.5 | F19: =Субсидии!AG397 -> 141062.5 | H19: =Субсидии!AH397 -> 26798.081 | I19: =H19/E19*100 -> 18.99731
A20: 2.8. | B20: Субсидия бюджетам муниципальных районов и поселений области на поддержку творческой деятельности и укрепление материально-технической базы муниципальных театров в населенных пунктах с численностью населения до 300 тысяч человек | C20: 000 0801 55101R4660 521 | D20: =Субсидии!AJ397 -> 4240 | E20: =Субсидии!AK397 -> 4240 | F20: =Субсидии!AK397 -> 4240 | H20: =Субсидии!AL397 -> 4240 | I20: =H20/E20*100 -> 100
A21: 2.9. | B21: Субсидия бюджетам муниципальных районов и поселений области на обеспечение развития и укрепления материально-технической базы домов культуры в населенных пунктах с числом жителей до 50 тысяч человек | C21: 000 0801 55104R4670 521 | D21: =Субсидии!AN397 -> 34556.18 | E21: =Субсидии!AO397 -> 34556.18 | F21: =Субсидии!AO397 -> 34556.18 | H21: =Субсидии!AP397 -> 34556.18 | I21: =H21/E21*100 -> 100
A22: 2.10. | B22: Субсидия бюджетам муниципальных районов и городских округов области на поддержку отрасли культуры (государственная поддержка лучших сельских учреждений культуры) | C22: 000 0801 551A255192 523 | D22: =Субсидии!AR397 -> 2142.84 | E22: =Субсидии!AS397 -> 2142.8515 | F22: =Субсидии!AS397 -> 2142.8515 | H22: =Субсидии!AT397 -> 2142.8515 | I22: =H22/E22*100 -> 100
A23: 2.11. | B23: Субсидия бюджетам муниципальных районов и городских округов области на поддержку отрасли культуры (государственная поддержка лучших работников сельских учреждений культуры) | C23: 000 0801 551A255194 523 | D23: =Субсидии!AV397 -> 765.30613 | E23: =Субсидии!AW397 -> 765.30613 | F23: =Субсидии!AW397 -> 765.30613 | H23: =Субсидии!AX397 -> 765.30613 | I23: =H23/E23*100 -> 100
A24: 2.12. | B24: Субсидия бюджетам муниципальных районов, поселений и городских округов области на государственную поддержку отрасли культуры (комплектование книжных фондов муниципальных общедоступных библиотек) | C24: 000 0801 55102R5191 523 | D24: =Субсидии!AZ397 -> 9128.3146 | E24: =Субсидии!BA397 -> 9128.3146 | F24: =Субсидии!BA397 -> 9128.3146 | H24: =Субсидии!BB397 -> 9128.3146 | I24: =H24/E24*100 -> 100
A25: 2.13. | B25: Субсидия бюджетам муниципальных районов и городских округов области на поддержку отрасли культуры (создание многофункциональных мобильных культурных центров) | C25: 000 0801 551A155198 523 | D25: =Субсидии!BD397 -> 9994.5918 | E25: =Субсидии!BE397 -> 9994.5918 | F25: =Субсидии!BE397 -> 9994.5918 | H25: =Субсидии!BF397 -> 9994.5918 | I25: =H25/E25*100 -> 100
A26: 2.14. | B26: Субсидия бюджетам муниципальных районов и городских округов области на поддержку отрасли культуры (приобретение музыкальных инструментов, оборудования и материалов для детских школ искусств по видам искусств и профессиональных образовательных организаций) | C26: 000 0703 551A155199 523 | D26: =Субсидии!BH397 -> 37500 | E26: =Субсидии!BI397 -> 34056.122 | F26: =Субсидии!BI397 -> 34056.122 | H26: =Субсидии!BJ397 -> 34056.122 | I26: =H26/E26*100 -> 100
A27: 2.15. | B27: Субсидия бюджетам муниципальных районов области на обеспечение деятельности муниципальных бизнес-инкубаторов | C27: 000 0412 5830571100 521 | D27: =Субсидии!BL397 -> 6200 | E27: =Субсидии!BM397 -> 7113.5 | F27: =Субсидии!BM397 -> 7113.5 | H27: =Субсидии!BN397 -> 5335.125 | I27: =H27/E27*100 -> 75
A28: 2.16. | B28: Субсидия бюджетам городских округов, городских и сельских поселений области на реализацию инициативных проектов 4 | C28: 000 0113 6610172100 523 | D28: =Субсидии!BP397 -> 140000 | E28: =Субсидии!BQ397 -> 169999.96 | F28: =Субсидии!BQ397 -> 169999.96 | H28: =Субсидии!BR397 -> 61383.877 | I28: =H28/E28*100 -> 36.108171
A29: 2.17. | B29: Субсидия бюджетам городских округов и поселений области на поддержку муниципальных программ формирования современной городской среды | C29: 000 0503 691F255550 523 | D29: =Субсидии!BT397 -> 636797.55 | E29: =Субсидии!BU397 -> 636797.55 | F29: =Субсидии!BU397 -> 636797.55 | H29: =Субсидии!BV397 -> 550652.4 | I29: =H29/E29*100 -> 86.47213
A30: 2.18. | B30: Субсидия бюджетам муниципальных районов и городских округов области на обеспечение сохранения достигнутых показателей повышения оплаты труда отдельных категорий работников бюджетной сферы | C30: 000 1403 6630172500 521 | D30: =Субсидии!BX397 -> 1776830.8 | E30: =Субсидии!BY397 -> 2494693.4 | F30: =Субсидии!BY397 -> 2494693.4 | H30: =Субсидии!BZ397 -> 1590313.7 | I30: =H30/E30*100 -> 63.74786
A31: 2.19. | B31: Субсидия бюджетам муниципальных районов области на развитие сети учреждений культурно-досугового типа (создание и модернизация учреждений культурно-досугового типа в сельской местности) | C31: 000 0801 551A155131 523 | D31: =Субсидии!CB397 -> 126236.63 | E31: =Субсидии!CC397 -> 126236.63 | F31: =Субсидии!CC397 -> 126236.63 | H31: =Субсидии!CD397 -> 100529.8 | I31: =H31/E31*100 -> 79.635999
A32: 2.20. | B32: Субсидия бюджетам муниципальных районов и городских округов области на обеспечение условий для создания центров образования цифрового и гуманитарного профилей в части расходов на оплату труда с начислениями | C32: 000 0702 511E172132 521 | D32: =Субсидии!CF397 -> 189041.2 | E32: =Субсидии!CG397 -> 224050.4 | F32: =Субсидии!CG397 -> 224050.4 | H32: =Субсидии!CH397 -> 136590.35 | I32: =H32/E32*100 -> 60.964119
A33: 2.21. | B33: Субсидия бюджетам муниципальных районов и городских округов области на обеспечение условий для создания центров образования цифрового и гуманитарного профилей за исключением расходов на оплату труда с начислениями | C33: 000 0702 511E172131 521 | D33: =Субсидии!CJ397 -> 29960 | E33: =Субсидии!CK397 -> 29960 | F33: =Субсидии!CK397 -> 29960 | H33: =Субсидии!CL397 -> 6501.178 | I33: =H33/E33*100 -> 21.699526
A34: 2.22. | B34: Субсидия бюджетам городских округов и поселений области на реализацию мероприятий по строительству и реконструкции (модернизации) объектов питьевого водоснабжения | C34: 000 0502 531F552430 522 | D34: =Субсидии!CN397 -> 519113.2 | E34: =Субсидии!CO397 -> 547407.4 | F34: =Субсидии!CO397 -> 547407.4 | H34: =Субсидии!CP397 -> 237453.53 | I34: =H34/E34*100 -> 43.377844
A35: 2.23. | B35: Субсидия бюджетам муниципальных районов, городских округов и поселений области на обустройство и восстановление воинских захоронений, находящихся в государственной (муниципальной) собственности | C35: 000 0503 66103R2990 521 | D35: =Субсидии!CR397 -> 6247.5281 | E35: =Субсидии!CS397 -> 6247.5281 | F35: =Субсидии!CS397 -> 6247.5281 | H35: =Субсидии!CT397 -> 6247.5281 | I35: =H35/E35*100 -> 100
A36: 2.24. | B36: Субсидия бюджетам городских округов области на осуществление дорожной деятельности в отношении автомобильных дорог общего пользования местного значения Саратовской агломерации в границах городских округов области | C36: 000 0409 601R17191D 523 | D36: =Субсидии!CV397 -> 746000 | E36: =Субсидии!CW397 -> 746000 | F36: =Субсидии!CW397 -> 746000 | H36: =Субсидии!CX397 -> 480378.19 | I36: =H36/E36*100 -> 64.393859
A37: 2.25. | B37: Субсидия бюджетам поселений области на осуществление дорожной деятельности в отношении автомобильных дорог общего пользования местного значения в границах населенных пунктов сельских поселений | C37: 000 0409 603027193D 521 | D37: =Субсидии!CZ397 -> 1406205 | E37: =Субсидии!DA397 -> 1406205 | F37: =Субсидии!DA397 -> 1406205 | H37: =Субсидии!DB397 -> 1321643.2 | I37: =H37/E37*100 -> 93.986525
A38: 2.26. | B38: Субсидия бюджетам муниципальных районов и поселений области на развитие транспортной инфраструктуры на сельских территориях | C38: 000 0409 70105R3721 523 000 0409 70105R3722 523 000 0409 70105R3723 523 000 0409 70105R3724 523 000 0409 70105R3725 523 | D38: =Субсидии!DD397 -> 682685.88 | E38: =Субсидии!DE397 -> 682685.88 | F38: =Субсидии!DE397 -> 682685.88 | H38: =Субсидии!DF397 -> 654220.12 | I38: =H38/E38*100 -> 95.830328
A39: 2.27. | B39: Субсидия бюджетам поселений области на обустройство объектами инженерной инфраструктуры и благоустройство площадок, расположенных на сельских территориях, под компактную жилищную застройку | C39: 000 0505 70101R5762 522 | D39: =Субсидии!DH397 -> 65117 | E39: =Субсидии!DI397 -> 65117 | F39: =Субсидии!DI397 -> 65117 | H39: =Субсидии!DJ397 -> 65117 | I39: =H39/E39*100 -> 100
A40: 2.28. | B40: Субсидия бюджетам поселений области на реализацию мероприятий по благоустройству сельских территорий 3 | C40: 000 0503 70103R5766 521 | D40: =Субсидии!DL397 -> 0 | E40: =Субсидии!DM397 -> 73044.2 | F40: =Субсидии!DM397 -> 73044.2 | H40: =Субсидии!DN397 -> 58799.64 | I40: =H40/E40*100 -> 80.498712
A41: 2.29. | B41: Субсидия бюджетам муниципальных районов и городских округов области на обеспечение условий для внедрения цифровой образовательной среды в общеобразовательных организациях | C41: 000 0702 511E4А2131 521 | D41: =Субсидии!DP397 -> 13774.1 | E41: =Субсидии!DQ397 -> 13774.1 | F41: =Субсидии!DQ397 -> 13774.1 | H41: =Субсидии!DR397 -> 5272.7235 | I41: =H41/E41*100 -> 38.279985
A42: 2.30. | B42: Субсидия бюджетам муниципальных районов области на обеспечение функционирования центров цифрового образования детей «IT-куб» (в рамках достижения соответствующих задач федерального проекта) в части расходов на оплату труда с начислениями | C42: 000 0703 511E4А2133 521 | D42: =Субсидии!DT397 -> 40891.9 | E42: =Субсидии!DU397 -> 40891.9 | F42: =Субсидии!DU397 -> 40891.9 | H42: =Субсидии!DV397 -> 18757.044 | I42: =H42/E42*100 -> 45.869828
A43: 2.31. | B43: Субсидия бюджетам муниципальных районов области на обеспечение функционирования центров цифрового образования детей «IT-куб» (в рамках достижения соответствующих задач федерального проекта) за исключением расходов на оплату труда с начислениями | C43: 000 0703 511E4А2132 521 | D43: =Субсидии!DX397 -> 12341.3 | E43: =Субсидии!DY397 -> 12341.3 | F43: =Субсидии!DY397 -> 12341.3 | H43: =Субсидии!DZ397 -> 2590.7341 | I43: =H43/E43*100 -> 20.992392
A44: 2.32. | B44: Субсидия бюджетам муниципальных районов и городских округов области на организацию бесплатного горячего питания обучающихся, получающих начальное общее образование в муниципальных образовательных организациях | C44: 000 0702 51303R3040 521 | D44: =Субсидии!EB397 -> 1147593.8 | E44: =Субсидии!EC397 -> 1147593.8 | F44: =Субсидии!EC397 -> 1147593.8 | H44: =Субсидии!ED397 -> 657426.91 | I44: =H44/E44*100 -> 57.287423
A45: 2.33. | B45: Субсидия бюджетам поселений области поселений области на осуществление дорожной деятельности в отношении автомобильных дорог общего пользования местного значения Саратовской агломерации в границах городских поселений области | C45: 000 0409 5601R17192D 521 | D45: =Субсидии!EF397 -> 200000 | E45: =Субсидии!EG397 -> 200000 | F45: =Субсидии!EG397 -> 200000 | H45: =Субсидии!EH397 -> 179262.65 | I45: =H45/E45*100 -> 89.631327
A46: 2.34. | B46: Субсидия бюджетам муниципальных районов и городских округов области на обеспечение условий для функционирования центров образования естественно-научной и технологической направленностей в общеобразовательных организациях (в рамках достижения соответствующих задач федерального проекта) в части расходов на оплату труда с начислениями | C46: 000 0702 511E1А1722 521 | D46: =Субсидии!EJ397 -> 384678.4 | E46: =Субсидии!EK397 -> 418132.1 | F46: =Субсидии!EK397 -> 418132.1 | H46: =Субсидии!EL397 -> 227554.38 | I46: =H46/E46*100 -> 54.421649
A47: 2.35. | B47: Субсидия бюджетам муниципальных районов и городских округов области на обеспечение условий для функционирования центров образования естественно-научной и технологической направленностей в общеобразовательных организациях(в рамках достижения соответствующих задач федерального проекта) за исключением расходов на оплату труда с начислениями | C47: 000 0702 511E1А1721 521 | D47: =Субсидии!EN397 -> 64841.4 | E47: =Субсидии!EO397 -> 64841.4 | F47: =Субсидии!EO397 -> 64841.4 | H47: =Субсидии!EP397 -> 12487.462 | I47: =H47/E47*100 -> 19.258471
A48: 2.36. | B48: Субсидия бюджетам муниципальных районов и городских округов области на проведение капитального и текущего ремонта муниципальных дошкольных образовательных организациях | C48: 000 0701 5110172110 521 | D48: =Субсидии!ER397 -> 369377.6 | E48: =Субсидии!ES397 -> 317448.8 | F48: =Субсидии!ES397 -> 317448.8 | H48: =Субсидии!ET397 -> 304849.3 | I48: =H48/E48*100 -> 96.031014
A49: 2.37. | B49: Субсидия бюджетам муниципальных районов и городских округов области на проведение капитального и текущего ремонта муниципальных общеобразовательных организациях | C49: 000 0702 5110172110 521 | D49: =Субсидии!EV397 -> 291840 | E49: =Субсидии!EW397 -> 411428.04 | F49: =Субсидии!EW397 -> 411428.04 | H49: =Субсидии!EX397 -> 340152.86 | I49: =H49/E49*100 -> 82.676149
A50: 2.38. | B50: Субсидия бюджетам муниципальных районов и городских округов области на проведение капитального и текущего ремонта в учреждениях дополнительного образования детей | C50: 000 0703 5110172110 521 | D50: =Субсидии!EZ397 -> 67200 | E50: =Субсидии!FA397 -> 67154.769 | F50: =Субсидии!FA397 -> 67154.769 | H50: =Субсидии!FB397 -> 66646.075 | I50: =H50/E50*100 -> 99.242505
A51: 2.39. | B51: Субсидия бюджетам муниципальных районов области на обеспечение условий для функционирования детских технопарков «Кванториум» в общеобразовательных организациях (в рамках достижения соответствующих задач федерального проекта) в части расходов на оплату труда с начислениями | C51: 000 0702 5511E1А1727 521 | D51: =Субсидии!FD397 -> 18921.4 | E51: =Субсидии!FE397 -> 18948.9 | F51: =Субсидии!FE397 -> 18948.9 | H51: =Субсидии!FF397 -> 8400 | I51: =H51/E51*100 -> 44.32975
A52: 2.40. | B52: Субсидия бюджетам муниципальных районов области на обеспечение условий для функционирования детских технопарков «Кванториум» в общеобразовательных организациях (в рамках достижения соответствующих задач федерального проекта) за исключением расходов на оплату труда с начислениями | C52: 000 0702 511E1А1726 521 | D52: =Субсидии!FH397 -> 13017.5 | E52: =Субсидии!FI397 -> 13017.5 | F52: =Субсидии!FI397 -> 13017.5 | H52: =Субсидии!FJ397 -> 7151.325 | I52: =H52/E52*100 -> 54.93624
A53: 2.41. | B53: Субсидия бюджетам муниципальных районов, городских округов и поселений области на поддержку творческой деятельности и техническое оснащение детских и кукольных театров, расположенных на территории Саратовской области | C53: 000 0801 55101R5170 521 | D53: =Субсидии!FL397 -> 7785.3225 | E53: =Субсидии!FM397 -> 7785.3225 | F53: =Субсидии!FM397 -> 7785.3225 | H53: =Субсидии!FN397 -> 7785.3225 | I53: =H53/E53*100 -> 100
A54: 2.42. | B54: Субсидия бюджетам муниципальных районов и городских округов области на проведение комплексных кадастровых работ | C54: 000 0412 58101R5110 521 | D54: =Субсидии!FP397 -> 21835.8 | E54: =Субсидии!FQ397 -> 21835.8 | F54: =Субсидии!FQ397 -> 21835.8 | H54: =Субсидии!FR397 -> 0 | I54: =H54/E54*100 -> 0
A55: 2.43. | B55: Субсидия бюджетам поселений области на ремонт и развитие водопроводной сети | C55: 000 0502 5310272920 523 | D55: =Субсидии!FT397 -> 0 | E55: =Субсидии!FU397 -> 211021 | F55: =Субсидии!FU397 -> 211021 | H55: =Субсидии!FV397 -> 138232.92 | I55: =H55/E55*100 -> 65.506713
A56: 2.44. | B56: Субсидия бюджетам муниципальных районов и городских округов области на модернизацию школьных систем образования | C56: 000 0702 51101R7500 521 | D56: =Субсидии!FX397 -> 0 | E56: =Субсидии!FY397 -> 695124 | F56: =Субсидии!FY397 -> 695124 | H56: =Субсидии!FZ397 -> 543285.26 | I56: =H56/E56*100 -> 78.156597
A57: 2.45. | B57: Субсидия бюджетам муниципальных районов и городских округов области на модернизацию школьных систем образования (объекты, планируемые к реализации в рамках двух финансовых лет) | C57: 000 0702 51101R7501 521 | D57: =Субсидии!GB397 -> 82210.909 | E57: =Субсидии!GC397 -> 82210.909 | F57: =Субсидии!GC397 -> 82210.909 | H57: =Субсидии!GD397 -> 34926.08 | I57: =H57/E57*100 -> 42.483511
A58: 2.46. | B58: Субсидия бюджетам муниципальных районов и городских округов области на обеспечение условий для реализации мероприятий по модернизации школьных систем образования | C58: 000 0702 51101А7500 521 | D58: =Субсидии!GF397 -> 0 | E58: =Субсидии!GG397 -> 69024.78 | F58: =Субсидии!GG397 -> 69024.78 | H58: =Субсидии!GH397 -> 51323.482 | I58: =H58/E58*100 -> 74.355155
A59: 2.47. | B59: Субсидия бюджетам муниципальных районов, городских округов и поселений области на обеспечение мероприятий по переселению граждан из аварийного жилищного фонда, в том числе переселению граждан из аварийного жилищного фонда с учетом необходимости развития малоэтажного жилищного строительства (ППК «Фонд развития территорий») | C59: 000 0501 531F367483 523 | D59: =Субсидии!GJ397 -> 0 | E59: =Субсидии!GK397 -> 1084684.4 | F59: =Субсидии!GK397 -> 1084684.4 | H59: =Субсидии!GL397 -> 782301.38 | I59: =H59/E59*100 -> 72.122485
A60: 2.48. | B60: Субсидия бюджетам муниципальных районов, городских округов и поселений области на обеспечение мероприятий по переселению граждан из аварийного жилищного фонда, в том числе переселению граждан из аварийного жилищного фонда с учетом необходимости развития малоэтажного жилищного строительства (за счет средств областного бюджета) | C60: 000 0501 531F367484 523 | D60: =Субсидии!GN397 -> 1262267.8 | E60: =Субсидии!GO397 -> 1337892.5 | F60: =Субсидии!GO397 -> 1337892.5 | H60: =Субсидии!GP397 -> 929415.39 | I60: =H60/E60*100 -> 69.468613
A61: 2.49. | B61: Субсидия бюджетам поселений области на выполнение мероприятий по ремонту автомобильных дорог общего пользования местного значения в границах городских поселений области за счет средств областного дорожного фонда | C61: 000 0409 601027196D 521 | D61: =Субсидии!GR397 -> 0 | E61: =Субсидии!GS397 -> 270000 | F61: =Субсидии!GS397 -> 270000 | H61: =Субсидии!GT397 -> 264393.71 | I61: =H61/E61*100 -> 97.923597
A62: 2.50. | B62: Субсидия бюджетам поселений на ликвидацию несанкционированных свалок в границах городов и наиболее опасных объектов накопленного вреда окружающей среде | C62: 000 0605 621G152420 521 | D62: =Субсидии!GV397 -> 5270.45 | E62: =Субсидии!GW397 -> 4801.4438 | F62: =Субсидии!GW397 -> 4801.4438 | H62: =Субсидии!GX397 -> 0 | I62: =H62/E62*100 -> 0
A63: 2.51. | B63: Субсидия бюджетам муниципальных районов и поселений области на создание, реконструкцию (модернизацию), капитальный ремонт объектов социальной и культурной сферы | C63: 000 1403 70104R5767 523 | D63: =Субсидии!GZ397 -> 0 | E63: =Субсидии!HA397 -> 384131.46 | F63: =Субсидии!HA397 -> 384131.46 | H63: =Субсидии!HB397 -> 131453.33 | I63: =H63/E63*100 -> 34.220922
A64: 2.52. | B64: Субсидия бюджетам городских округов области на приведение в нормативное состояние автомобильных дорог местного значения и искусственных дорожных сооружений на них в границах городских округов области | C64: 000 0409 601R153946 523 | D64: =Субсидии!HD397 -> 379130.41 | E64: =Субсидии!HE397 -> 379130.41 | F64: =Субсидии!HE397 -> 379130.41 | H64: =Субсидии!HF397 -> 329579.53 | I64: =H64/E64*100 -> 86.930386
A65: 2.53. | B65: Субсидия бюджетам муниципальных районов и городских округов области на проведение капитального и текущего ремонта спортивных залов муниципальных образовательных организаций | C65: 000 0702 5110172120 521 | D65: =Субсидии!HH397 -> 93000 | E65: =Субсидии!HI397 -> 95773.164 | F65: =Субсидии!HI397 -> 95773.164 | H65: =Субсидии!HJ397 -> 92757.053 | I65: =H65/E65*100 -> 96.850777
A66: 2.54. | B66: Субсидия бюджетам муниципальных районов и городских округов области на оснащение (обновление материально-технической базы) оборудованием, средствами обучения и воспитания общеобразовательных организаций, в том числе осуществляющих образовательную деятельность по адаптированным основным общеобразовательным программам | C66: 000 0702 511E151720 521 | D66: =Субсидии!HL397 -> 143711.2 | E66: =Субсидии!HM397 -> 143711.2 | F66: =Субсидии!HM397 -> 143711.2 | H66: =Субсидии!HN397 -> 87433.747 | I66: =H66/E66*100 -> 60.839898
A67: 2.55. | B67: Субсидия бюджетам муниципальных районов и городских округов области на оснащение (обновление материально-технической базы) оборудованием, средствами обучения и воспитания образовательных организаций различных типов для реализации дополнительных общеразвивающих программ, для создания информационных систем в образовательных организациях | C67: 000 0703 511E251710 523 | D67: =Субсидии!HP397 -> 2523.1 | E67: =Субсидии!HQ397 -> 2523.1 | F67: =Субсидии!HQ397 -> 2523.1 | H67: =Субсидии!HR397 -> 2304.6144 | I67: =H67/E67*100 -> 91.340587
A68: 2.56. | B68: Субсидия бюджетам муниципальных районов и городских округов области на обновление материально-технической базы образовательных организаций для внедрения цифровой образовательной среды и развития цифровых навыков обучающихся в общеобразовательных организациях | C68: 000 0702 511E452130 521 | D68: =Субсидии!HT397 -> 121750.8 | E68: =Субсидии!HU397 -> 121750.8 | F68: =Субсидии!HU397 -> 121750.8 | H68: =Субсидии!HV397 -> 95192.076 | I68: =H68/E68*100 -> 78.185996
A69: 2.57. | B69: Субсидия бюджетам муниципальных районов и городских округов области на обновление материально-технической базы образовательных организаций для внедрения цифровой образовательной среды и развития цифровых навыков обучающихся в организациях дополнительного образования детей | C69: 000 0703 511E452130 521 | D69: =Субсидии!HX397 -> 20687.3 | E69: =Субсидии!HY397 -> 20687.3 | F69: =Субсидии!HY397 -> 20687.3 | H69: =Субсидии!HZ397 -> 15654.502 | I69: =H69/E69*100 -> 75.672043
A70: 2.58. | B70: Субсидия бюджетам муниципальных районов и поселений области на реконструкцию и капитальный ремонт региональных и муниципальных музеев | C70: 000 0801 551A155970 523 | D70: =Субсидии!IB397 -> 22967.753 | E70: =Субсидии!IC397 -> 22967.753 | F70: =Субсидии!IC397 -> 22967.753 | H70: =Субсидии!ID397 -> 22967.753 | I70: =H70/E70*100 -> 100
A71: 2.59. | B71: Субсидия бюджетам городских округов области на государственную поддержку в целях обеспечения реализации инфраструктурных проектов, направленных на комплексное развитие городского наземного электрического транспорта и автомобильного транспорта общего пользования, выполнение работ по освещению и благоустройству территорий, а также на закупку автобусов, приводимых в движение электрической энергией от батареи, заряжаемой от внешнего источника (электробусов), и объектов зарядной инфраструктуры для них (реконструкция тяговых подстанций в г. Саратове Саратовской области) | C71: 000 0408 601R754013 523 | D71: =Субсидии!IF397 -> 148429.08 | E71: =Субсидии!IG397 -> 148429.08 | F71: =Субсидии!IG397 -> 148429.08 | H71: =Субсидии!IH397 -> 148429.08 | I71: =H71/E71*100 -> 100
A72: 2.60. | B72: Субсидия бюджетам городских округов области на создание новых мест в общеобразовательных организациях (в целях опережающего финансового обеспечения расходных обязательств области) | C72: 000 0702 511E1А5200 523 | D72: =Субсидии!IJ397 -> 0 | E72: =Субсидии!IK397 -> 71862.717 | F72: =Субсидии!IK397 -> 71862.717 | H72: =Субсидии!IL397 -> 69556.115 | I72: =H72/E72*100 -> 96.790266
A73: 2.61. | B73: Субсидия бюджетам городских округов области на развитие и увеличение пропускной способности сети автомобильных дорог общего пользования местного значения | C73: 000 0409 601027190D 523 | D73: =Субсидии!IN397 -> 0 | E73: =Субсидии!IO397 -> 83582.402 | F73: =Субсидии!IO397 -> 83582.402 | H73: =Субсидии!IP397 -> 24825.015 | I73: =H73/E73*100 -> 29.701247
A74: 2.62. | B74: Субсидия бюджетам муниципальных районов и поселений области на строительство (приобретение) жилого помещения (жилого дома) на сельских территориях, территориях опорных населенных пунктов, предоставляемого гражданам Российской Федерации, проживающим на сельских территориях, территориях опорных населенных пунктов, по договору найма жилого помещения | C74: 000 0501 70101R5769 522 | D74: =Субсидии!IR397 -> 0 | E74: =Субсидии!IS397 -> 157259.67 | F74: =Субсидии!IS397 -> 157259.67 | H74: =Субсидии!IT397 -> 49044.111 | I74: =H74/E74*100 -> 31.186706
A75: 2.63. | B75: Субсидия бюджетам городских округов области на государственную поддержку в целях обеспечения реализации инфраструктурных проектов, направленных на комплексное развитие городского наземного электрического транспорта и автомобильного транспорта общего пользования, выполнение работ по освещению и благоустройству территорий, а также на закупку автобусов, приводимых в движение электрической энергией от батареи, заряжаемой от внешнего источника (электробусов), и объектов зарядной инфраструктуры для них (реконструкция трамвайных путей в г. Саратове Саратовской области) | C75: 000 0408 601R754014 523 | D75: =Субсидии!IV397 -> 1775236 | E75: =Субсидии!IW397 -> 1775236 | F75: =Субсидии!IW397 -> 1775236 | H75: =Субсидии!IX397 -> 1775236 | I75: =H75/E75*100 -> 100
A76: 2.64. | B76: Субсидия бюджетам городских округов области на государственную поддержку в целях обеспечения реализации инфраструктурных проектов, направленных на комплексное развитие городского наземного электрического транспорта и автомобильного транспорта общего пользования, выполнение работ по освещению и благоустройству территорий, а также на закупку автобусов, приводимых в движение электрической энергией от батареи, заряжаемой от внешнего источника (электробусов), и объектов зарядной инфраструктуры для них (реконструкция смешанного путепровода через железнодорожные пути, входящего в транспортную развязку «стрелка» в г. Саратове Саратовской области) | C76: 000 0408 601R754015 523 | D76: =Субсидии!IZ397 -> 337440.61 | E76: =Субсидии!JA397 -> 337440.61 | F76: =Субсидии!JA397 -> 337440.61 | H76: =Субсидии!JB397 -> 0 | I76: =H76/E76*100 -> 0
A77: 2.65. | B77: Субсидия бюджетам муниципальных районов и поселений области на подготовку проектов межевания земельных участков и на проведение кадастровых работ | C77: 000 0405 57105R5990 523 | D77: =Субсидии!JD397 -> 0 | E77: =Субсидии!JE397 -> 23650.787 | F77: =Субсидии!JE397 -> 23650.787 | H77: =Субсидии!JF397 -> 827.063 | I77: =H77/E77*100 -> 3.4969788
A78: 2.66. | B78: Субсидия бюджетам городских округов и поселений области на реализацию регионального проекта (программы) в целях выполнения задач федерального проекта «Жилье» (стимулирование программ развития жилищного строительства субъектов Российской Федерации ) | C78: 000 1403 531F150210 523 | D78: =Субсидии!JH397 -> 470189 | E78: =Субсидии!JI397 -> 470189.02 | F78: =Субсидии!JI397 -> 470189.02 | H78: =Субсидии!JJ397 -> 313802.46 | I78: =H78/E78*100 -> 66.73964
A79: 2.67. | B79: Субсидия бюджетам городских округов области на капитальный ремонт и ремонт автомобильных дорог местного значения и искусственных сооружений на них в границах городских округов области, входящих в состав Саратовской агломерации | C79: 000 0409 601027198D 521 | D79: =Субсидии!JL392 -> 0 | E79: =Субсидии!JM392 -> 85974.967 | F79: =Субсидии!JM392 -> 85974.967 | H79: =Субсидии!JN392 -> 21545.469 | I79: =H79/E79*100 -> 25.060166
A80: 2.68. | B80: Субсидия бюджетам поселений области на финансовое обеспечение расходов по реализации проектов создания комфортной городской среды в малых городах и исторических поселениях в рамках проведения всероссийского конкурса лучших проектов создания комфортной городской среды | C80: 000 0503 691F254240 523 | D80: =Субсидии!JP397 -> 199405.06 | E80: =Субсидии!JQ397 -> 199405.06 | F80: =Субсидии!JQ397 -> 199405.06 | H80: =Субсидии!JR397 -> 199405.06 | I80: =H80/E80*100 -> 100
A81: 2.69. | B81: Субсидия бюджетам городских округов на строительство (реконструкцию, в том числе с элементами реставрации, техническое перевооружение) объектов государственной (муниципальной) собственности Саратовской области | C81: 000 1403 62101R1131 522 | D81: =Субсидии!JT397 -> 1441729.7 | E81: =Субсидии!JU397 -> 0 | F81: =Субсидии!JU397 -> 0 | H81: =Субсидии!JV397 -> 0
A82: 2.70. | B82: Субсидия бюджетам муниципальных районов, городских округов и поселений области на достижение показателей государственной программы Российской Федерации «Развитие туризма» (государственная поддержка на реализацию региональных программ по развитию общественной территории муниципального образования, в том числе мероприятий (результатов) по обустройству туристского центра города на территории муниципального образования в соответствии с туристским кодом центра города) | C82: 000 0412 561J155583 521 | D82: =Субсидии!JX397 -> 0 | E82: =Субсидии!JY397 -> 40816.327 | F82: =Субсидии!JY397 -> 40816.327 | H82: =Субсидии!JZ397 -> 0 | I82: =H82/E82*100 -> 0
A83: 2.71. | B83: Субсидия бюджетам муниципальных районов области на создание модельных муниципальных библиотек | C83: 000 0801 551A154540 521 | D83: =Субсидии!KB397 -> 15000 | E83: =Субсидии!KC397 -> 15000 | F83: =Субсидии!KC397 -> 15000 | H83: =Субсидии!KD397 -> 15000 | I83: =H83/E83*100 -> 100
A84: 2.72. | B84: Субсидия бюджетам муниципальных районов и городских округов области на создание виртуальных концертных залов | C84: 000 0801 551A354530 521 | D84: =Субсидии!KF397 -> 2244.9072 | E84: =Субсидии!KG397 -> 2244.9072 | F84: =Субсидии!KG397 -> 2244.9072 | H84: =Субсидии!KH397 -> 2244.9072 | I84: =H84/E84*100 -> 100
A85: 2.73. | B85: Субсидия бюджетам муниципальных районов области на создание школ креативных индустрий | C85: 000 0801 55104R3530 521 | D85: =Субсидии!KJ397 -> 61697.416 | E85: =Субсидии!KK397 -> 61697.416 | F85: =Субсидии!KK397 -> 61697.416 | H85: =Субсидии!KL397 -> 61697.416 | I85: =H85/E85*100 -> 100
A86: 2.74. | B86: Субсидия бюджетам муниципальных районов и городских округов области на обеспечение условий для оснащения образовательных организаций, реализующих основные общеобразовательные программы, за исключением образовательных программ дошкольного образования, образовательные программы среднего профессионального образования и дополнительные образовательные программы, оборудованием для реализации образовательных процессов по разработке, производству и эксплуатации беспилотных авиационных систем | C86: 000 0702 511Y4А0470 521 | D86: =Субсидии!KN397 -> 0 | E86: =Субсидии!KO397 -> 7500 | F86: =Субсидии!KO397 -> 7500 | H86: =Субсидии!KP397 -> 6543.2479 | I86: =H86/E86*100 -> 87.243306
A87: 2.75. | B87: Субсидия бюджетам поселений области на реализацию программы комплексного развития молодежной политики в регионах Российской Федерации «Регион для молодых» | C87: 000 0707 561EГ51160 521 | D87: =Субсидии!KR397 -> 0 | E87: =Субсидии!KS397 -> 79579.7 | F87: =Субсидии!KS397 -> 79579.7 | H87: =Субсидии!KT397 -> 73478.648 | I87: =H87/E87*100 -> 92.333406
A88: 2.76. | B88: Субсидия бюджетам поселений области на реализацию практик поддержки добровольчества (волонтерства) по итогам проведения ежегодного Всероссийского конкурса лучших региональных практик поддержки и развития добровольчества (волонтерства) «Регион добрых дел» | C88: 000 0707 561E854121 521 | D88: =Субсидии!KV397 -> 0 | E88: =Субсидии!KW397 -> 1194 | F88: =Субсидии!KW397 -> 1194 | H88: =Субсидии!KX397 -> 1194 | I88: =H88/E88*100 -> 100
A89: 2.77. | B89: Субсидия бюджетам муниципальных районов и городских округов области на создание современной инфраструктуры для отдыха детей и их оздоровления путем возведения некапитальных строений, сооружений (быстровозводимых конструкций), а также при проведении капитального ремонта объектов инфраструктуры организаций отдыха детей и их оздоровления | C89: 000 0709 51101R4940 523 | D89: =Субсидии!KZ397 -> 0 | E89: =Субсидии!LA397 -> 106121.7 | F89: =Субсидии!LA397 -> 106121.7 | H89: =Субсидии!LB397 -> 103630.68 | I89: =H89/E89*100 -> 97.652679
A90: 2.78. | B90: Субсидия бюджетам городских поселений области на приведение в нормативное состояние автомобильных дорог общего пользования местного значения городских поселений области, входящих в состав Саратовской агломерации | C90: 000 0409 601027195D 521 | D90: =Субсидии!LD397 -> 0 | E90: =Субсидии!LE397 -> 150000 | F90: =Субсидии!LE397 -> 150000 | H90: =Субсидии!LF397 -> 131204.18 | I90: =H90/E90*100 -> 87.469452
A91: 2.79. | B91: Субсидия бюджетам городских поселений области на приведение в нормативное состояние улично-дорожной сети городских поселений области, включающих города | C91: 000 0409 601027186D 521 | D91: =Субсидии!LH397 -> 0 | E91: =Субсидии!LI397 -> 150000 | F91: =Субсидии!LI397 -> 150000 | H91: =Субсидии!LJ397 -> 93392.901 | I91: =H91/E91*100 -> 62.261934
A92: 2.80. | B92: Субсидия бюджетам городских округов области на создание новых мест в общеобразовательных организациях в связи с ростом числа обучающихся, вызванным демографическим фактором (в рамках достижения соответствующих задач федерального проекта) | C92: 000 0702 511E1А3050 523 | D92: =Субсидии!LL397 -> 0 | E92: =Субсидии!LM397 -> 251536.47 | F92: =Субсидии!LM397 -> 251536.47 | H92: =Субсидии!LN397 -> 237567.56 | I92: =H92/E92*100 -> 94.44657
A93: 2.81. | B93: Субсидия бюджетам городских округов и поселений области на реализацию мероприятий по благоустройству дворовых территорий в г. Саратове и г. Энгельсе Саратовской области за счет средств резервного фонда Правительства Российской Федерации | C93: 000 1403 69101RР970 523 | D93: =Субсидии!LP397 -> 0 | E93: =Субсидии!LQ397 -> 651515.15 | F93: =Субсидии!LQ397 -> 651515.15 | H93: =Субсидии!LR397 -> 189306.48 | I93: =H93/E93*100 -> 29.056343
A94: 3. | B94: Субвенции - всего | D94: =SUM(D95:D113) -> 25854973 | E94: =SUM(E95:E113) -> 28548966 | F94: =SUM(F95:F113) -> 28548966 | G94: =SUM(G95:G113) -> 0 | H94: =SUM(H95:H113) -> 21169881 | I94: =H94/E94*100 -> 74.152879
A95: 3.1. | B95: Субвенция бюджетам муниципальных районов и городских округов области на осуществление органами местного самоуправления государственных полномочий по частичному финансированию расходов на присмотр и уход за детьми дошкольного возраста в муниципальных образовательных организациях, реализующих основную общеобразовательную программу дошкольного образования | C95: 000 0701 5130276900 530 | D95: ='Субвенции '!H396 -> 67700.7 | E95: ='Субвенции '!I396 -> 41352 | F95: ='Субвенции '!I396 -> 41352 | H95: ='Субвенции '!J396 -> 27625.242 | I95: =H95/E95*100 -> 66.805093
A96: 3.2. | B96: Субвенция бюджетам муниципальных районов и городских округов области на осуществление органами местного самоуправления государственных полномочий по организации предоставления компенсации родительской платы и расходы по оплате услуг почтовой связи и банковских услуг, оказываемых банками, по выплате за присмотр и уход за детьми в образовательных организациях, реализующих основную общеобразовательную программу дошкольного образования | C96: 000 0709 5130277800 530 | D96: ='Субвенции '!L396 -> 23765.7 | E96: ='Субвенции '!M396 -> 23597.7 | F96: ='Субвенции '!M396 -> 23597.7 | H96: ='Субвенции '!N396 -> 16365.135 | I96: =H96/E96*100 -> 69.350551
A97: 3.3. | B97: Субвенция бюджетам муниципальных районов и городских округов области на осуществление органами местного самоуправления государственных полномочий по предоставлению компенсации родительской платы за присмотр и уход за детьми в образовательных организациях, реализующих основную общеобразовательную программу дошкольного образования | C97: 000 1004 5130277900 530 | D97: ='Субвенции '!P396 -> 651938.1 | E97: ='Субвенции '!Q396 -> 474515.1 | F97: ='Субвенции '!Q396 -> 474515.1 | H97: ='Субвенции '!R396 -> 357034.6 | I97: =H97/E97*100 -> 75.24199
A98: 3.4. | B98: Субвенция бюджетам муниципальных районов и городских округов области на финансовое обеспечение образовательной деятельности муниципальных дошкольных образовательных организаций | C98: 000 0701 5130276700 530 | D98: ='Субвенции '!T396 -> 5533608.9 | E98: ='Субвенции '!U396 -> 6309951.4 | F98: ='Субвенции '!U396 -> 6309951.4 | H98: ='Субвенции '!V396 -> 5045735.7 | I98: =H98/E98*100 -> 79.964732
A99: 3.5. | B99: Субвенция бюджетам муниципальных районов и городских округов области на осуществление органами местного самоуправления государственных полномочий по предоставлению питания отдельным категориям обучающихся в муниципальных образовательных организациях, реализующих образовательные программы начального общего, основного общего и среднего общего образования | C99: 000 0702 5130377200 530 | D99: ='Субвенции '!X396 -> 359013.3 | E99: ='Субвенции '!Y396 -> 359013.3 | F99: ='Субвенции '!Y396 -> 359013.3 | H99: ='Субвенции '!Z396 -> 162424.2 | I99: =H99/E99*100 -> 45.241833
A100: 3.6. | B100: Субвенция бюджетам муниципальных районов и городских округов области на осуществление органами местного самоуправления государственных полномочий по организации предоставления питания отдельным категориям обучающихся в муниципальных образовательных организациях, реализующих образовательные программы начального общего, основного общего и среднего общего образования, предоставлению компенсации стоимости горячего питания родителям (законным представителям) обучающихся по образовательным программам начального общего образования на дому детей-инвалидов и детей, нуждающихся в длительном лечении, которые по состоянию здоровья временно или постоянно не могут посещать образовательные организации, и частичному финансированию расходов на присмотр и уход за детьми дошкольного возраста в муниципальных образовательных организациях, реализующих образовательную программу дошкольного образования | C100: 000 0709 5130377300 530 | D100: ='Субвенции '!AB396 -> 24938.4 | E100: ='Субвенции '!AC396 -> 24711 | F100: ='Субвенции '!AC396 -> 24711 | H100: ='Субвенции '!AD396 -> 16316.118 | I100: =H100/E100*100 -> 66.027754
...

Sheet Всего (с выдел. нераспред)
A1: Сведения о предоставленных из бюджета Саратовской области межбюджетных трансфертах бюджетам муниципальных образований за 9 месяцев 2024 года
AD2: тыс.рублей
A3: Наименование муниципальных образований | B3: Всего | H3: в том числе
H4: Дотации | N4: Субсидии | T4: Субвенции | Z4: Иные межбюджетные трансферты
B6: первоначальные бюджетные назначения 1 | C6: уточненные бюджетные назначения | F6: исполнено | G6: % исполнения | H6: первоначальные бюджетные назначения 1 | I6: уточненные бюджетные назначения | L6: исполнено | M6: % исполнения | N6: первоначальные бюджетные назначения 1 | O6: уточненные бюджетные назначения | R6: исполнено | S6: % исполнения | T6: первоначальные бюджетные назначения 1 | U6: уточненные бюджетные назначения | X6: исполнено | Y6: % исполнения | Z6: первоначальные бюджетные назначения 1 | AA6: уточненные бюджетные назначения | AD6: исполнено | AE6: % исполнения
C7: Сводная бюджетная роспись | D7: на основании | I7: Сводная бюджетная роспись | J7: на основании | O7: Сводная бюджетная роспись | P7: на основании | U7: Сводная бюджетная роспись | V7: на основании | AA7: Сводная бюджетная роспись | AB7: на основании
D8: закона о бюджете 2 | E8: иных нормативных правовых актов | J8: закона о бюджете 2 | K8: иных нормативных правовых актов | P8: закона о бюджете 2 | Q8: иных нормативных правовых актов | V8: закона о бюджете 2 | W8: иных нормативных правовых актов | AB8: закона о бюджете 2 | AC8: иных нормативных правовых актов
A9: Муниципальные районы области (консолидированный) | B9: =H9+N9+T9+Z9 -> 30598776 | C9: =I9+O9+U9+AA9 -> 39573067 | D9: =J9+P9+V9+AB9 -> 39228827 | E9: =K9+Q9+W9+AC9 -> 344240.47 | F9: =L9+R9+X9+AD9 -> 28249042 | G9: =F9/C9*100 -> 71.384515 | H9: =H12+H16+H25+H39+H54+H59+H77+H83+H100+H105+H117+H126+H140+H153+H164+H177+H190+H204+H208+H220+H229+H236+H249+H262+H276+H284+H294+H305+H315+H324+H333+H343+H354+H363+H372+H385+H394 -> 4426017.1 | I9: =I12+I16+I25+I39+I54+I59+I77+I83+I100+I105+I117+I126+I140+I153+I164+I177+I190+I204+I208+I220+I229+I236+I249+I262+I276+I284+I294+I305+I315+I324+I333+I343+I354+I363+I372+I385+I394 -> 4419425.2 | J9: =J12+J16+J25+J39+J54+J59+J77+J83+J100+J105+J117+J126+J140+J153+J164+J177+J190+J204+J208+J220+J229+J236+J249+J262+J276+J284+J294+J305+J315+J324+J333+J343+J354+J363+J372+J385+J394 -> 4419425.2 | K9: =K12+K16+K25+K39+K54+K59+K77+K83+K100+K105+K117+K126+K140+K153+K164+K177+K190+K204+K208+K220+K229+K236+K249+K262+K276+K284+K294+K305+K315+K324+K333+K343+K354+K363+K372+K385+K394 -> 0 | L9: =L12+L16+L25+L39+L54+L59+L77+L83+L100+L105+L117+L126+L140+L153+L164+L177+L190+L204+L208+L220+L229+L236+L249+L262+L276+L284+L294+L305+L315+L324+L333+L343+L354+L363+L372+L385+L394 -> 3388103.1 | M9: =L9/I9*100 -> 76.663886 | N9: =N12+N16+N25+N39+N54+N59+N77+N83+N100+N105+N117+N126+N140+N153+N164+N177+N190+N204+N208+N220+N229+N236+N249+N262+N276+N284+N294+N305+N315+N324+N333+N343+N354+N363+N372+N385+N394 -> 8647154.6 | O9: =O12+O16+O25+O39+O54+O59+O77+O83+O100+O105+O117+O126+O140+O153+O164+O177+O190+O204+O208+O220+O229+O236+O249+O262+O276+O284+O294+O305+O315+O324+O333+O343+O354+O363+O372+O385+O394 -> 11600282 | P9: =P12+P16+P25+P39+P54+P59+P77+P83+P100+P105+P117+P126+P140+P153+P164+P177+P190+P204+P208+P220+P229+P236+P249+P262+P276+P284+P294+P305+P315+P324+P333+P343+P354+P363+P372+P385+P394 -> 11600282 | Q9: =Q12+Q16+Q25+Q39+Q54+Q59+Q77+Q83+Q100+Q105+Q117+Q126+Q140+Q153+Q164+Q177+Q190+Q204+Q208+Q220+Q229+Q236+Q249+Q262+Q276+Q284+Q294+Q305+Q315+Q324+Q333+Q343+Q354+Q363+Q372+Q385+Q394 -> 0 | R9: =R12+R16+R25+R39+R54+R59+R77+R83+R100+R105+R117+R126+R140+R153+R164+R177+R190+R204+R208+R220+R229+R236+R249+R262+R276+R284+R294+R305+R315+R324+R333+R343+R354+R363+R372+R385+R394 -> 8677264 | S9: =R9/O9*100 -> 74.802182 | T9: =T12+T16+T25+T39+T54+T59+T77+T83+T100+T105+T117+T126+T140+T153+T164+T177+T190+T204+T208+T220+T229+T236+T249+T262+T276+T284+T294+T305+T315+T324+T333+T343+T354+T363+T372+T385+T394 -> 17017078 | U9: =U12+U16+U25+U39+U54+U59+U77+U83+U100+U105+U117+U126+U140+U153+U164+U177+U190+U204+U208+U220+U229+U236+U249+U262+U276+U284+U294+U305+U315+U324+U333+U343+U354+U363+U372+U385+U394 -> 18966167 | V9: =V12+V16+V25+V39+V54+V59+V77+V83+V100+V105+V117+V126+V140+V153+V164+V177+V190+V204+V208+V220+V229+V236+V249+V262+V276+V284+V294+V305+V315+V324+V333+V343+V354+V363+V372+V385+V394 -> 18966167 | W9: =W12+W16+W25+W39+W54+W59+W77+W83+W100+W105+W117+W126+W140+W153+W164+W177+W190+W204+W208+W220+W229+W236+W249+W262+W276+W284+W294+W305+W315+W324+W333+W343+W354+W363+W372+W385+W394 -> 0 | X9: =X12+X16+X25+X39+X54+X59+X77+X83+X100+X105+X117+X126+X140+X153+X164+X177+X190+X204+X208+X220+X229+X236+X249+X262+X276+X284+X294+X305+X315+X324+X333+X343+X354+X363+X372+X385+X394 -> 13588367 | Y9: =X9/U9*100 -> 71.645299 | Z9: =Z12+Z16+Z25+Z39+Z54+Z59+Z77+Z83+Z100+Z105+Z117+Z126+Z140+Z153+Z164+Z177+Z190+Z204+Z208+Z220+Z229+Z236+Z249+Z262+Z276+Z284+Z294+Z305+Z315+Z324+Z333+Z343+Z354+Z363+Z372+Z385+Z394 -> 508526.4 | AA9: =AA12+AA16+AA25+AA39+AA54+AA59+AA77+AA83+AA100+AA105+AA117+AA126+AA140+AA153+AA164+AA177+AA190+AA204+AA208+AA220+AA229+AA236+AA249+AA262+AA276+AA284+AA294+AA305+AA315+AA324+AA333+AA343+AA354+AA363+AA372+AA385+AA394 -> 4587193.4 | AB9: =AB12+AB16+AB25+AB39+AB54+AB59+AB77+AB83+AB100+AB105+AB117+AB126+AB140+AB153+AB164+AB177+AB190+AB204+AB208+AB220+AB229+AB236+AB249+AB262+AB276+AB284+AB294+AB305+AB315+AB324+AB333+AB343+AB354+AB363+AB372+AB385+AB394 -> 4242953 | AC9: =AC12+AC16+AC25+AC39+AC54+AC59+AC77+AC83+AC100+AC105+AC117+AC126+AC140+AC153+AC164+AC177+AC190+AC204+AC208+AC220+AC229+AC236+AC249+AC262+AC276+AC284+AC294+AC305+AC315+AC324+AC333+AC343+AC354+AC363+AC372+AC385+AC394 -> 344240.47 | AD9: =AD12+AD16+AD25+AD39+AD54+AD59+AD77+AD83+AD100+AD105+AD117+AD126+AD140+AD153+AD164+AD177+AD190+AD204+AD208+AD220+AD229+AD236+AD249+AD262+AD276+AD284+AD294+AD305+AD315+AD324+AD333+AD343+AD354+AD363+AD372+AD385+AD394 -> 2595308.2 | AE9: =AD9/AA9*100 -> 56.577257
A10: Муниципальные районы области (собственный): | B10: =H10+N10+T10+Z10 -> 26845226 | C10: =I10+O10+U10+AA10 -> 31785971 | D10: =J10+P10+V10+AB10 -> 31666226 | E10: =K10+Q10+W10+AC10 -> 119744.77 | F10: =L10+R10+X10+AD10 -> 22533079 | G10: =F10/C10*100 -> 70.890014 | H10: =H13+H17+H26+H40+H55+H60+H78+H84+H101+H106+H118+H127+H141+H154+H165+H178+H191+H205+H209+H221+H230+H237+H250+H263+H277+H285+H295+H306+H316+H325+H334+H344+H355+H364+H373+H386+H395 -> 4426017.1 | I10: =I13+I17+I26+I40+I55+I60+I78+I84+I101+I106+I118+I127+I141+I154+I165+I178+I191+I205+I209+I221+I230+I237+I250+I263+I277+I285+I295+I306+I316+I325+I334+I344+I355+I364+I373+I386+I395 -> 4419425.2 | J10: =J13+J17+J26+J40+J55+J60+J78+J84+J101+J106+J118+J127+J141+J154+J165+J178+J191+J205+J209+J221+J230+J237+J250+J263+J277+J285+J295+J306+J316+J325+J334+J344+J355+J364+J373+J386+J395 -> 4419425.2 | K10: =K13+K17+K26+K40+K55+K60+K78+K84+K101+K106+K118+K127+K141+K154+K165+K178+K191+K205+K209+K221+K230+K237+K250+K263+K277+K285+K295+K306+K316+K325+K334+K344+K355+K364+K373+K386+K395 -> 0 | L10: =L13+L17+L26+L40+L55+L60+L78+L84+L101+L106+L118+L127+L141+L154+L165+L178+L191+L205+L209+L221+L230+L237+L250+L263+L277+L285+L295+L306+L316+L325+L334+L344+L355+L364+L373+L386+L395 -> 3388103.1 | M10: =L10/I10*100 -> 76.663886 | N10: =N13+N17+N26+N40+N55+N60+N78+N84+N101+N106+N118+N127+N141+N154+N165+N178+N191+N205+N209+N221+N230+N237+N250+N263+N277+N285+N295+N306+N316+N325+N334+N344+N355+N364+N373+N386+N395 -> 4961361.3 | O10: =O13+O17+O26+O40+O55+O60+O78+O84+O101+O106+O118+O127+O141+O154+O165+O178+O191+O205+O209+O221+O230+O237+O250+O263+O277+O285+O295+O306+O316+O325+O334+O344+O355+O364+O373+O386+O395 -> 6353956.6 | P10: =P13+P17+P26+P40+P55+P60+P78+P84+P101+P106+P118+P127+P141+P154+P165+P178+P191+P205+P209+P221+P230+P237+P250+P263+P277+P285+P295+P306+P316+P325+P334+P344+P355+P364+P373+P386+P395 -> 6353956.6 | Q10: =Q13+Q17+Q26+Q40+Q55+Q60+Q78+Q84+Q101+Q106+Q118+Q127+Q141+Q154+Q165+Q178+Q191+Q205+Q209+Q221+Q230+Q237+Q250+Q263+Q277+Q285+Q295+Q306+Q316+Q325+Q334+Q344+Q355+Q364+Q373+Q386+Q395 -> 0 | R10: =R13+R17+R26+R40+R55+R60+R78+R84+R101+R106+R118+R127+R141+R154+R165+R178+R191+R205+R209+R221+R230+R237+R250+R263+R277+R285+R295+R306+R316+R325+R334+R344+R355+R364+R373+R386+R395 -> 4436655.8 | S10: =R10/O10*100 -> 69.825089 | T10: =T13+T17+T26+T40+T55+T60+T78+T84+T101+T106+T118+T127+T141+T154+T165+T178+T191+T205+T209+T221+T230+T237+T250+T263+T277+T285+T295+T306+T316+T325+T334+T344+T355+T364+T373+T386+T395 -> 16949321 | U10: =U13+U17+U26+U40+U55+U60+U78+U84+U101+U106+U118+U127+U141+U154+U165+U178+U191+U205+U209+U221+U230+U237+U250+U263+U277+U285+U295+U306+U316+U325+U334+U344+U355+U364+U373+U386+U395 -> 18898320 | V10: =V13+V17+V26+V40+V55+V60+V78+V84+V101+V106+V118+V127+V141+V154+V165+V178+V191+V205+V209+V221+V230+V237+V250+V263+V277+V285+V295+V306+V316+V325+V334+V344+V355+V364+V373+V386+V395 -> 18898320 | W10: =W13+W17+W26+W40+W55+W60+W78+W84+W101+W106+W118+W127+W141+W154+W165+W178+W191+W205+W209+W221+W230+W237+W250+W263+W277+W285+W295+W306+W316+W325+W334+W344+W355+W364+W373+W386+W395 -> 0 | X10: =X13+X17+X26+X40+X55+X60+X78+X84+X101+X106+X118+X127+X141+X154+X165+X178+X191+X205+X209+X221+X230+X237+X250+X263+X277+X285+X295+X306+X316+X325+X334+X344+X355+X364+X373+X386+X395 -> 13546366 | Y10: =X10/U10*100 -> 71.680269 | Z10: =Z13+Z17+Z26+Z40+Z55+Z60+Z78+Z84+Z101+Z106+Z118+Z127+Z141+Z154+Z165+Z178+Z191+Z205+Z209+Z221+Z230+Z237+Z250+Z263+Z277+Z285+Z295+Z306+Z316+Z325+Z334+Z344+Z355+Z364+Z373+Z386+Z395 -> 508526.4 | AA10: =AA13+AA17+AA26+AA40+AA55+AA60+AA78+AA84+AA101+AA106+AA118+AA127+AA141+AA154+AA165+AA178+AA191+AA205+AA209+AA221+AA230+AA237+AA250+AA263+AA277+AA285+AA295+AA306+AA316+AA325+AA334+AA344+AA355+AA364+AA373+AA386+AA395 -> 2114269.7 | AB10: =AB13+AB17+AB26+AB40+AB55+AB60+AB78+AB84+AB101+AB106+AB118+AB127+AB141+AB154+AB165+AB178+AB191+AB205+AB209+AB221+AB230+AB237+AB250+AB263+AB277+AB285+AB295+AB306+AB316+AB325+AB334+AB344+AB355+AB364+AB373+AB386+AB395 -> 1994524.9 | AC10: =AC13+AC17+AC26+AC40+AC55+AC60+AC78+AC84+AC101+AC106+AC118+AC127+AC141+AC154+AC165+AC178+AC191+AC205+AC209+AC221+AC230+AC237+AC250+AC263+AC277+AC285+AC295+AC306+AC316+AC325+AC334+AC344+AC355+AC364+AC373+AC386+AC395 -> 119744.77 | AD10: =AD13+AD17+AD26+AD40+AD55+AD60+AD78+AD84+AD101+AD106+AD118+AD127+AD141+AD154+AD165+AD178+AD191+AD205+AD209+AD221+AD230+AD237+AD250+AD263+AD277+AD285+AD295+AD306+AD316+AD325+AD334+AD344+AD355+AD364+AD373+AD386+AD395 -> 1161954.1 | AE10: =AD10/AA10*100 -> 54.957704
A11: Поселения: | B11: =H11+N11+T11+Z11 -> 3753550.5 | C11: =I11+O11+U11+AA11 -> 7787096.3 | D11: =J11+P11+V11+AB11 -> 7562600.6 | E11: =K11+Q11+W11+AC11 -> 224495.7 | F11: =L11+R11+X11+AD11 -> 5715963.1 | G11: =F11/C11*100 -> 73.40301 | I11: =SUM(I14:I15)+SUM(I18:I24)+SUM(I27:I38)+SUM(I41:I53)+SUM(I56:I58)+SUM(I61:I76)+SUM(I79:I82)+SUM(I85:I99)+SUM(I102:I104)+SUM(I107:I116)+SUM(I119:I125)+SUM(I128:I139)+SUM(I142:I152)+SUM(I155:I163)+SUM(I166:I176)+SUM(I179:I189)+SUM(I192:I203)+SUM(I206:I207)+SUM(I210:I219)+SUM(I222:I228)+SUM(I231:I235)+SUM(I238:I248)+SUM(I251:I261)+SUM(I264:I275)+SUM(I278:I283)+SUM(I286:I293)+SUM(I296:I304)+SUM(I307:I314)+SUM(I317:I323)+SUM(I326:I332)+SUM(I335:I342)+SUM(I345:I353)+SUM(I356:I362)+SUM(I365:I371)+SUM(I374:I384)+SUM(I387:I393)+SUM(I396:I400) -> 0 | J11: =SUM(J14:J15)+SUM(J18:J24)+SUM(J27:J38)+SUM(J41:J53)+SUM(J56:J58)+SUM(J61:J76)+SUM(J79:J82)+SUM(J85:J99)+SUM(J102:J104)+SUM(J107:J116)+SUM(J119:J125)+SUM(J128:J139)+SUM(J142:J152)+SUM(J155:J163)+SUM(J166:J176)+SUM(J179:J189)+SUM(J192:J203)+SUM(J206:J207)+SUM(J210:J219)+SUM(J222:J228)+SUM(J231:J235)+SUM(J238:J248)+SUM(J251:J261)+SUM(J264:J275)+SUM(J278:J283)+SUM(J286:J293)+SUM(J296:J304)+SUM(J307:J314)+SUM(J317:J323)+SUM(J326:J332)+SUM(J335:J342)+SUM(J345:J353)+SUM(J356:J362)+SUM(J365:J371)+SUM(J374:J384)+SUM(J387:J393)+SUM(J396:J400) -> 0 | K11: =SUM(K14:K15)+SUM(K18:K24)+SUM(K27:K38)+SUM(K41:K53)+SUM(K56:K58)+SUM(K61:K76)+SUM(K79:K82)+SUM(K85:K99)+SUM(K102:K104)+SUM(K107:K116)+SUM(K119:K125)+SUM(K128:K139)+SUM(K142:K152)+SUM(K155:K163)+SUM(K166:K176)+SUM(K179:K189)+SUM(K192:K203)+SUM(K206:K207)+SUM(K210:K219)+SUM(K222:K228)+SUM(K231:K235)+SUM(K238:K248)+SUM(K251:K261)+SUM(K264:K275)+SUM(K278:K283)+SUM(K286:K293)+SUM(K296:K304)+SUM(K307:K314)+SUM(K317:K323)+SUM(K326:K332)+SUM(K335:K342)+SUM(K345:K353)+SUM(K356:K362)+SUM(K365:K371)+SUM(K374:K384)+SUM(K387:K393)+SUM(K396:K400) -> 0 | L11: =SUM(L14:L15)+SUM(L18:L24)+SUM(L27:L38)+SUM(L41:L53)+SUM(L56:L58)+SUM(L61:L76)+SUM(L79:L82)+SUM(L85:L99)+SUM(L102:L104)+SUM(L107:L116)+SUM(L119:L125)+SUM(L128:L139)+SUM(L142:L152)+SUM(L155:L163)+SUM(L166:L176)+SUM(L179:L189)+SUM(L192:L203)+SUM(L206:L207)+SUM(L210:L219)+SUM(L222:L228)+SUM(L231:L235)+SUM(L238:L248)+SUM(L251:L261)+SUM(L264:L275)+SUM(L278:L283)+SUM(L286:L293)+SUM(L296:L304)+SUM(L307:L314)+SUM(L317:L323)+SUM(L326:L332)+SUM(L335:L342)+SUM(L345:L353)+SUM(L356:L362)+SUM(L365:L371)+SUM(L374:L384)+SUM(L387:L393)+SUM(L396:L400) -> 0 | N11: =SUM(N14:N15)+SUM(N18:N24)+SUM(N27:N38)+SUM(N41:N53)+SUM(N56:N58)+SUM(N61:N76)+SUM(N79:N82)+SUM(N85:N99)+SUM(N102:N104)+SUM(N107:N116)+SUM(N119:N125)+SUM(N128:N139)+SUM(N142:N152)+SUM(N155:N163)+SUM(N166:N176)+SUM(N179:N189)+SUM(N192:N203)+SUM(N206:N207)+SUM(N210:N219)+SUM(N222:N228)+SUM(N231:N235)+SUM(N238:N248)+SUM(N251:N261)+SUM(N264:N275)+SUM(N278:N283)+SUM(N286:N293)+SUM(N296:N304)+SUM(N307:N314)+SUM(N317:N323)+SUM(N326:N332)+SUM(N335:N342)+SUM(N345:N353)+SUM(N356:N362)+SUM(N365:N371)+SUM(N374:N384)+SUM(N387:N393)+SUM(N396:N400) -> 3685793.3 | O11: =SUM(O14:O15)+SUM(O18:O24)+SUM(O27:O38)+SUM(O41:O53)+SUM(O56:O58)+SUM(O61:O76)+SUM(O79:O82)+SUM(O85:O99)+SUM(O102:O104)+SUM(O107:O116)+SUM(O119:O125)+SUM(O128:O139)+SUM(O142:O152)+SUM(O155:O163)+SUM(O166:O176)+SUM(O179:O189)+SUM(O192:O203)+SUM(O206:O207)+SUM(O210:O219)+SUM(O222:O228)+SUM(O231:O235)+SUM(O238:O248)+SUM(O251:O261)+SUM(O264:O275)+SUM(O278:O283)+SUM(O286:O293)+SUM(O296:O304)+SUM(O307:O314)+SUM(O317:O323)+SUM(O326:O332)+SUM(O335:O342)+SUM(O345:O353)+SUM(O356:O362)+SUM(O365:O371)+SUM(O374:O384)+SUM(O387:O393)+SUM(O396:O400) -> 5246325.3 | P11: =SUM(P14:P15)+SUM(P18:P24)+SUM(P27:P38)+SUM(P41:P53)+SUM(P56:P58)+SUM(P61:P76)+SUM(P79:P82)+SUM(P85:P99)+SUM(P102:P104)+SUM(P107:P116)+SUM(P119:P125)+SUM(P128:P139)+SUM(P142:P152)+SUM(P155:P163)+SUM(P166:P176)+SUM(P179:P189)+SUM(P192:P203)+SUM(P206:P207)+SUM(P210:P219)+SUM(P222:P228)+SUM(P231:P235)+SUM(P238:P248)+SUM(P251:P261)+SUM(P264:P275)+SUM(P278:P283)+SUM(P286:P293)+SUM(P296:P304)+SUM(P307:P314)+SUM(P317:P323)+SUM(P326:P332)+SUM(P335:P342)+SUM(P345:P353)+SUM(P356:P362)+SUM(P365:P371)+SUM(P374:P384)+SUM(P387:P393)+SUM(P396:P400) -> 5246325.3 | Q11: =SUM(Q14:Q15)+SUM(Q18:Q24)+SUM(Q27:Q38)+SUM(Q41:Q53)+SUM(Q56:Q58)+SUM(Q61:Q76)+SUM(Q79:Q82)+SUM(Q85:Q99)+SUM(Q102:Q104)+SUM(Q107:Q116)+SUM(Q119:Q125)+SUM(Q128:Q139)+SUM(Q142:Q152)+SUM(Q155:Q163)+SUM(Q166:Q176)+SUM(Q179:Q189)+SUM(Q192:Q203)+SUM(Q206:Q207)+SUM(Q210:Q219)+SUM(Q222:Q228)+SUM(Q231:Q235)+SUM(Q238:Q248)+SUM(Q251:Q261)+SUM(Q264:Q275)+SUM(Q278:Q283)+SUM(Q286:Q293)+SUM(Q296:Q304)+SUM(Q307:Q314)+SUM(Q317:Q323)+SUM(Q326:Q332)+SUM(Q335:Q342)+SUM(Q345:Q353)+SUM(Q356:Q362)+SUM(Q365:Q371)+SUM(Q374:Q384)+SUM(Q387:Q393)+SUM(Q396:Q400) -> 0 | R11: =SUM(R14:R15)+SUM(R18:R24)+SUM(R27:R38)+SUM(R41:R53)+SUM(R56:R58)+SUM(R61:R76)+SUM(R79:R82)+SUM(R85:R99)+SUM(R102:R104)+SUM(R107:R116)+SUM(R119:R125)+SUM(R128:R139)+SUM(R142:R152)+SUM(R155:R163)+SUM(R166:R176)+SUM(R179:R189)+SUM(R192:R203)+SUM(R206:R207)+SUM(R210:R219)+SUM(R222:R228)+SUM(R231:R235)+SUM(R238:R248)+SUM(R251:R261)+SUM(R264:R275)+SUM(R278:R283)+SUM(R286:R293)+SUM(R296:R304)+SUM(R307:R314)+SUM(R317:R323)+SUM(R326:R332)+SUM(R335:R342)+SUM(R345:R353)+SUM(R356:R362)+SUM(R365:R371)+SUM(R374:R384)+SUM(R387:R393)+SUM(R396:R400) -> 4240608.2 | S11: =R11/O11*100 -> 80.830066 | T11: =SUM(T14:T15)+SUM(T18:T24)+SUM(T27:T38)+SUM(T41:T53)+SUM(T56:T58)+SUM(T61:T76)+SUM(T79:T82)+SUM(T85:T99)+SUM(T102:T104)+SUM(T107:T116)+SUM(T119:T125)+SUM(T128:T139)+SUM(T142:T152)+SUM(T155:T163)+SUM(T166:T176)+SUM(T179:T189)+SUM(T192:T203)+SUM(T206:T207)+SUM(T210:T219)+SUM(T222:T228)+SUM(T231:T235)+SUM(T238:T248)+SUM(T251:T261)+SUM(T264:T275)+SUM(T278:T283)+SUM(T286:T293)+SUM(T296:T304)+SUM(T307:T314)+SUM(T317:T323)+SUM(T326:T332)+SUM(T335:T342)+SUM(T345:T353)+SUM(T356:T362)+SUM(T365:T371)+SUM(T374:T384)+SUM(T387:T393)+SUM(T396:T400) -> 67757.2 | U11: =SUM(U14:U15)+SUM(U18:U24)+SUM(U27:U38)+SUM(U41:U53)+SUM(U56:U58)+SUM(U61:U76)+SUM(U79:U82)+SUM(U85:U99)+SUM(U102:U104)+SUM(U107:U116)+SUM(U119:U125)+SUM(U128:U139)+SUM(U142:U152)+SUM(U155:U163)+SUM(U166:U176)+SUM(U179:U189)+SUM(U192:U203)+SUM(U206:U207)+SUM(U210:U219)+SUM(U222:U228)+SUM(U231:U235)+SUM(U238:U248)+SUM(U251:U261)+SUM(U264:U275)+SUM(U278:U283)+SUM(U286:U293)+SUM(U296:U304)+SUM(U307:U314)+SUM(U317:U323)+SUM(U326:U332)+SUM(U335:U342)+SUM(U345:U353)+SUM(U356:U362)+SUM(U365:U371)+SUM(U374:U384)+SUM(U387:U393)+SUM(U396:U400) -> 67847.3 | V11: =SUM(V14:V15)+SUM(V18:V24)+SUM(V27:V38)+SUM(V41:V53)+SUM(V56:V58)+SUM(V61:V76)+SUM(V79:V82)+SUM(V85:V99)+SUM(V102:V104)+SUM(V107:V116)+SUM(V119:V125)+SUM(V128:V139)+SUM(V142:V152)+SUM(V155:V163)+SUM(V166:V176)+SUM(V179:V189)+SUM(V192:V203)+SUM(V206:V207)+SUM(V210:V219)+SUM(V222:V228)+SUM(V231:V235)+SUM(V238:V248)+SUM(V251:V261)+SUM(V264:V275)+SUM(V278:V283)+SUM(V286:V293)+SUM(V296:V304)+SUM(V307:V314)+SUM(V317:V323)+SUM(V326:V332)+SUM(V335:V342)+SUM(V345:V353)+SUM(V356:V362)+SUM(V365:V371)+SUM(V374:V384)+SUM(V387:V393)+SUM(V396:V400) -> 67847.3 | W11: =SUM(W14:W15)+SUM(W18:W24)+SUM(W27:W38)+SUM(W41:W53)+SUM(W56:W58)+SUM(W61:W76)+SUM(W79:W82)+SUM(W85:W99)+SUM(W102:W104)+SUM(W107:W116)+SUM(W119:W125)+SUM(W128:W139)+SUM(W142:W152)+SUM(W155:W163)+SUM(W166:W176)+SUM(W179:W189)+SUM(W192:W203)+SUM(W206:W207)+SUM(W210:W219)+SUM(W222:W228)+SUM(W231:W235)+SUM(W238:W248)+SUM(W251:W261)+SUM(W264:W275)+SUM(W278:W283)+SUM(W286:W293)+SUM(W296:W304)+SUM(W307:W314)+SUM(W317:W323)+SUM(W326:W332)+SUM(W335:W342)+SUM(W345:W353)+SUM(W356:W362)+SUM(W365:W371)+SUM(W374:W384)+SUM(W387:W393)+SUM(W396:W400) -> 0 | X11: =SUM(X14:X15)+SUM(X18:X24)+SUM(X27:X38)+SUM(X41:X53)+SUM(X56:X58)+SUM(X61:X76)+SUM(X79:X82)+SUM(X85:X99)+SUM(X102:X104)+SUM(X107:X116)+SUM(X119:X125)+SUM(X128:X139)+SUM(X142:X152)+SUM(X155:X163)+SUM(X166:X176)+SUM(X179:X189)+SUM(X192:X203)+SUM(X206:X207)+SUM(X210:X219)+SUM(X222:X228)+SUM(X231:X235)+SUM(X238:X248)+SUM(X251:X261)+SUM(X264:X275)+SUM(X278:X283)+SUM(X286:X293)+SUM(X296:X304)+SUM(X307:X314)+SUM(X317:X323)+SUM(X326:X332)+SUM(X335:X342)+SUM(X345:X353)+SUM(X356:X362)+SUM(X365:X371)+SUM(X374:X384)+SUM(X387:X393)+SUM(X396:X400) -> 42000.725 | Y11: =X11/U11*100 -> 61.904784 | Z11: =SUM(Z14:Z15)+SUM(Z18:Z24)+SUM(Z27:Z38)+SUM(Z41:Z53)+SUM(Z56:Z58)+SUM(Z61:Z76)+SUM(Z79:Z82)+SUM(Z85:Z99)+SUM(Z102:Z104)+SUM(Z107:Z116)+SUM(Z119:Z125)+SUM(Z128:Z139)+SUM(Z142:Z152)+SUM(Z155:Z163)+SUM(Z166:Z176)+SUM(Z179:Z189)+SUM(Z192:Z203)+SUM(Z206:Z207)+SUM(Z210:Z219)+SUM(Z222:Z228)+SUM(Z231:Z235)+SUM(Z238:Z248)+SUM(Z251:Z261)+SUM(Z264:Z275)+SUM(Z278:Z283)+SUM(Z286:Z293)+SUM(Z296:Z304)+SUM(Z307:Z314)+SUM(Z317:Z323)+SUM(Z326:Z332)+SUM(Z335:Z342)+SUM(Z345:Z353)+SUM(Z356:Z362)+SUM(Z365:Z371)+SUM(Z374:Z384)+SUM(Z387:Z393)+SUM(Z396:Z400) -> 0 | AA11: =SUM(AA14:AA15)+SUM(AA18:AA24)+SUM(AA27:AA38)+SUM(AA41:AA53)+SUM(AA56:AA58)+SUM(AA61:AA76)+SUM(AA79:AA82)+SUM(AA85:AA99)+SUM(AA102:AA104)+SUM(AA107:AA116)+SUM(AA119:AA125)+SUM(AA128:AA139)+SUM(AA142:AA152)+SUM(AA155:AA163)+SUM(AA166:AA176)+SUM(AA179:AA189)+SUM(AA192:AA203)+SUM(AA206:AA207)+SUM(AA210:AA219)+SUM(AA222:AA228)+SUM(AA231:AA235)+SUM(AA238:AA248)+SUM(AA251:AA261)+SUM(AA264:AA275)+SUM(AA278:AA283)+SUM(AA286:AA293)+SUM(AA296:AA304)+SUM(AA307:AA314)+SUM(AA317:AA323)+SUM(AA326:AA332)+SUM(AA335:AA342)+SUM(AA345:AA353)+SUM(AA356:AA362)+SUM(AA365:AA371)+SUM(AA374:AA384)+SUM(AA387:AA393)+SUM(AA396:AA400) -> 2472923.8 | AB11: =SUM(AB14:AB15)+SUM(AB18:AB24)+SUM(AB27:AB38)+SUM(AB41:AB53)+SUM(AB56:AB58)+SUM(AB61:AB76)+SUM(AB79:AB82)+SUM(AB85:AB99)+SUM(AB102:AB104)+SUM(AB107:AB116)+SUM(AB119:AB125)+SUM(AB128:AB139)+SUM(AB142:AB152)+SUM(AB155:AB163)+SUM(AB166:AB176)+SUM(AB179:AB189)+SUM(AB192:AB203)+SUM(AB206:AB207)+SUM(AB210:AB219)+SUM(AB222:AB228)+SUM(AB231:AB235)+SUM(AB238:AB248)+SUM(AB251:AB261)+SUM(AB264:AB275)+SUM(AB278:AB283)+SUM(AB286:AB293)+SUM(AB296:AB304)+SUM(AB307:AB314)+SUM(AB317:AB323)+SUM(AB326:AB332)+SUM(AB335:AB342)+SUM(AB345:AB353)+SUM(AB356:AB362)+SUM(AB365:AB371)+SUM(AB374:AB384)+SUM(AB387:AB393)+SUM(AB396:AB400) -> 2248428.1 | AC11: =SUM(AC14:AC15)+SUM(AC18:AC24)+SUM(AC27:AC38)+SUM(AC41:AC53)+SUM(AC56:AC58)+SUM(AC61:AC76)+SUM(AC79:AC82)+SUM(AC85:AC99)+SUM(AC102:AC104)+SUM(AC107:AC116)+SUM(AC119:AC125)+SUM(AC128:AC139)+SUM(AC142:AC152)+SUM(AC155:AC163)+SUM(AC166:AC176)+SUM(AC179:AC189)+SUM(AC192:AC203)+SUM(AC206:AC207)+SUM(AC210:AC219)+SUM(AC222:AC228)+SUM(AC231:AC235)+SUM(AC238:AC248)+SUM(AC251:AC261)+SUM(AC264:AC275)+SUM(AC278:AC283)+SUM(AC286:AC293)+SUM(AC296:AC304)+SUM(AC307:AC314)+SUM(AC317:AC323)+SUM(AC326:AC332)+SUM(AC335:AC342)+SUM(AC345:AC353)+SUM(AC356:AC362)+SUM(AC365:AC371)+SUM(AC374:AC384)+SUM(AC387:AC393)+SUM(AC396:AC400) -> 224495.7 | AD11: =SUM(AD14:AD15)+SUM(AD18:AD24)+SUM(AD27:AD38)+SUM(AD41:AD53)+SUM(AD56:AD58)+SUM(AD61:AD76)+SUM(AD79:AD82)+SUM(AD85:AD99)+SUM(AD102:AD104)+SUM(AD107:AD116)+SUM(AD119:AD125)+SUM(AD128:AD139)+SUM(AD142:AD152)+SUM(AD155:AD163)+SUM(AD166:AD176)+SUM(AD179:AD189)+SUM(AD192:AD203)+SUM(AD206:AD207)+SUM(AD210:AD219)+SUM(AD222:AD228)+SUM(AD231:AD235)+SUM(AD238:AD248)+SUM(AD251:AD261)+SUM(AD264:AD275)+SUM(AD278:AD283)+SUM(AD286:AD293)+SUM(AD296:AD304)+SUM(AD307:AD314)+SUM(AD317:AD323)+SUM(AD326:AD332)+SUM(AD335:AD342)+SUM(AD345:AD353)+SUM(AD356:AD362)+SUM(AD365:AD371)+SUM(AD374:AD384)+SUM(AD387:AD393)+SUM(AD396:AD400) -> 1433354.2 | AE11: =AD11/AA11*100 -> 57.961923
A12: Александрово-Гайский район (консолидированный) | B12: =H12+N12+T12+Z12 -> 495627.88 | C12: =I12+O12+U12+AA12 -> 594053.52 | D12: =J12+P12+V12+AB12 -> 591251.72 | E12: =K12+Q12+W12+AC12 -> 2801.794 | F12: =L12+R12+X12+AD12 -> 418008.74 | G12: =F12/C12*100 -> 70.365502 | H12: =H13+H14+H15 -> 105246.4 | I12: =I13+I14+I15 -> 105246.4 | J12: =J13+J14+J15 -> 105246.4 | K12: =K13+K14+K15 -> 0 | L12: =L13+L14+L15 -> 78935.3 | M12: =L12/I12*100 -> 75.000475 | N12: =N13+N14+N15 -> 127976.98 | O12: =O13+O14+O15 -> 171151.92 | P12: =P13+P14+P15 -> 171151.92 | Q12: =Q13+Q14+Q15 -> 0 | R12: =R13+R14+R15 -> 115135.23 | S12: =R12/O12*100 -> 67.270778 | T12: =T13+T14+T15 -> 246534.8 | U12: =U13+U14+U15 -> 274765 | V12: =V13+V14+V15 -> 274765 | W12: =W13+W14+W15 -> 0 | X12: =X13+X14+X15 -> 188690.88 | Y12: =X12/U12*100 -> 68.673548 | Z12: =Z13+Z14+Z15 -> 15869.7 | AA12: =AA13+AA14+AA15 -> 42890.194 | AB12: =AB13+AB14+AB15 -> 40088.4 | AC12: =AC13+AC14+AC15 -> 2801.794 | AD12: =AD13+AD14+AD15 -> 35247.337 | AE12: =AD12/AA12*100 -> 82.180409
A13: Александрово-Гайский район (собственный) | B13: =H13+N13+T13+Z13 -> 442348.28 | C13: =I13+O13+U13+AA13 -> 518516.99 | D13: =J13+P13+V13+AB13 -> 515715.19 | E13: =K13+Q13+W13+AC13 -> 2801.794 | F13: =L13+R13+X13+AD13 -> 350196.66 | G13: =F13/C13*100 -> 67.538128 | H13: =Дотации!B13 -> 105246.4 | I13: =Дотации!C13 -> 105246.4 | J13: =Дотации!D13 -> 105246.4 | K13: =Дотации!E13 -> 0 | L13: =Дотации!F13 -> 78935.3 | M13: =L13/I13*100 -> 75.000475 | N13: =Субсидии!B14 -> 76033.975 | O13: =Субсидии!C14 -> 111953.39 | P13: =Субсидии!D14 -> 111953.39 | Q13: =Субсидии!E14 -> 0 | R13: =Субсидии!F14 -> 58111.221 | S13: =R13/O13*100 -> 51.906619 | T13: ='Субвенции '!B16 -> 245198.2 | U13: ='Субвенции '!C16 -> 273427 | V13: ='Субвенции '!D16 -> 273427 | W13: ='Субвенции '!E16 -> 0 | X13: ='Субвенции '!F16 -> 187902.81 | Y13: =X13/U13*100 -> 68.72138 | Z13: =Иные!B14 -> 15869.7 | AA13: =Иные!C14 -> 27890.194 | AB13: =Иные!D14 -> 25088.4 | AC13: =Иные!E14 -> 2801.794 | AD13: =Иные!F14 -> 25247.337 | AE13: =AD13/AA13*100 -> 90.524063
A14: Александрово-Гайское МО | B14: =H14+N14+T14+Z14 -> 49120.4 | C14: =I14+O14+U14+AA14 -> 70160.42 | D14: =J14+P14+V14+AB14 -> 70160.42 | E14: =K14+Q14+W14+AC14 -> 0 | F14: =L14+R14+X14+AD14 -> 63701.323 | G14: =F14/C14*100 -> 90.793816 | N14: =Субсидии!B15 -> 47941 | O14: =Субсидии!C15 -> 53979.82 | P14: =Субсидии!D15 -> 53979.82 | Q14: =Субсидии!E15 -> 0 | R14: =Субсидии!F15 -> 53022.009 | S14: =R14/O14*100 -> 98.225612 | T14: ='Субвенции '!B17 -> 1179.4 | U14: ='Субвенции '!C17 -> 1180.6 | V14: ='Субвенции '!D17 -> 1180.6 | W14: ='Субвенции '!E17 -> 0 | X14: ='Субвенции '!F17 -> 679.31401 | Y14: =X14/U14*100 -> 57.539726 | Z14: =Иные!B15 -> 0 | AA14: =Иные!C15 -> 15000 | AB14: =Иные!D15 -> 15000 | AC14: =Иные!E15 -> 0 | AD14: =Иные!F15 -> 10000 | AE14: =AD14/AA14*100 -> 66.666667
A15: Новоалександровское МО | B15: =H15+N15+T15+Z15 -> 4159.2 | C15: =I15+O15+U15+AA15 -> 5376.1104 | D15: =J15+P15+V15+AB15 -> 5376.1104 | E15: =K15+Q15+W15+AC15 -> 0 | F15: =L15+R15+X15+AD15 -> 4110.755 | G15: =F15/C15*100 -> 76.463367 | N15: =Субсидии!B16 -> 4002 | O15: =Субсидии!C16 -> 5218.7104 | P15: =Субсидии!D16 -> 5218.7104 | Q15: =Субсидии!E16 -> 0 | R15: =Субсидии!F16 -> 4002 | S15: =R15/O15*100 -> 76.685612 | T15: ='Субвенции '!B18 -> 157.2 | U15: ='Субвенции '!C18 -> 157.4 | V15: ='Субвенции '!D18 -> 157.4 | W15: ='Субвенции '!E18 -> 0 | X15: ='Субвенции '!F18 -> 108.755 | Y15: =X15/U15*100 -> 69.094663
A16: Аркадакский район (консолидированный) | B16: =H16+N16+T16+Z16 -> 442896.66 | C16: =I16+O16+U16+AA16 -> 536215.37 | D16: =J16+P16+V16+AB16 -> 535625.5 | E16: =K16+Q16+W16+AC16 -> 589.864 | F16: =L16+R16+X16+AD16 -> 400519.47 | G16: =F16/C16*100 -> 74.693769 | H16: =SUM(H17:H24) -> 73060.7 | I16: =SUM(I17:I24) -> 73060.7 | J16: =SUM(J17:J24) -> 73060.7 | K16: =SUM(K17:K24) -> 0 | L16: =SUM(L17:L24) -> 54795.4 | M16: =L16/I16*100 -> 74.999829 | N16: =SUM(N17:N24) -> 104177.46 | O16: =SUM(O17:O24) -> 117832.4 | P16: =SUM(P17:P24) -> 117832.4 | Q16: =SUM(Q17:Q24) -> 0 | R16: =SUM(R17:R24) -> 88318.109 | S16: =R16/O16*100 -> 74.95231 | T16: =SUM(T17:T24) -> 257543.8 | U16: =SUM(U17:U24) -> 303745.4 | V16: =SUM(V17:V24) -> 303745.4 | W16: =SUM(W17:W24) -> 0 | X16: =SUM(X17:X24) -> 225835.88 | Y16: =X16/U16*100 -> 74.350387 | Z16: =SUM(Z17:Z24) -> 8114.7 | AA16: =SUM(AA17:AA24) -> 41576.864 | AB16: =SUM(AB17:AB24) -> 40987 | AC16: =SUM(AC17:AC24) -> 589.864 | AD16: =SUM(AD17:AD24) -> 31570.076 | AE16: =AD16/AA16*100 -> 75.931837
A17: Аркадакский район (собственный) | B17: =H17+N17+T17+Z17 -> 406896.19 | C17: =I17+O17+U17+AA17 -> 470320.79 | D17: =J17+P17+V17+AB17 -> 469730.93 | E17: =K17+Q17+W17+AC17 -> 589.864 | F17: =L17+R17+X17+AD17 -> 345668.46 | G17: =F17/C17*100 -> 73.496316 | H17: =Дотации!B15 -> 73060.7 | I17: =Дотации!C15 -> 73060.7 | J17: =Дотации!D15 -> 73060.7 | K17: =Дотации!E15 -> 0 | L17: =Дотации!F15 -> 54795.4 | M17: =L17/I17*100 -> 74.999829 | N17: =Субсидии!B18 -> 69704.09 | O17: =Субсидии!C18 -> 78466.731 | P17: =Субсидии!D18 -> 78466.731 | Q17: =Субсидии!E18 -> 0 | R17: =Субсидии!F18 -> 52270.847 | S17: =R17/O17*100 -> 66.615298 | T17: ='Субвенции '!B20 -> 256016.7 | U17: ='Субвенции '!C20 -> 302216.5 | V17: ='Субвенции '!D20 -> 302216.5 | W17: ='Субвенции '!E20 -> 0 | X17: ='Субвенции '!F20 -> 224832.04 | Y17: =X17/U17*100 -> 74.394365 | Z17: =Иные!B17 -> 8114.7 | AA17: =Иные!C17 -> 16576.864 | AB17: =Иные!D17 -> 15987 | AC17: =Иные!E17 -> 589.864 | AD17: =Иные!F17 -> 13770.166 | AE17: =AD17/AA17*100 -> 83.068584
A18: город Аркадак | B18: =H18+N18+T18+Z18 -> 9194.3 | C18: =I18+O18+U18+AA18 -> 34994.9 | D18: =J18+P18+V18+AB18 -> 34994.9 | E18: =K18+Q18+W18+AC18 -> 0 | F18: =L18+R18+X18+AD18 -> 26750.029 | G18: =F18/C18*100 -> 76.439793 | N18: =Субсидии!B19 -> 8500 | O18: =Субсидии!C19 -> 9300 | P18: =Субсидии!D19 -> 9300 | Q18: =Субсидии!E19 -> 0 | R18: =Субсидии!F19 -> 8500 | S18: =R18/O18*100 -> 91.397849 | T18: ='Субвенции '!B21 -> 694.3 | U18: ='Субвенции '!C21 -> 694.9 | V18: ='Субвенции '!D21 -> 694.9 | W18: ='Субвенции '!E21 -> 0 | X18: ='Субвенции '!F21 -> 450.11879 | Y18: =X18/U18*100 -> 64.774614 | Z18: =Иные!B18 -> 0 | AA18: =Иные!C18 -> 25000 | AB18: =Иные!D18 -> 25000 | AC18: =Иные!E18 -> 0 | AD18: =Иные!F18 -> 17799.91 | AE18: =AD18/AA18*100 -> 71.199641
A19: Большежуравское МО | B19: =H19+N19+T19+Z19 -> 3999.1654 | C19: =I19+O19+U19+AA19 -> 4203.3654 | D19: =J19+P19+V19+AB19 -> 4203.3654 | E19: =K19+Q19+W19+AC19 -> 0 | F19: =L19+R19+X19+AD19 -> 3950.617 | G19: =F19/C19*100 -> 93.987 | N19: =Субсидии!B20 -> 3860.3654 | O19: =Субсидии!C20 -> 4064.3654 | P19: =Субсидии!D20 -> 4064.3654 | Q19: =Субсидии!E20 -> 0 | R19: =Субсидии!F20 -> 3860.3654 | S19: =R19/O19*100 -> 94.980766 | T19: ='Субвенции '!B22 -> 138.8 | U19: ='Субвенции '!C22 -> 139 | V19: ='Субвенции '!D22 -> 139 | W19: ='Субвенции '!E22 -> 0 | X19: ='Субвенции '!F22 -> 90.25166 | Y19: =X19/U19*100 -> 64.929252
A20: Краснознаменское МО | B20: =H20+N20+T20+Z20 -> 4689.8 | C20: =I20+O20+U20+AA20 -> 6714.81 | D20: =J20+P20+V20+AB20 -> 6714.81 | E20: =K20+Q20+W20+AC20 -> 0 | F20: =L20+R20+X20+AD20 -> 6671.0497 | G20: =F20/C20*100 -> 99.348302 | N20: =Субсидии!B21 -> 4551 | O20: =Субсидии!C21 -> 6575.81 | P20: =Субсидии!D21 -> 6575.81 | Q20: =Субсидии!E21 -> 0 | R20: =Субсидии!F21 -> 6575.81 | S20: =R20/O20*100 -> 100 | T20: ='Субвенции '!B23 -> 138.8 | U20: ='Субвенции '!C23 -> 139 | V20: ='Субвенции '!D23 -> 139 | W20: ='Субвенции '!E23 -> 0 | X20: ='Субвенции '!F23 -> 95.23969 | Y20: =X20/U20*100 -> 68.517763
A21: Львовское МО | B21: =H21+N21+T21+Z21 -> 3306.8 | C21: =I21+O21+U21+AA21 -> 3589.5 | D21: =J21+P21+V21+AB21 -> 3589.5 | E21: =K21+Q21+W21+AC21 -> 0 | F21: =L21+R21+X21+AD21 -> 3263.06 | G21: =F21/C21*100 -> 90.905697 | N21: =Субсидии!B22 -> 3168 | O21: =Субсидии!C22 -> 3450.5 | P21: =Субсидии!D22 -> 3450.5 | Q21: =Субсидии!E22 -> 0 | R21: =Субсидии!F22 -> 3168 | S21: =R21/O21*100 -> 91.812781 | T21: ='Субвенции '!B24 -> 138.8 | U21: ='Субвенции '!C24 -> 139 | V21: ='Субвенции '!D24 -> 139 | W21: ='Субвенции '!E24 -> 0 | X21: ='Субвенции '!F24 -> 95.05998 | Y21: =X21/U21*100 -> 68.388475
A22: Малиновское МО | B22: =H22+N22+T22+Z22 -> 4950.8 | C22: =I22+O22+U22+AA22 -> 5507.8372 | D22: =J22+P22+V22+AB22 -> 5507.8372 | E22: =K22+Q22+W22+AC22 -> 0 | F22: =L22+R22+X22+AD22 -> 3723.4651 | G22: =F22/C22*100 -> 67.603035 | N22: =Субсидии!B23 -> 4812 | O22: =Субсидии!C23 -> 5368.8372 | P22: =Субсидии!D23 -> 5368.8372 | Q22: =Субсидии!E23 -> 0 | R22: =Субсидии!F23 -> 3633.0865 | S22: =R22/O22*100 -> 67.669895 | T22: ='Субвенции '!B25 -> 138.8 | U22: ='Субвенции '!C25 -> 139 | V22: ='Субвенции '!D25 -> 139 | W22: ='Субвенции '!E25 -> 0 | X22: ='Субвенции '!F25 -> 90.37859 | Y22: =X22/U22*100 -> 65.020568
A23: Росташовское МО | B23: =H23+N23+T23+Z23 -> 5304.8 | C23: =I23+O23+U23+AA23 -> 5305 | D23: =J23+P23+V23+AB23 -> 5305 | E23: =K23+Q23+W23+AC23 -> 0 | F23: =L23+R23+X23+AD23 -> 5258.1202 | G23: =F23/C23*100 -> 99.116309 | N23: =Субсидии!B24 -> 5166 | O23: =Субсидии!C24 -> 5166 | P23: =Субсидии!D24 -> 5166 | Q23: =Субсидии!E24 -> 0 | R23: =Субсидии!F24 -> 5166 | S23: =R23/O23*100 -> 100 | T23: ='Субвенции '!B26 -> 138.8 | U23: ='Субвенции '!C26 -> 139 | V23: ='Субвенции '!D26 -> 139 | W23: ='Субвенции '!E26 -> 0 | X23: ='Субвенции '!F26 -> 92.12021 | Y23: =X23/U23*100 -> 66.273532
A24: Семеновское МО | B24: =H24+N24+T24+Z24 -> 4554.8 | C24: =I24+O24+U24+AA24 -> 5579.16 | D24: =J24+P24+V24+AB24 -> 5579.16 | E24: =K24+Q24+W24+AC24 -> 0 | F24: =L24+R24+X24+AD24 -> 5234.6681 | G24: =F24/C24*100 -> 93.82538 | N24: =Субсидии!B25 -> 4416 | O24: =Субсидии!C25 -> 5440.16 | P24: =Субсидии!D25 -> 5440.16 | Q24: =Субсидии!E25 -> 0 | R24: =Субсидии!F25 -> 5144 | S24: =R24/O24*100 -> 94.556042 | T24: ='Субвенции '!B27 -> 138.8 | U24: ='Субвенции '!C27 -> 139 | V24: ='Субвенции '!D27 -> 139 | W24: ='Субвенции '!E27 -> 0 | X24: ='Субвенции '!F27 -> 90.66807 | Y24: =X24/U24*100 -> 65.228827
A25: Аткарский район (консолидированный) | B25: =H25+N25+T25+Z25 -> 885038.3 | C25: =I25+O25+U25+AA25 -> 1065410.8 | D25: =J25+P25+V25+AB25 -> 1048566.2 | E25: =K25+Q25+W25+AC25 -> 16844.625 | F25: =L25+R25+X25+AD25 -> 818802.02 | G25: =F25/C25*100 -> 76.853176 | H25: =SUM(H26:H38) -> 158458.8 | I25: =SUM(I26:I38) -> 158458.8 | J25: =SUM(J26:J38) -> 158458.8 | K25: =SUM(K26:K38) -> 0 | L25: =SUM(L26:L38) -> 118844.1 | M25: =L25/I25*100 -> 75 | N25: =SUM(N26:N38) -> 249671.3 | O25: =SUM(O26:O38) -> 269980.45 | P25: =SUM(P26:P38) -> 269980.45 | Q25: =SUM(Q26:Q38) -> 0 | R25: =SUM(R26:R38) -> 227963.4 | S25: =R25/O25*100 -> 84.437001 | T25: =SUM(T26:T38) -> 466595.5 | U25: =SUM(U26:U38) -> 522751.7 | V25: =SUM(V26:V38) -> 522751.7 | W25: =SUM(W26:W38) -> 0 | X25: =SUM(X26:X38) -> 391906.9 | Y25: =X25/U25*100 -> 74.96999 | Z25: =SUM(Z26:Z38) -> 10312.7 | AA25: =SUM(AA26:AA38) -> 114219.82 | AB25: =SUM(AB26:AB38) -> 97375.2 | AC25: =SUM(AC26:AC38) -> 16844.625 | AD25: =SUM(AD26:AD38) -> 80087.622 | AE25: =AD25/AA25*100 -> 70.117094
A26: Аткарский район (собственный) | B26: =H26+N26+T26+Z26 -> 740131.14 | C26: =I26+O26+U26+AA26 -> 874556.52 | D26: =J26+P26+V26+AB26 -> 872320.98 | E26: =K26+Q26+W26+AC26 -> 2235.538 | F26: =L26+R26+X26+AD26 -> 658253.28 | G26: =F26/C26*100 -> 75.267093 | H26: =Дотации!B17 -> 158458.8 | I26: =Дотации!C17 -> 158458.8 | J26: =Дотации!D17 -> 158458.8 | K26: =Дотации!E17 -> 0 | L26: =Дотации!F17 -> 118844.1 | M26: =L26/I26*100 -> 75 | N26: =Субсидии!B27 -> 107748.64 | O26: =Субсидии!C27 -> 121723.48 | P26: =Субсидии!D27 -> 121723.48 | Q26: =Субсидии!E27 -> 0 | R26: =Субсидии!F27 -> 83610.404 | S26: =R26/O26*100 -> 68.688802 | T26: ='Субвенции '!B29 -> 463611 | U26: ='Субвенции '!C29 -> 519763.5 | V26: ='Субвенции '!D29 -> 519763.5 | W26: ='Субвенции '!E29 -> 0 | X26: ='Субвенции '!F29 -> 390320.24 | Y26: =X26/U26*100 -> 75.095738 | Z26: =Иные!B20 -> 10312.7 | AA26: =Иные!C20 -> 74610.738 | AB26: =Иные!D20 -> 72375.2 | AC26: =Иные!E20 -> 2235.538 | AD26: =Иные!F20 -> 65478.535 | AE26: =AD26/AA26*100 -> 87.760203
A27: город Аткарск | B27: =H27+N27+T27+Z27 -> 107540.96 | C27: =I27+O27+U27+AA27 -> 141253.52 | D27: =J27+P27+V27+AB27 -> 132542.86 | E27: =K27+Q27+W27+AC27 -> 8710.6596 | F27: =L27+R27+X27+AD27 -> 115368.86 | G27: =F27/C27*100 -> 81.675033 | N27: =Субсидии!B28 -> 105805.66 | O27: =Субсидии!C28 -> 105805.66 | P27: =Субсидии!D28 -> 105805.66 | Q27: =Субсидии!E28 -> 0 | R27: =Субсидии!F28 -> 105805.66 | S27: =R27/O27*100 -> 100 | T27: ='Субвенции '!B30 -> 1735.3 | U27: ='Субвенции '!C30 -> 1737.2 | V27: ='Субвенции '!D30 -> 1737.2 | W27: ='Субвенции '!E30 -> 0 | X27: ='Субвенции '!F30 -> 852.53831 | Y27: =X27/U27*100 -> 49.075427 | Z27: =Иные!B21 -> 0 | AA27: =Иные!C21 -> 33710.66 | AB27: =Иные!D21 -> 25000 | AC27: =Иные!E21 -> 8710.6596 | AD27: =Иные!F21 -> 8710.6596 | AE27: =AD27/AA27*100 -> 25.839481
A28: Барановское МО | B28: =H28+N28+T28+Z28 -> 5148.8 | C28: =I28+O28+U28+AA28 -> 5149 | D28: =J28+P28+V28+AB28 -> 5149 | E28: =K28+Q28+W28+AC28 -> 0 | F28: =L28+R28+X28+AD28 -> 5095.2386 | G28: =F28/C28*100 -> 98.955887 | N28: =Субсидии!B29 -> 5010 | O28: =Субсидии!C29 -> 5010 | P28: =Субсидии!D29 -> 5010 | Q28: =Субсидии!E29 -> 0 | R28: =Субсидии!F29 -> 5010 | S28: =R28/O28*100 -> 100 | T28: ='Субвенции '!B31 -> 138.8 | U28: ='Субвенции '!C31 -> 139 | V28: ='Субвенции '!D31 -> 139 | W28: ='Субвенции '!E31 -> 0 | X28: ='Субвенции '!F31 -> 85.23862 | Y28: =X28/U28*100 -> 61.322748 | Z28: =Иные!B22 -> 0 | AA28: =Иные!C22 -> 0 | AB28: =Иные!D22 -> 0 | AC28: =Иные!E22 -> 0 | AD28: =Иные!F22 -> 0
A29: Большеекатериновское МО | B29: =H29+N29+T29+Z29 -> 0 | C29: =I29+O29+U29+AA29 -> 0 | D29: =J29+P29+V29+AB29 -> 0 | E29: =K29+Q29+W29+AC29 -> 0 | F29: =L29+R29+X29+AD29 -> 0 | N29: =Субсидии!B30 -> 0 | O29: =Субсидии!C30 -> 0 | P29: =Субсидии!D30 -> 0 | Q29: =Субсидии!E30 -> 0 | R29: =Субсидии!F30 -> 0 | T29: ='Субвенции '!B32 -> 0 | U29: ='Субвенции '!C32 -> 0 | V29: ='Субвенции '!D32 -> 0 | W29: ='Субвенции '!E32 -> 0 | X29: ='Субвенции '!F32 -> 0
A30: Даниловское МО | B30: =H30+N30+T30+Z30 -> 8258 | C30: =I30+O30+U30+AA30 -> 15499.718 | D30: =J30+P30+V30+AB30 -> 9601.2911 | E30: =K30+Q30+W30+AC30 -> 5898.4273 | F30: =L30+R30+X30+AD30 -> 14030.807 | G30: =F30/C30*100 -> 90.522979 | N30: =Субсидии!B31 -> 7911 | O30: =Субсидии!C31 -> 9253.7911 | P30: =Субсидии!D31 -> 9253.7911 | Q30: =Субсидии!E31 -> 0 | R30: =Субсидии!F31 -> 7911 | S30: =R30/O30*100 -> 85.489287 | T30: ='Субвенции '!B33 -> 347 | U30: ='Субвенции '!C33 -> 347.5 | V30: ='Субвенции '!D33 -> 347.5 | W30: ='Субвенции '!E33 -> 0 | X30: ='Субвенции '!F33 -> 221.37961 | Y30: =X30/U30*100 -> 63.706363 | Z30: =Иные!B23 -> 0 | AA30: =Иные!C23 -> 5898.4273 | AB30: =Иные!D23 -> 0 | AC30: =Иные!E23 -> 5898.4273 | AD30: =Иные!F23 -> 5898.4273 | AE30: =AD30/AA30*100 -> 100
A31: Ершовское МО | B31: =H31+N31+T31+Z31 -> 5304.8 | C31: =I31+O31+U31+AA31 -> 6533.44 | D31: =J31+P31+V31+AB31 -> 6533.44 | E31: =K31+Q31+W31+AC31 -> 0 | F31: =L31+R31+X31+AD31 -> 5248.7604 | G31: =F31/C31*100 -> 80.336858 | N31: =Субсидии!B32 -> 5166 | O31: =Субсидии!C32 -> 6394.44 | P31: =Субсидии!D32 -> 6394.44 | Q31: =Субсидии!E32 -> 0 | R31: =Субсидии!F32 -> 5166 | S31: =R31/O31*100 -> 80.788935 | T31: ='Субвенции '!B34 -> 138.8 | U31: ='Субвенции '!C34 -> 139 | V31: ='Субвенции '!D34 -> 139 | W31: ='Субвенции '!E34 -> 0 | X31: ='Субвенции '!F34 -> 82.76039 | Y31: =X31/U31*100 -> 59.539849
A32: Кочетовское МО | B32: =H32+N32+T32+Z32 -> 5978 | C32: =I32+O32+U32+AA32 -> 7620.3 | D32: =J32+P32+V32+AB32 -> 7620.3 | E32: =K32+Q32+W32+AC32 -> 0 | F32: =L32+R32+X32+AD32 -> 7491.9181 | G32: =F32/C32*100 -> 98.315264 | N32: =Субсидии!B33 -> 5631 | O32: =Субсидии!C33 -> 7272.8 | P32: =Субсидии!D33 -> 7272.8 | Q32: =Субсидии!E33 -> 0 | R32: =Субсидии!F33 -> 7272.8 | S32: =R32/O32*100 -> 100 | T32: ='Субвенции '!B35 -> 347 | U32: ='Субвенции '!C35 -> 347.5 | V32: ='Субвенции '!D35 -> 347.5 | W32: ='Субвенции '!E35 -> 0 | X32: ='Субвенции '!F35 -> 219.11806 | Y32: =X32/U32*100 -> 63.055557
A33: Лопуховское МО | B33: =H33+N33+T33+Z33 -> 6189.8 | C33: =I33+O33+U33+AA33 -> 6190 | D33: =J33+P33+V33+AB33 -> 6190 | E33: =K33+Q33+W33+AC33 -> 0 | F33: =L33+R33+X33+AD33 -> 6100.779 | G33: =F33/C33*100 -> 98.558627 | N33: =Субсидии!B34 -> 6051 | O33: =Субсидии!C34 -> 6051 | P33: =Субсидии!D34 -> 6051 | Q33: =Субсидии!E34 -> 0 | R33: =Субсидии!F34 -> 6051 | S33: =R33/O33*100 -> 100 | T33: ='Субвенции '!B36 -> 138.8 | U33: ='Субвенции '!C36 -> 139 | V33: ='Субвенции '!D36 -> 139 | W33: ='Субвенции '!E36 -> 0 | X33: ='Субвенции '!F36 -> 49.779 | Y33: =X33/U33*100 -> 35.81223
A34: Озерное МО | B34: =H34+N34+T34+Z34 -> 6486.8 | C34: =I34+O34+U34+AA34 -> 8608.2772 | D34: =J34+P34+V34+AB34 -> 8608.2772 | E34: =K34+Q34+W34+AC34 -> 0 | F34: =L34+R34+X34+AD34 -> 7212.3793 | G34: =F34/C34*100 -> 83.784236 | N34: =Субсидии!B35 -> 6348 | O34: =Субсидии!C35 -> 8469.2772 | P34: =Субсидии!D35 -> 8469.2772 | Q34: =Субсидии!E35 -> 0 | R34: =Субсидии!F35 -> 7136.5344 | S34: =R34/O34*100 -> 84.263795 | T34: ='Субвенции '!B37 -> 138.8 | U34: ='Субвенции '!C37 -> 139 | V34: ='Субвенции '!D37 -> 139 | W34: ='Субвенции '!E37 -> 0 | X34: ='Субвенции '!F37 -> 75.84493 | Y34: =X34/U34*100 -> 54.564698
A35: Песчанское МО | B35: =H35+N35+T35+Z35 -> 0 | C35: =I35+O35+U35+AA35 -> 0 | D35: =J35+P35+V35+AB35 -> 0 | E35: =K35+Q35+W35+AC35 -> 0 | F35: =L35+R35+X35+AD35 -> 0 | N35: =Субсидии!B36 -> 0 | O35: =Субсидии!C36 -> 0 | P35: =Субсидии!D36 -> 0 | Q35: =Субсидии!E36 -> 0 | R35: =Субсидии!F36 -> 0 | T35: ='Субвенции '!B38 -> 0 | U35: ='Субвенции '!C38 -> 0 | V35: ='Субвенции '!D38 -> 0 | W35: ='Субвенции '!E38 -> 0 | X35: ='Субвенции '!F38 -> 0
A36: Петровское МО | B36: =H36+N36+T36+Z36 -> 0 | C36: =I36+O36+U36+AA36 -> 0 | D36: =J36+P36+V36+AB36 -> 0 | E36: =K36+Q36+W36+AC36 -> 0 | F36: =L36+R36+X36+AD36 -> 0 | N36: =Субсидии!B37 -> 0 | O36: =Субсидии!C37 -> 0 | P36: =Субсидии!D37 -> 0 | Q36: =Субсидии!E37 -> 0 | R36: =Субсидии!F37 -> 0 | T36: ='Субвенции '!B39 -> 0 | U36: ='Субвенции '!C39 -> 0 | V36: ='Субвенции '!D39 -> 0 | W36: ='Субвенции '!E39 -> 0 | X36: ='Субвенции '!F39 -> 0
A37: Тургеневское МО | B37: =H37+N37+T37+Z37 -> 0 | C37: =I37+O37+U37+AA37 -> 0 | D37: =J37+P37+V37+AB37 -> 0 | E37: =K37+Q37+W37+AC37 -> 0 | F37: =L37+R37+X37+AD37 -> 0 | N37: =Субсидии!B38 -> 0 | O37: =Субсидии!C38 -> 0 | P37: =Субсидии!D38 -> 0 | Q37: =Субсидии!E38 -> 0 | R37: =Субсидии!F38 -> 0 | T37: ='Субвенции '!B40 -> 0 | U37: ='Субвенции '!C40 -> 0 | V37: ='Субвенции '!D40 -> 0 | W37: ='Субвенции '!E40 -> 0 | X37: ='Субвенции '!F40 -> 0
A38: Языковское МО | B38: =H38+N38+T38+Z38 -> 0 | C38: =I38+O38+U38+AA38 -> 0 | D38: =J38+P38+V38+AB38 -> 0 | E38: =K38+Q38+W38+AC38 -> 0 | F38: =L38+R38+X38+AD38 -> 0 | N38: =Субсидии!B39 -> 0 | O38: =Субсидии!C39 -> 0 | P38: =Субсидии!D39 -> 0 | Q38: =Субсидии!E39 -> 0 | R38: =Субсидии!F39 -> 0 | T38: ='Субвенции '!B41 -> 0 | U38: ='Субвенции '!C41 -> 0 | V38: ='Субвенции '!D41 -> 0 | W38: ='Субвенции '!E41 -> 0 | X38: ='Субвенции '!F41 -> 0
A39: Базарно-Карабулакский район (консолидированный) | B39: =H39+N39+T39+Z39 -> 615949.45 | C39: =I39+O39+U39+AA39 -> 747100 | D39: =J39+P39+V39+AB39 -> 742045.21 | E39: =K39+Q39+W39+AC39 -> 5054.796 | F39: =L39+R39+X39+AD39 -> 521239.74 | G39: =F39/C39*100 -> 69.768403 | H39: =SUM(H40:H53) -> 134205.3 | I39: =SUM(I40:I53) -> 134205.3 | J39: =SUM(J40:J53) -> 134205.3 | K39: =SUM(K40:K53) -> 0 | L39: =SUM(L40:L53) -> 104463.4 | M39: =L39/I39*100 -> 77.838506 | N39: =SUM(N40:N53) -> 125774.75 | O39: =SUM(O40:O53) -> 141089.61 | P39: =SUM(P40:P53) -> 141089.61 | Q39: =SUM(Q40:Q53) -> 0 | R39: =SUM(R40:R53) -> 101077.27 | S39: =R39/O39*100 -> 71.640479 | T39: =SUM(T40:T53) -> 347675.7 | U39: =SUM(U40:U53) -> 393432 | V39: =SUM(V40:V53) -> 393432 | W39: =SUM(W40:W53) -> 0 | X39: =SUM(X40:X53) -> 283599.23 | Y39: =X39/U39*100 -> 72.083418 | Z39: =SUM(Z40:Z53) -> 8293.7 | AA39: =SUM(AA40:AA53) -> 78373.096 | AB39: =SUM(AB40:AB53) -> 73318.3 | AC39: =SUM(AC40:AC53) -> 5054.796 | AD39: =SUM(AD40:AD53) -> 32099.838 | AE39: =AD39/AA39*100 -> 40.957726
A40: Базарно-Карабулакский район (собственный) | B40: =H40+N40+T40+Z40 -> 565329.85 | C40: =I40+O40+U40+AA40 -> 643221.98 | D40: =J40+P40+V40+AB40 -> 643132.19 | E40: =K40+Q40+W40+AC40 -> 89.796 | F40: =L40+R40+X40+AD40 -> 464502.35 | G40: =F40/C40*100 -> 72.214937 | H40: =Дотации!B19 -> 134205.3 | I40: =Дотации!C19 -> 134205.3 | J40: =Дотации!D19 -> 134205.3 | K40: =Дотации!E19 -> 0 | L40: =Дотации!F19 -> 104463.4 | M40: =L40/I40*100 -> 77.838506 | N40: =Субсидии!B41 -> 77237.147 | O40: =Субсидии!C41 -> 85747.014 | P40: =Субсидии!D41 -> 85747.014 | Q40: =Субсидии!E41 -> 0 | R40: =Субсидии!F41 -> 55974.795 | S40: =R40/O40*100 -> 65.279001 | T40: ='Субвенции '!B43 -> 345593.7 | U40: ='Субвенции '!C43 -> 391347 | V40: ='Субвенции '!D43 -> 391347 | W40: ='Субвенции '!E43 -> 0 | X40: ='Субвенции '!F43 -> 282212.58 | Y40: =X40/U40*100 -> 72.113132 | Z40: =Иные!B25 -> 8293.7 | AA40: =Иные!C25 -> 31922.668 | AB40: =Иные!D25 -> 31832.872 | AC40: =Иные!E25 -> 89.796 | AD40: =Иные!F25 -> 21851.576 | AE40: =AD40/AA40*100 -> 68.451596
A41: Алексеевское МО | B41: =H41+N41+T41+Z41 -> 7679 | C41: =I41+O41+U41+AA41 -> 8933.4062 | D41: =J41+P41+V41+AB41 -> 8893.4062 | E41: =K41+Q41+W41+AC41 -> 40 | F41: =L41+R41+X41+AD41 -> 8436.4284 | G41: =F41/C41*100 -> 94.436861 | N41: =Субсидии!B42 -> 7332 | O41: =Субсидии!C42 -> 8545.9062 | P41: =Субсидии!D42 -> 8545.9062 | Q41: =Субсидии!E42 -> 0 | R41: =Субсидии!F42 -> 8149.1869 | S41: =R41/O41*100 -> 95.357786 | T41: ='Субвенции '!B44 -> 347 | U41: ='Субвенции '!C44 -> 347.5 | V41: ='Субвенции '!D44 -> 347.5 | W41: ='Субвенции '!E44 -> 0 | X41: ='Субвенции '!F44 -> 247.24147 | Y41: =X41/U41*100 -> 71.148624 | AA41: =Иные!C26 -> 40 | AB41: =Иные!D26 -> 0 | AC41: =Иные!E26 -> 40 | AD41: =Иные!F26 -> 40 | AE41: =AD41/AA41*100 -> 100
A42: Базарно-Карабулакское МО | B42: =H42+N42+T42+Z42 -> 8500 | C42: =I42+O42+U42+AA42 -> 49835.471 | D42: =J42+P42+V42+AB42 -> 49835.471 | E42: =K42+Q42+W42+AC42 -> 0 | F42: =L42+R42+X42+AD42 -> 13337.798 | G42: =F42/C42*100 -> 26.763663 | N42: =Субсидии!B43 -> 8500 | O42: =Субсидии!C43 -> 9650.0425 | P42: =Субсидии!D43 -> 9650.0425 | Q42: =Субсидии!E43 -> 0 | R42: =Субсидии!F43 -> 9354.5354 | S42: =R42/O42*100 -> 96.937764 | Z42: =Иные!B27 -> 0 | AA42: =Иные!C27 -> 40185.428 | AB42: =Иные!D27 -> 40185.428 | AC42: =Иные!E27 -> 0 | AD42: =Иные!F27 -> 3983.2622 | AE42: =AD42/AA42*100 -> 9.9122053
A43: Большечечуйское МО | B43: =H43+N43+T43+Z43 -> 2205.8 | C43: =I43+O43+U43+AA43 -> 2506 | D43: =J43+P43+V43+AB43 -> 2506 | E43: =K43+Q43+W43+AC43 -> 0 | F43: =L43+R43+X43+AD43 -> 2154.235 | G43: =F43/C43*100 -> 85.96309 | N43: =Субсидии!B44 -> 2067 | O43: =Субсидии!C44 -> 2367 | P43: =Субсидии!D44 -> 2367 | Q43: =Субсидии!E44 -> 0 | R43: =Субсидии!F44 -> 2067 | S43: =R43/O43*100 -> 87.325729 | T43: ='Субвенции '!B45 -> 138.8 | U43: ='Субвенции '!C45 -> 139 | V43: ='Субвенции '!D45 -> 139 | W43: ='Субвенции '!E45 -> 0 | X43: ='Субвенции '!F45 -> 87.23503 | Y43: =X43/U43*100 -> 62.759014
A44: Вязовское МО | B44: =H44+N44+T44+Z44 -> 0 | C44: =I44+O44+U44+AA44 -> 0 | D44: =J44+P44+V44+AB44 -> 0 | E44: =K44+Q44+W44+AC44 -> 0 | F44: =L44+R44+X44+AD44 -> 0 | T44: ='Субвенции '!B46 -> 0 | U44: ='Субвенции '!C46 -> 0 | V44: ='Субвенции '!D46 -> 0 | W44: ='Субвенции '!E46 -> 0 | X44: ='Субвенции '!F46 -> 0
A45: Липовское МО | B45: =H45+N45+T45+Z45 -> 6413.225 | C45: =I45+O45+U45+AA45 -> 8981.325 | D45: =J45+P45+V45+AB45 -> 8981.325 | E45: =K45+Q45+W45+AC45 -> 0 | F45: =L45+R45+X45+AD45 -> 1969.4376 | G45: =F45/C45*100 -> 21.928141 | N45: =Субсидии!B45 -> 6066.225 | O45: =Субсидии!C45 -> 7333.825 | P45: =Субсидии!D45 -> 7333.825 | Q45: =Субсидии!E45 -> 0 | R45: =Субсидии!F45 -> 437.81397 | S45: =R45/O45*100 -> 5.9697903 | T45: ='Субвенции '!B47 -> 347 | U45: ='Субвенции '!C47 -> 347.5 | V45: ='Субвенции '!D47 -> 347.5 | W45: ='Субвенции '!E47 -> 0 | X45: ='Субвенции '!F47 -> 231.6236 | Y45: =X45/U45*100 -> 66.654273 | Z45: =Иные!B28 -> 0 | AA45: =Иные!C28 -> 1300 | AB45: =Иные!D28 -> 1300 | AC45: =Иные!E28 -> 0 | AD45: =Иные!F28 -> 1300 | AE45: =AD45/AA45*100 -> 100
A46: Максимовское МО | B46: =H46+N46+T46+Z46 -> 5720.225 | C46: =I46+O46+U46+AA46 -> 5720.725 | D46: =J46+P46+V46+AB46 -> 5720.725 | E46: =K46+Q46+W46+AC46 -> 0 | F46: =L46+R46+X46+AD46 -> 5585.8256 | G46: =F46/C46*100 -> 97.641918 | N46: =Субсидии!B46 -> 5373.225 | O46: =Субсидии!C46 -> 5373.225 | P46: =Субсидии!D46 -> 5373.225 | Q46: =Субсидии!E46 -> 0 | R46: =Субсидии!F46 -> 5373.225 | S46: =R46/O46*100 -> 100 | T46: ='Субвенции '!B48 -> 347 | U46: ='Субвенции '!C48 -> 347.5 | V46: ='Субвенции '!D48 -> 347.5 | W46: ='Субвенции '!E48 -> 0 | X46: ='Субвенции '!F48 -> 212.60061 | Y46: =X46/U46*100 -> 61.180032
A47: Свободинское МО | B47: =H47+N47+T47+Z47 -> 3135.925 | C47: =I47+O47+U47+AA47 -> 9471.8695 | D47: =J47+P47+V47+AB47 -> 4546.8696 | E47: =K47+Q47+W47+AC47 -> 4925 | F47: =L47+R47+X47+AD47 -> 8483.3646 | G47: =F47/C47*100 -> 89.563782 | N47: =Субсидии!B47 -> 2788.925 | O47: =Субсидии!C47 -> 4199.3696 | P47: =Субсидии!D47 -> 4199.3696 | Q47: =Субсидии!E47 -> 0 | R47: =Субсидии!F47 -> 3310.4896 | S47: =R47/O47*100 -> 78.833013 | T47: ='Субвенции '!B49 -> 347 | U47: ='Субвенции '!C49 -> 347.5 | V47: ='Субвенции '!D49 -> 347.5 | W47: ='Субвенции '!E49 -> 0 | X47: ='Субвенции '!F49 -> 247.87505 | Y47: =X47/U47*100 -> 71.33095 | Z47: =Иные!B29 -> 0 | AA47: =Иные!C29 -> 4925 | AB47: =Иные!D29 -> 0 | AC47: =Иные!E29 -> 4925 | AD47: =Иные!F29 -> 4925 | AE47: =AD47/AA47*100 -> 100
A48: Старобурасское МО | B48: =H48+N48+T48+Z48 -> 2667.8 | C48: =I48+O48+U48+AA48 -> 2668 | D48: =J48+P48+V48+AB48 -> 2668 | E48: =K48+Q48+W48+AC48 -> 0 | F48: =L48+R48+X48+AD48 -> 2629.9611 | G48: =F48/C48*100 -> 98.574256 | N48: =Субсидии!B48 -> 2529 | O48: =Субсидии!C48 -> 2529 | P48: =Субсидии!D48 -> 2529 | Q48: =Субсидии!E48 -> 0 | R48: =Субсидии!F48 -> 2529 | S48: =R48/O48*100 -> 100 | T48: ='Субвенции '!B50 -> 138.8 | U48: ='Субвенции '!C50 -> 139 | V48: ='Субвенции '!D50 -> 139 | W48: ='Субвенции '!E50 -> 0 | X48: ='Субвенции '!F50 -> 100.96114 | Y48: =X48/U48*100 -> 72.633914
A49: Старожуковское МО | B49: =H49+N49+T49+Z49 -> 6211.025 | C49: =I49+O49+U49+AA49 -> 6211.225 | D49: =J49+P49+V49+AB49 -> 6211.225 | E49: =K49+Q49+W49+AC49 -> 0 | F49: =L49+R49+X49+AD49 -> 6152.5892 | G49: =F49/C49*100 -> 99.05597 | N49: =Субсидии!B49 -> 6072.225 | O49: =Субсидии!C49 -> 6072.225 | P49: =Субсидии!D49 -> 6072.225 | Q49: =Субсидии!E49 -> 0 | R49: =Субсидии!F49 -> 6072.225 | S49: =R49/O49*100 -> 100 | T49: ='Субвенции '!B51 -> 138.8 | U49: ='Субвенции '!C51 -> 139 | V49: ='Субвенции '!D51 -> 139 | W49: ='Субвенции '!E51 -> 0 | X49: ='Субвенции '!F51 -> 80.36418 | Y49: =X49/U49*100 -> 57.815957
A50: Тепляковское МО | B50: =H50+N50+T50+Z50 -> 0 | C50: =I50+O50+U50+AA50 -> 0 | D50: =J50+P50+V50+AB50 -> 0 | E50: =K50+Q50+W50+AC50 -> 0 | F50: =L50+R50+X50+AD50 -> 0 | T50: ='Субвенции '!B52 -> 0 | U50: ='Субвенции '!C52 -> 0 | V50: ='Субвенции '!D52 -> 0 | W50: ='Субвенции '!E52 -> 0 | X50: ='Субвенции '!F52 -> 0
A51: Хватовское МО | B51: =H51+N51+T51+Z51 -> 0 | C51: =I51+O51+U51+AA51 -> 0 | D51: =J51+P51+V51+AB51 -> 0 | E51: =K51+Q51+W51+AC51 -> 0 | F51: =L51+R51+X51+AD51 -> 0 | T51: ='Субвенции '!B53 -> 0 | U51: ='Субвенции '!C53 -> 0 | V51: ='Субвенции '!D53 -> 0 | W51: ='Субвенции '!E53 -> 0 | X51: ='Субвенции '!F53 -> 0
A52: Шняевское МО | B52: =H52+N52+T52+Z52 -> 2172.8 | C52: =I52+O52+U52+AA52 -> 3636 | D52: =J52+P52+V52+AB52 -> 3636 | E52: =K52+Q52+W52+AC52 -> 0 | F52: =L52+R52+X52+AD52 -> 2124.5512 | G52: =F52/C52*100 -> 58.431002 | N52: =Субсидии!B50 -> 2034 | O52: =Субсидии!C50 -> 3497 | P52: =Субсидии!D50 -> 3497 | Q52: =Субсидии!E50 -> 0 | R52: =Субсидии!F50 -> 2034 | S52: =R52/O52*100 -> 58.164141 | T52: ='Субвенции '!B54 -> 138.8 | U52: ='Субвенции '!C54 -> 139 | V52: ='Субвенции '!D54 -> 139 | W52: ='Субвенции '!E54 -> 0 | X52: ='Субвенции '!F54 -> 90.55124 | Y52: =X52/U52*100 -> 65.144777
A53: Яковлевское МО | B53: =H53+N53+T53+Z53 -> 5913.8 | C53: =I53+O53+U53+AA53 -> 5914 | D53: =J53+P53+V53+AB53 -> 5914 | E53: =K53+Q53+W53+AC53 -> 0 | F53: =L53+R53+X53+AD53 -> 5863.2046 | G53: =F53/C53*100 -> 99.141099 | N53: =Субсидии!B51 -> 5775 | O53: =Субсидии!C51 -> 5775 | P53: =Субсидии!D51 -> 5775 | Q53: =Субсидии!E51 -> 0 | R53: =Субсидии!F51 -> 5775 | S53: =R53/O53*100 -> 100 | T53: ='Субвенции '!B55 -> 138.8 | U53: ='Субвенции '!C55 -> 139 | V53: ='Субвенции '!D55 -> 139 | W53: ='Субвенции '!E55 -> 0 | X53: ='Субвенции '!F55 -> 88.20461 | Y53: =X53/U53*100 -> 63.456554
A54: Балаковский район (консолидированный) | B54: =H54+N54+T54+Z54 -> 2994013.7 | C54: =I54+O54+U54+AA54 -> 4540863.9 | D54: =J54+P54+V54+AB54 -> 4533422.5 | E54: =K54+Q54+W54+AC54 -> 7441.334 | F54: =L54+R54+X54+AD54 -> 3365983.3 | G54: =F54/C54*100 -> 74.126497 | H54: =SUM(H55:H58) -> 0 | I54: =SUM(I55:I58) -> 0 | J54: =SUM(J55:J58) -> 0 | K54: =SUM(K55:K58) -> 0 | L54: =SUM(L55:L58) -> 0 | N54: =SUM(N55:N58) -> 877125.29 | O54: =SUM(O55:O58) -> 1330369.1 | P54: =SUM(P55:P58) -> 1330369.1 | Q54: =SUM(Q55:Q58) -> 0 | R54: =SUM(R55:R58) -> 1119503 | S54: =R54/O54*100 -> 84.1498 | T54: =SUM(T55:T58) -> 2072267.7 | U54: =SUM(U55:U58) -> 2253997 | V54: =SUM(V55:V58) -> 2253997 | W54: =SUM(W55:W58) -> 0 | X54: =SUM(X55:X58) -> 1563077.3 | Y54: =X54/U54*100 -> 69.346913 | Z54: =SUM(Z55:Z58) -> 44620.7 | AA54: =SUM(AA55:AA58) -> 956497.72 | AB54: =SUM(AB55:AB58) -> 949056.39 | AC54: =SUM(AC55:AC58) -> 7441.334 | AD54: =SUM(AD55:AD58) -> 683403.01 | AE54: =AD54/AA54*100 -> 71.448472
A55: Балаковский район (собственный) | B55: =H55+N55+T55+Z55 -> 2448176.8 | C55: =I55+O55+U55+AA55 -> 2897388.9 | D55: =J55+P55+V55+AB55 -> 2890752.6 | E55: =K55+Q55+W55+AC55 -> 6636.334 | F55: =L55+R55+X55+AD55 -> 1923633.4 | G55: =F55/C55*100 -> 66.391965 | H55: =Дотации!B21 -> 0 | I55: =Дотации!C21 -> 0 | J55: =Дотации!D21 -> 0 | K55: =Дотации!E21 -> 0 | L55: =Дотации!F21 -> 0 | N55: =Субсидии!B53 -> 332329.75 | O55: =Субсидии!C53 -> 470618.63 | P55: =Субсидии!D53 -> 470618.63 | Q55: =Субсидии!E53 -> 0 | R55: =Субсидии!F53 -> 284212.9 | S55: =R55/O55*100 -> 60.391341 | T55: ='Субвенции '!B57 -> 2071226.4 | U55: ='Субвенции '!C57 -> 2252954.6 | V55: ='Субвенции '!D57 -> 2252954.6 | W55: ='Субвенции '!E57 -> 0 | X55: ='Субвенции '!F57 -> 1562409.5 | Y55: =X55/U55*100 -> 69.349357 | Z55: =Иные!B31 -> 44620.7 | AA55: =Иные!C31 -> 173815.67 | AB55: =Иные!D31 -> 167179.34 | AC55: =Иные!E31 -> 6636.334 | AD55: =Иные!F31 -> 77010.995 | AE55: =AD55/AA55*100 -> 44.306128
A56: город Балаково | B56: =H56+N56+T56+Z56 -> 423242.55 | C56: =I56+O56+U56+AA56 -> 1517000.4 | D56: =J56+P56+V56+AB56 -> 1516330.4 | E56: =K56+Q56+W56+AC56 -> 670 | F56: =L56+R56+X56+AD56 -> 1317670.7 | G56: =F56/C56*100 -> 86.86027 | N56: =Субсидии!B54 -> 423242.55 | O56: =Субсидии!C54 -> 734453.39 | P56: =Субсидии!D54 -> 734453.39 | Q56: =Субсидии!E54 -> 0 | R56: =Субсидии!F54 -> 711413.67 | S56: =R56/O56*100 -> 96.863011 | Z56: =Иные!B32 -> 0 | AA56: =Иные!C32 -> 782547.05 | AB56: =Иные!D32 -> 781877.05 | AC56: =Иные!E32 -> 670 | AD56: =Иные!F32 -> 606257.02 | AE56: =AD56/AA56*100 -> 77.472277
A57: Быково-Отрогское МО | B57: =H57+N57+T57+Z57 -> 36175.3 | C57: =I57+O57+U57+AA57 -> 38599.969 | D57: =J57+P57+V57+AB57 -> 38464.969 | E57: =K57+Q57+W57+AC57 -> 135 | F57: =L57+R57+X57+AD57 -> 37259.969 | G57: =F57/C57*100 -> 96.528496 | N57: =Субсидии!B56 -> 35481 | O57: =Субсидии!C56 -> 37770.069 | P57: =Субсидии!D56 -> 37770.069 | Q57: =Субсидии!E56 -> 0 | R57: =Субсидии!F56 -> 36679.35 | S57: =R57/O57*100 -> 97.112214 | T57: ='Субвенции '!B58 -> 694.3 | U57: ='Субвенции '!C58 -> 694.9 | V57: ='Субвенции '!D58 -> 694.9 | W57: ='Субвенции '!E58 -> 0 | X57: ='Субвенции '!F58 -> 445.61912 | Y57: =X57/U57*100 -> 64.127086 | Z57: =Иные!B34 -> 0 | AA57: =Иные!C34 -> 135 | AB57: =Иные!D34 -> 0 | AC57: =Иные!E34 -> 135 | AD57: =Иные!F34 -> 135 | AE57: =AD57/AA57*100 -> 100
A58: Натальинское МО | B58: =H58+N58+T58+Z58 -> 86419 | C58: =I58+O58+U58+AA58 -> 87874.546 | D58: =J58+P58+V58+AB58 -> 87874.546 | E58: =K58+Q58+W58+AC58 -> 0 | F58: =L58+R58+X58+AD58 -> 87419.231 | G58: =F58/C58*100 -> 99.481858 | N58: =Субсидии!B55 -> 86072 | O58: =Субсидии!C55 -> 87527.046 | P58: =Субсидии!D55 -> 87527.046 | Q58: =Субсидии!E55 -> 0 | R58: =Субсидии!F55 -> 87197.046 | S58: =R58/O58*100 -> 99.622974 | T58: ='Субвенции '!B59 -> 347 | U58: ='Субвенции '!C59 -> 347.5 | V58: ='Субвенции '!D59 -> 347.5 | W58: ='Субвенции '!E59 -> 0 | X58: ='Субвенции '!F59 -> 222.18493 | Y58: =X58/U58*100 -> 63.938109 | Z58: =Иные!B33 -> 0 | AA58: =Иные!C33 -> 0 | AB58: =Иные!D33 -> 0 | AC58: =Иные!E33 -> 0 | AD58: =Иные!F33 -> 0
A59: Балашовский район (консолидированный) | B59: =H59+N59+T59+Z59 -> 1787215.7 | C59: =I59+O59+U59+AA59 -> 2316542.3 | D59: =J59+P59+V59+AB59 -> 2309968.2 | E59: =K59+Q59+W59+AC59 -> 6574.042 | F59: =L59+R59+X59+AD59 -> 1671328.4 | G59: =F59/C59*100 -> 72.147544 | H59: =SUM(H60:H76) -> 250558.2 | I59: =SUM(I60:I76) -> 248052.6 | J59: =SUM(J60:J76) -> 248052.6 | K59: =SUM(K60:K76) -> 0 | L59: =SUM(L60:L76) -> 197612.4 | M59: =L59/I59*100 -> 79.665523 | N59: =SUM(N60:N76) -> 469090.8 | O59: =SUM(O60:O76) -> 771192.84 | P59: =SUM(P60:P76) -> 771192.84 | Q59: =SUM(Q60:Q76) -> 0 | R59: =SUM(R60:R76) -> 532841.01 | S59: =R59/O59*100 -> 69.093096 | T59: =SUM(T60:T76) -> 1033863.8 | U59: =SUM(U60:U76) -> 1181949.8 | V59: =SUM(V60:V76) -> 1181949.8 | W59: =SUM(W60:W76) -> 0 | X59: =SUM(X60:X76) -> 841074.64 | Y59: =X59/U59*100 -> 71.159929 | Z59: =SUM(Z60:Z76) -> 33702.9 | AA59: =SUM(AA60:AA76) -> 115347.04 | AB59: =SUM(AB60:AB76) -> 108773 | AC59: =SUM(AC60:AC76) -> 6574.042 | AD59: =SUM(AD60:AD76) -> 99800.322 | AE59: =AD59/AA59*100 -> 86.521787
A60: Балашовский район (собственный) | B60: =H60+N60+T60+Z60 -> 1566595.9 | C60: =I60+O60+U60+AA60 -> 1968320.9 | D60: =J60+P60+V60+AB60 -> 1961827.3 | E60: =K60+Q60+W60+AC60 -> 6493.542 | F60: =L60+R60+X60+AD60 -> 1341739.3 | G60: =F60/C60*100 -> 68.166697 | H60: =Дотации!B24 -> 250558.2 | I60: =Дотации!C24 -> 248052.6 | J60: =Дотации!D24 -> 248052.6 | K60: =Дотации!E24 -> 0 | L60: =Дотации!F24 -> 197612.4 | M60: =L60/I60*100 -> 79.665523 | N60: =Субсидии!B58 -> 251593.96 | O60: =Субсидии!C58 -> 486179.43 | P60: =Субсидии!D58 -> 486179.43 | Q60: =Субсидии!E58 -> 0 | R60: =Субсидии!F58 -> 262862.65 | S60: =R60/O60*100 -> 54.067005 | T60: ='Субвенции '!B61 -> 1030740.8 | U60: ='Субвенции '!C61 -> 1178822.3 | V60: ='Субвенции '!D61 -> 1178822.3 | W60: ='Субвенции '!E61 -> 0 | X60: ='Субвенции '!F61 -> 839149.17 | Y60: =X60/U60*100 -> 71.185383 | Z60: =Иные!B36 -> 33702.9 | AA60: =Иные!C36 -> 55266.542 | AB60: =Иные!D36 -> 48773 | AC60: =Иные!E36 -> 6493.542 | AD60: =Иные!F36 -> 42115.1 | AE60: =AD60/AA60*100 -> 76.20361
A61: город Балашов | B61: =H61+N61+T61+Z61 -> 55922.025 | C61: =I61+O61+U61+AA61 -> 148734.39 | D61: =J61+P61+V61+AB61 -> 148653.89 | E61: =K61+Q61+W61+AC61 -> 80.5 | F61: =L61+R61+X61+AD61 -> 137418.7 | G61: =F61/C61*100 -> 92.392016 | H61: =Дотации!B25 -> 0 | I61: =Дотации!C25 -> 0 | J61: =Дотации!D25 -> 0 | K61: =Дотации!E25 -> 0 | L61: =Дотации!F25 -> 0 | N61: =Субсидии!B59 -> 55922.025 | O61: =Субсидии!C59 -> 88653.893 | P61: =Субсидии!D59 -> 88653.893 | Q61: =Субсидии!E59 -> 0 | R61: =Субсидии!F59 -> 79733.483 | S61: =R61/O61*100 -> 89.937937 | Z61: =Иные!B37 -> 0 | AA61: =Иные!C37 -> 60080.5 | AB61: =Иные!D37 -> 60000 | AC61: =Иные!E37 -> 80.5 | AD61: =Иные!F37 -> 57685.222 | AE61: =AD61/AA61*100 -> 96.013219
A62: Барковское МО | B62: =H62+N62+T62+Z62 -> 5895.8 | C62: =I62+O62+U62+AA62 -> 5896 | D62: =J62+P62+V62+AB62 -> 5896 | E62: =K62+Q62+W62+AC62 -> 0 | F62: =L62+R62+X62+AD62 -> 5840.5566 | G62: =F62/C62*100 -> 99.059643 | N62: =Субсидии!B60 -> 5757 | O62: =Субсидии!C60 -> 5757 | P62: =Субсидии!D60 -> 5757 | Q62: =Субсидии!E60 -> 0 | R62: =Субсидии!F60 -> 5757 | S62: =R62/O62*100 -> 100 | T62: ='Субвенции '!B62 -> 138.8 | U62: ='Субвенции '!C62 -> 139 | V62: ='Субвенции '!D62 -> 139 | W62: ='Субвенции '!E62 -> 0 | X62: ='Субвенции '!F62 -> 83.55655 | Y62: =X62/U62*100 -> 60.112626
A63: Большемеликское МО | B63: =H63+N63+T63+Z63 -> 97331.815 | C63: =I63+O63+U63+AA63 -> 97332.315 | D63: =J63+P63+V63+AB63 -> 97332.315 | E63: =K63+Q63+W63+AC63 -> 0 | F63: =L63+R63+X63+AD63 -> 97218.388 | G63: =F63/C63*100 -> 99.88295 | N63: =Субсидии!B61 -> 96984.815 | O63: =Субсидии!C61 -> 96984.815 | P63: =Субсидии!D61 -> 96984.815 | Q63: =Субсидии!E61 -> 0 | R63: =Субсидии!F61 -> 96984.815 | S63: =R63/O63*100 -> 100 | T63: ='Субвенции '!B63 -> 347 | U63: ='Субвенции '!C63 -> 347.5 | V63: ='Субвенции '!D63 -> 347.5 | W63: ='Субвенции '!E63 -> 0 | X63: ='Субвенции '!F63 -> 233.57264 | Y63: =X63/U63*100 -> 67.215148
A64: Лесновское МО | B64: =H64+N64+T64+Z64 -> 2538.8 | C64: =I64+O64+U64+AA64 -> 3209.0921 | D64: =J64+P64+V64+AB64 -> 3209.0921 | E64: =K64+Q64+W64+AC64 -> 0 | F64: =L64+R64+X64+AD64 -> 2793.24 | G64: =F64/C64*100 -> 87.04144 | N64: =Субсидии!B62 -> 2400 | O64: =Субсидии!C62 -> 3070.0921 | P64: =Субсидии!D62 -> 3070.0921 | Q64: =Субсидии!E62 -> 0 | R64: =Субсидии!F62 -> 2706.3413 | S64: =R64/O64*100 -> 88.151796 | T64: ='Субвенции '!B64 -> 138.8 | U64: ='Субвенции '!C64 -> 139 | V64: ='Субвенции '!D64 -> 139 | W64: ='Субвенции '!E64 -> 0 | X64: ='Субвенции '!F64 -> 86.89865 | Y64: =X64/U64*100 -> 62.517014
A65: Малосеменовское МО | B65: =H65+N65+T65+Z65 -> 3129.8 | C65: =I65+O65+U65+AA65 -> 34965.106 | D65: =J65+P65+V65+AB65 -> 34965.106 | E65: =K65+Q65+W65+AC65 -> 0 | F65: =L65+R65+X65+AD65 -> 31424.202 | G65: =F65/C65*100 -> 89.873036 | N65: =Субсидии!B63 -> 2991 | O65: =Субсидии!C63 -> 34826.106 | P65: =Субсидии!D63 -> 34826.106 | Q65: =Субсидии!E63 -> 0 | R65: =Субсидии!F63 -> 31354.714 | S65: =R65/O65*100 -> 90.032212 | T65: ='Субвенции '!B65 -> 138.8 | U65: ='Субвенции '!C65 -> 139 | V65: ='Субвенции '!D65 -> 139 | W65: ='Субвенции '!E65 -> 0 | X65: ='Субвенции '!F65 -> 69.48884 | Y65: =X65/U65*100 -> 49.991971
A66: Новопокровское МО | B66: =H66+N66+T66+Z66 -> 3717.8 | C66: =I66+O66+U66+AA66 -> 3718 | D66: =J66+P66+V66+AB66 -> 3718 | E66: =K66+Q66+W66+AC66 -> 0 | F66: =L66+R66+X66+AD66 -> 3667.9386 | G66: =F66/C66*100 -> 98.653539 | N66: =Субсидии!B64 -> 3579 | O66: =Субсидии!C64 -> 3579 | P66: =Субсидии!D64 -> 3579 | Q66: =Субсидии!E64 -> 0 | R66: =Субсидии!F64 -> 3579 | S66: =R66/O66*100 -> 100 | T66: ='Субвенции '!B66 -> 138.8 | U66: ='Субвенции '!C66 -> 139 | V66: ='Субвенции '!D66 -> 139 | W66: ='Субвенции '!E66 -> 0 | X66: ='Субвенции '!F66 -> 88.93859 | Y66: =X66/U66*100 -> 63.984597
A67: Октябрьское МО | B67: =H67+N67+T67+Z67 -> 5262.8 | C67: =I67+O67+U67+AA67 -> 5263 | D67: =J67+P67+V67+AB67 -> 5263 | E67: =K67+Q67+W67+AC67 -> 0 | F67: =L67+R67+X67+AD67 -> 5218.3678 | G67: =F67/C67*100 -> 99.151963 | N67: =Субсидии!B65 -> 5124 | O67: =Субсидии!C65 -> 5124 | P67: =Субсидии!D65 -> 5124 | Q67: =Субсидии!E65 -> 0 | R67: =Субсидии!F65 -> 5124 | S67: =R67/O67*100 -> 100 | T67: ='Субвенции '!B67 -> 138.8 | U67: ='Субвенции '!C67 -> 139 | V67: ='Субвенции '!D67 -> 139 | W67: ='Субвенции '!E67 -> 0 | X67: ='Субвенции '!F67 -> 94.36781 | Y67: =X67/U67*100 -> 67.890511
A68: Пинеровское МО | B68: =H68+N68+T68+Z68 -> 347 | C68: =I68+O68+U68+AA68 -> 347.5 | D68: =J68+P68+V68+AB68 -> 347.5 | E68: =K68+Q68+W68+AC68 -> 0 | F68: =L68+R68+X68+AD68 -> 214.29367 | G68: =F68/C68*100 -> 61.667243 | N68: =Субсидии!B67 -> 0 | O68: =Субсидии!C67 -> 0 | P68: =Субсидии!D67 -> 0 | Q68: =Субсидии!E67 -> 0 | R68: =Субсидии!F67 -> 0 | T68: ='Субвенции '!B69 -> 347 | U68: ='Субвенции '!C69 -> 347.5 | V68: ='Субвенции '!D69 -> 347.5 | W68: ='Субвенции '!E69 -> 0 | X68: ='Субвенции '!F69 -> 214.29367 | Y68: =X68/U68*100 -> 61.667243 | Z68: =Иные!B39 -> 0 | AA68: =Иные!C39 -> 0 | AB68: =Иные!D39 -> 0 | AC68: =Иные!E39 -> 0 | AD68: =Иные!F39 -> 0
A69: Первомайское МО | B69: =H69+N69+T69+Z69 -> 3603.8 | C69: =I69+O69+U69+AA69 -> 3604 | D69: =J69+P69+V69+AB69 -> 3604 | E69: =K69+Q69+W69+AC69 -> 0 | F69: =L69+R69+X69+AD69 -> 3556.0499 | G69: =F69/C69*100 -> 98.669532 | N69: =Субсидии!B66 -> 3465 | O69: =Субсидии!C66 -> 3465 | P69: =Субсидии!D66 -> 3465 | Q69: =Субсидии!E66 -> 0 | R69: =Субсидии!F66 -> 3465 | S69: =R69/O69*100 -> 100 | T69: ='Субвенции '!B68 -> 138.8 | U69: ='Субвенции '!C68 -> 139 | V69: ='Субвенции '!D68 -> 139 | W69: ='Субвенции '!E68 -> 0 | X69: ='Субвенции '!F68 -> 91.04994 | Y69: =X69/U69*100 -> 65.503554
A70: Репинское МО | B70: =H70+N70+T70+Z70 -> 10349 | C70: =I70+O70+U70+AA70 -> 10349.5 | D70: =J70+P70+V70+AB70 -> 10349.5 | E70: =K70+Q70+W70+AC70 -> 0 | F70: =L70+R70+X70+AD70 -> 10212.062 | G70: =F70/C70*100 -> 98.67203 | N70: =Субсидии!B68 -> 10002 | O70: =Субсидии!C68 -> 10002 | P70: =Субсидии!D68 -> 10002 | Q70: =Субсидии!E68 -> 0 | R70: =Субсидии!F68 -> 10002 | S70: =R70/O70*100 -> 100 | T70: ='Субвенции '!B70 -> 347 | U70: ='Субвенции '!C70 -> 347.5 | V70: ='Субвенции '!D70 -> 347.5 | W70: ='Субвенции '!E70 -> 0 | X70: ='Субвенции '!F70 -> 210.06173 | Y70: =X70/U70*100 -> 60.449419
A71: Родничковское МО | B71: =H71+N71+T71+Z71 -> 4884.8 | C71: =I71+O71+U71+AA71 -> 5364.5053 | D71: =J71+P71+V71+AB71 -> 5364.5053 | E71: =K71+Q71+W71+AC71 -> 0 | F71: =L71+R71+X71+AD71 -> 4834.2858 | G71: =F71/C71*100 -> 90.116152 | N71: =Субсидии!B69 -> 4746 | O71: =Субсидии!C69 -> 5225.5053 | P71: =Субсидии!D69 -> 5225.5053 | Q71: =Субсидии!E69 -> 0 | R71: =Субсидии!F69 -> 4746 | S71: =R71/O71*100 -> 90.823752 | T71: ='Субвенции '!B71 -> 138.8 | U71: ='Субвенции '!C71 -> 139 | V71: ='Субвенции '!D71 -> 139 | W71: ='Субвенции '!E71 -> 0 | X71: ='Субвенции '!F71 -> 88.28577 | Y71: =X71/U71*100 -> 63.514942
A72: Соцземледельское МО | B72: =H72+N72+T72+Z72 -> 3492.8 | C72: =I72+O72+U72+AA72 -> 3493 | D72: =J72+P72+V72+AB72 -> 3493 | E72: =K72+Q72+W72+AC72 -> 0 | F72: =L72+R72+X72+AD72 -> 3430.1366 | G72: =F72/C72*100 -> 98.200303 | N72: =Субсидии!B70 -> 3354 | O72: =Субсидии!C70 -> 3354 | P72: =Субсидии!D70 -> 3354 | Q72: =Субсидии!E70 -> 0 | R72: =Субсидии!F70 -> 3354 | S72: =R72/O72*100 -> 100 | T72: ='Субвенции '!B72 -> 138.8 | U72: ='Субвенции '!C72 -> 139 | V72: ='Субвенции '!D72 -> 139 | W72: ='Субвенции '!E72 -> 0 | X72: ='Субвенции '!F72 -> 76.13659 | Y72: =X72/U72*100 -> 54.774525
A73: Старохоперское МО | B73: =H73+N73+T73+Z73 -> 2730.8 | C73: =I73+O73+U73+AA73 -> 2731 | D73: =J73+P73+V73+AB73 -> 2731 | E73: =K73+Q73+W73+AC73 -> 0 | F73: =L73+R73+X73+AD73 -> 2663.6009 | G73: =F73/C73*100 -> 97.532074 | N73: =Субсидии!B71 -> 2592 | O73: =Субсидии!C71 -> 2592 | P73: =Субсидии!D71 -> 2592 | Q73: =Субсидии!E71 -> 0 | R73: =Субсидии!F71 -> 2592 | S73: =R73/O73*100 -> 100 | T73: ='Субвенции '!B73 -> 138.8 | U73: ='Субвенции '!C73 -> 139 | V73: ='Субвенции '!D73 -> 139 | W73: ='Субвенции '!E73 -> 0 | X73: ='Субвенции '!F73 -> 71.60094 | Y73: =X73/U73*100 -> 51.511468
A74: Терновское МО | B74: =H74+N74+T74+Z74 -> 6057.8 | C74: =I74+O74+U74+AA74 -> 6058 | D74: =J74+P74+V74+AB74 -> 6058 | E74: =K74+Q74+W74+AC74 -> 0 | F74: =L74+R74+X74+AD74 -> 6004.0727 | G74: =F74/C74*100 -> 99.109817 | N74: =Субсидии!B72 -> 5919 | O74: =Субсидии!C72 -> 5919 | P74: =Субсидии!D72 -> 5919 | Q74: =Субсидии!E72 -> 0 | R74: =Субсидии!F72 -> 5919 | S74: =R74/O74*100 -> 100 | T74: ='Субвенции '!B74 -> 138.8 | U74: ='Субвенции '!C74 -> 139 | V74: ='Субвенции '!D74 -> 139 | W74: ='Субвенции '!E74 -> 0 | X74: ='Субвенции '!F74 -> 85.07273 | Y74: =X74/U74*100 -> 61.203403
A75: Тростянское МО | B75: =H75+N75+T75+Z75 -> 7400 | C75: =I75+O75+U75+AA75 -> 7700.5 | D75: =J75+P75+V75+AB75 -> 7700.5 | E75: =K75+Q75+W75+AC75 -> 0 | F75: =L75+R75+X75+AD75 -> 7272.0118 | G75: =F75/C75*100 -> 94.43558 | N75: =Субсидии!B73 -> 7053 | O75: =Субсидии!C73 -> 7353 | P75: =Субсидии!D73 -> 7353 | Q75: =Субсидии!E73 -> 0 | R75: =Субсидии!F73 -> 7053 | S75: =R75/O75*100 -> 95.920033 | T75: ='Субвенции '!B75 -> 347 | U75: ='Субвенции '!C75 -> 347.5 | V75: ='Субвенции '!D75 -> 347.5 | W75: ='Субвенции '!E75 -> 0 | X75: ='Субвенции '!F75 -> 219.01182 | Y75: =X75/U75*100 -> 63.024984
A76: Хоперское МО | B76: =H76+N76+T76+Z76 -> 7955 | C76: =I76+O76+U76+AA76 -> 9455.5 | D76: =J76+P76+V76+AB76 -> 9455.5 | E76: =K76+Q76+W76+AC76 -> 0 | F76: =L76+R76+X76+AD76 -> 7821.1313 | G76: =F76/C76*100 -> 82.715153 | N76: =Субсидии!B74 -> 7608 | O76: =Субсидии!C74 -> 9108 | P76: =Субсидии!D74 -> 9108 | Q76: =Субсидии!E74 -> 0 | R76: =Субсидии!F74 -> 7608 | S76: =R76/O76*100 -> 83.530962 | T76: ='Субвенции '!B76 -> 347 | U76: ='Субвенции '!C76 -> 347.5 | V76: ='Субвенции '!D76 -> 347.5 | W76: ='Субвенции '!E76 -> 0 | X76: ='Субвенции '!F76 -> 213.13127 | Y76: =X76/U76*100 -> 61.33274
A77: Балтайский район (консолидированный) | B77: =H77+N77+T77+Z77 -> 322861.36 | C77: =I77+O77+U77+AA77 -> 494774.64 | D77: =J77+P77+V77+AB77 -> 492841.09 | E77: =K77+Q77+W77+AC77 -> 1933.5561 | F77: =L77+R77+X77+AD77 -> 342328.25 | G77: =F77/C77*100 -> 69.188721 | H77: =SUM(H78:H82) -> 80846.3 | I77: =SUM(I78:I82) -> 80846.3 | J77: =SUM(J78:J82) -> 80846.3 | K77: =SUM(K78:K82) -> 0 | L77: =SUM(L78:L82) -> 60634.8 | M77: =L77/I77*100 -> 75.000093 | N77: =SUM(N78:N82) -> 83354.156 | O77: =SUM(O78:O82) -> 94030.557 | P77: =SUM(P78:P82) -> 94030.557 | Q77: =SUM(Q78:Q82) -> 0 | R77: =SUM(R78:R82) -> 73305.133 | S77: =R77/O77*100 -> 77.958841 | T77: =SUM(T78:T82) -> 153740.9 | U77: =SUM(U78:U82) -> 173178.9 | V77: =SUM(V78:V82) -> 173178.9 | W77: =SUM(W78:W82) -> 0 | X77: =SUM(X78:X82) -> 135425.64 | Y77: =X77/U77*100 -> 78.199849 | Z77: =SUM(Z78:Z82) -> 4920 | AA77: =SUM(AA78:AA82) -> 146718.89 | AB77: =SUM(AB78:AB82) -> 144785.33 | AC77: =SUM(AC78:AC82) -> 1933.5561 | AD77: =SUM(AD78:AD82) -> 72962.677 | AE77: =AD77/AA77*100 -> 49.729574
A78: Балтайский район (собственный) | B78: =H78+N78+T78+Z78 -> 283497.76 | C78: =I78+O78+U78+AA78 -> 438775.4 | D78: =J78+P78+V78+AB78 -> 438350.53 | E78: =K78+Q78+W78+AC78 -> 424.864 | F78: =L78+R78+X78+AD78 -> 297855.96 | G78: =F78/C78*100 -> 67.883468 | H78: =Дотации!B26 -> 80846.3 | I78: =Дотации!C26 -> 80846.3 | J78: =Дотации!D26 -> 80846.3 | K78: =Дотации!E26 -> 0 | L78: =Дотации!F26 -> 60634.8 | M78: =L78/I78*100 -> 75.000093 | N78: =Субсидии!B76 -> 44962.156 | O78: =Субсидии!C76 -> 51428.556 | P78: =Субсидии!D76 -> 51428.556 | Q78: =Субсидии!E76 -> 0 | R78: =Субсидии!F76 -> 32773.178 | S78: =R78/O78*100 -> 63.725643 | T78: ='Субвенции '!B78 -> 152769.3 | U78: ='Субвенции '!C78 -> 172205.9 | V78: ='Субвенции '!D78 -> 172205.9 | W78: ='Субвенции '!E78 -> 0 | X78: ='Субвенции '!F78 -> 134785.94 | Y78: =X78/U78*100 -> 78.270223 | Z78: =Иные!B44 -> 4920 | AA78: =Иные!C44 -> 134294.64 | AB78: =Иные!D44 -> 133869.78 | AC78: =Иные!E44 -> 424.864 | AD78: =Иные!F44 -> 69662.035 | AE78: =AD78/AA78*100 -> 51.872536
A79: Балтайское МО | B79: =H79+N79+T79+Z79 -> 23214 | C79: =I79+O79+U79+AA79 -> 34668.842 | D79: =J79+P79+V79+AB79 -> 34668.842 | E79: =K79+Q79+W79+AC79 -> 0 | F79: =L79+R79+X79+AD79 -> 26031.894 | G79: =F79/C79*100 -> 75.087291 | N79: =Субсидии!B77 -> 22867 | O79: =Субсидии!C77 -> 24613.11 | P79: =Субсидии!D77 -> 24613.11 | Q79: =Субсидии!E77 -> 0 | R79: =Субсидии!F77 -> 24013.11 | S79: =R79/O79*100 -> 97.562275 | T79: ='Субвенции '!B79 -> 347 | U79: ='Субвенции '!C79 -> 347.5 | V79: ='Субвенции '!D79 -> 347.5 | W79: ='Субвенции '!E79 -> 0 | X79: ='Субвенции '!F79 -> 226.83393 | Y79: =X79/U79*100 -> 65.275951 | Z79: =Иные!B45 -> 0 | AA79: =Иные!C45 -> 9708.2311 | AB79: =Иные!D45 -> 9708.2311 | AC79: =Иные!E45 -> 0 | AD79: =Иные!F45 -> 1791.9497 | AE79: =AD79/AA79*100 -> 18.458045
A80: Барнуковское МО | B80: =H80+N80+T80+Z80 -> 3405.8 | C80: =I80+O80+U80+AA80 -> 3888.8439 | D80: =J80+P80+V80+AB80 -> 3888.8439 | E80: =K80+Q80+W80+AC80 -> 0 | F80: =L80+R80+X80+AD80 -> 3838.9938 | G80: =F80/C80*100 -> 98.718125 | N80: =Субсидии!B78 -> 3267 | O80: =Субсидии!C78 -> 3749.8439 | P80: =Субсидии!D78 -> 3749.8439 | Q80: =Субсидии!E78 -> 0 | R80: =Субсидии!F78 -> 3749.8439 | S80: =R80/O80*100 -> 100 | T80: ='Субвенции '!B80 -> 138.8 | U80: ='Субвенции '!C80 -> 139 | V80: ='Субвенции '!D80 -> 139 | W80: ='Субвенции '!E80 -> 0 | X80: ='Субвенции '!F80 -> 89.14987 | Y80: =X80/U80*100 -> 64.136597
A81: Большеозерское МО | B81: =H81+N81+T81+Z81 -> 5433.8 | C81: =I81+O81+U81+AA81 -> 6904.046 | D81: =J81+P81+V81+AB81 -> 6904.046 | E81: =K81+Q81+W81+AC81 -> 0 | F81: =L81+R81+X81+AD81 -> 5381.5596 | G81: =F81/C81*100 -> 77.947911 | N81: =Субсидии!B79 -> 5295 | O81: =Субсидии!C79 -> 6765.046 | P81: =Субсидии!D79 -> 6765.046 | Q81: =Субсидии!E79 -> 0 | R81: =Субсидии!F79 -> 5295 | S81: =R81/O81*100 -> 78.269978 | T81: ='Субвенции '!B81 -> 138.8 | U81: ='Субвенции '!C81 -> 139 | V81: ='Субвенции '!D81 -> 139 | W81: ='Субвенции '!E81 -> 0 | X81: ='Субвенции '!F81 -> 86.55961 | Y81: =X81/U81*100 -> 62.273101
A82: Царевщинское МО | B82: =H82+N82+T82+Z82 -> 7310 | C82: =I82+O82+U82+AA82 -> 10537.515 | D82: =J82+P82+V82+AB82 -> 9028.8228 | E82: =K82+Q82+W82+AC82 -> 1508.6921 | F82: =L82+R82+X82+AD82 -> 9219.8445 | G82: =F82/C82*100 -> 87.495435 | N82: =Субсидии!B80 -> 6963 | O82: =Субсидии!C80 -> 7474 | P82: =Субсидии!D80 -> 7474 | Q82: =Субсидии!E80 -> 0 | R82: =Субсидии!F80 -> 7474 | S82: =R82/O82*100 -> 100 | T82: ='Субвенции '!B82 -> 347 | U82: ='Субвенции '!C82 -> 347.5 | V82: ='Субвенции '!D82 -> 347.5 | W82: ='Субвенции '!E82 -> 0 | X82: ='Субвенции '!F82 -> 237.15242 | Y82: =X82/U82*100 -> 68.245301 | AA82: =Иные!C46 -> 2716.0149 | AB82: =Иные!D46 -> 1207.3228 | AC82: =Иные!E46 -> 1508.6921 | AD82: =Иные!F46 -> 1508.6921 | AE82: =AD82/AA82*100 -> 55.548004
A83: Вольский район (консолидированный) | B83: =H83+N83+T83+Z83 -> 1206809.5 | C83: =I83+O83+U83+AA83 -> 1634440.3 | D83: =J83+P83+V83+AB83 -> 1632905.5 | E83: =K83+Q83+W83+AC83 -> 1534.774 | F83: =L83+R83+X83+AD83 -> 1103425.2 | G83: =F83/C83*100 -> 67.51089 | H83: =SUM(H84:H99) -> 113055.4 | I83: =SUM(I84:I99) -> 113055.4 | J83: =SUM(J84:J99) -> 113055.4 | K83: =SUM(K84:K99) -> 0 | L83: =SUM(L84:L99) -> 89591.5 | M83: =L83/I83*100 -> 79.245662 | N83: =SUM(N84:N99) -> 247854.78 | O83: =SUM(O84:O99) -> 310251.19 | P83: =SUM(P84:P99) -> 310251.19 | Q83: =SUM(Q84:Q99) -> 0 | R83: =SUM(R84:R99) -> 210579.24 | S83: =R83/O83*100 -> 67.873791 | T83: =SUM(T84:T99) -> 826575.3 | U83: =SUM(U84:U99) -> 923653.4 | V83: =SUM(V84:V99) -> 923653.4 | W83: =SUM(W84:W99) -> 0 | X83: =SUM(X84:X99) -> 696054.58 | Y83: =X83/U83*100 -> 75.35885 | Z83: =SUM(Z84:Z99) -> 19324 | AA83: =SUM(AA84:AA99) -> 287480.3 | AB83: =SUM(AB84:AB99) -> 285945.53 | AC83: =SUM(AC84:AC99) -> 1534.774 | AD83: =SUM(AD84:AD99) -> 107199.87 | AE83: =AD83/AA83*100 -> 37.289466
A84: Вольский район (собственный) | B84: =H84+N84+T84+Z84 -> 1113753.3 | C84: =I84+O84+U84+AA84 -> 1306706.5 | D84: =J84+P84+V84+AB84 -> 1305411.7 | E84: =K84+Q84+W84+AC84 -> 1294.774 | F84: =L84+R84+X84+AD84 -> 956336.58 | G84: =F84/C84*100 -> 73.186794 | H84: =Дотации!B28 -> 113055.4 | I84: =Дотации!C28 -> 113055.4 | J84: =Дотации!D28 -> 113055.4 | K84: =Дотации!E28 -> 0 | L84: =Дотации!F28 -> 89591.5 | M84: =L84/I84*100 -> 79.245662 | N84: =Субсидии!B82 -> 157574.58 | O84: =Субсидии!C82 -> 178037.38 | P84: =Субсидии!D82 -> 178037.38 | Q84: =Субсидии!E82 -> 0 | R84: =Субсидии!F82 -> 113860.53 | S84: =R84/O84*100 -> 63.953163 | T84: ='Субвенции '!B84 -> 823799.3 | U84: ='Субвенции '!C84 -> 920873.4 | V84: ='Субвенции '!D84 -> 920873.4 | W84: ='Субвенции '!E84 -> 0 | X84: ='Субвенции '!F84 -> 694468.94 | Y84: =X84/U84*100 -> 75.41416 | Z84: =Иные!B48 -> 19324 | AA84: =Иные!C48 -> 94740.301 | AB84: =Иные!D48 -> 93445.527 | AC84: =Иные!E48 -> 1294.774 | AD84: =Иные!F48 -> 58415.615 | AE84: =AD84/AA84*100 -> 61.658675
A85: город Вольск | B85: =H85+N85+T85+Z85 -> 42766.2 | C85: =I85+O85+U85+AA85 -> 225911.8 | D85: =J85+P85+V85+AB85 -> 225911.8 | E85: =K85+Q85+W85+AC85 -> 0 | F85: =L85+R85+X85+AD85 -> 77782.653 | G85: =F85/C85*100 -> 34.43054 | N85: =Субсидии!B83 -> 42766.2 | O85: =Субсидии!C83 -> 33411.8 | P85: =Субсидии!D83 -> 33411.8 | Q85: =Субсидии!E83 -> 0 | R85: =Субсидии!F83 -> 29238.4 | S85: =R85/O85*100 -> 87.509202 | Z85: =Иные!B49 -> 0 | AA85: =Иные!C49 -> 192500 | AB85: =Иные!D49 -> 192500 | AC85: =Иные!E49 -> 0 | AD85: =Иные!F49 -> 48544.253 | AE85: =AD85/AA85*100 -> 25.217794
A86: Барановское МО | B86: =H86+N86+T86+Z86 -> 3102.8 | C86: =I86+O86+U86+AA86 -> 6019.9 | D86: =J86+P86+V86+AB86 -> 6019.9 | E86: =K86+Q86+W86+AC86 -> 0 | F86: =L86+R86+X86+AD86 -> 5520.6546 | G86: =F86/C86*100 -> 91.706749 | N86: =Субсидии!B84 -> 2964 | O86: =Субсидии!C84 -> 5880.9 | P86: =Субсидии!D84 -> 5880.9 | Q86: =Субсидии!E84 -> 0 | R86: =Субсидии!F84 -> 5431.1166 | S86: =R86/O86*100 -> 92.351794 | T86: ='Субвенции '!B85 -> 138.8 | U86: ='Субвенции '!C85 -> 139 | V86: ='Субвенции '!D85 -> 139 | W86: ='Субвенции '!E85 -> 0 | X86: ='Субвенции '!F85 -> 89.53794 | Y86: =X86/U86*100 -> 64.415784
A87: Белогорновское МО | B87: =H87+N87+T87+Z87 -> 2544.8 | C87: =I87+O87+U87+AA87 -> 6092.2 | D87: =J87+P87+V87+AB87 -> 6092.2 | E87: =K87+Q87+W87+AC87 -> 0 | F87: =L87+R87+X87+AD87 -> 6002.2776 | G87: =F87/C87*100 -> 98.523975 | N87: =Субсидии!B85 -> 2406 | O87: =Субсидии!C85 -> 5953.2 | P87: =Субсидии!D85 -> 5953.2 | Q87: =Субсидии!E85 -> 0 | R87: =Субсидии!F85 -> 5917.683 | S87: =R87/O87*100 -> 99.403396 | T87: ='Субвенции '!B86 -> 138.8 | U87: ='Субвенции '!C86 -> 139 | V87: ='Субвенции '!D86 -> 139 | W87: ='Субвенции '!E86 -> 0 | X87: ='Субвенции '!F86 -> 84.59463 | Y87: =X87/U87*100 -> 60.859446
A88: Верхнечернавское МО | B88: =H88+N88+T88+Z88 -> 2931.8 | C88: =I88+O88+U88+AA88 -> 5680.7 | D88: =J88+P88+V88+AB88 -> 5680.7 | E88: =K88+Q88+W88+AC88 -> 0 | F88: =L88+R88+X88+AD88 -> 5541.7 | G88: =F88/C88*100 -> 97.553118 | N88: =Субсидии!B86 -> 2793 | O88: =Субсидии!C86 -> 5541.7 | P88: =Субсидии!D86 -> 5541.7 | Q88: =Субсидии!E86 -> 0 | R88: =Субсидии!F86 -> 5541.7 | S88: =R88/O88*100 -> 100 | T88: ='Субвенции '!B87 -> 138.8 | U88: ='Субвенции '!C87 -> 139 | V88: ='Субвенции '!D87 -> 139 | W88: ='Субвенции '!E87 -> 0 | X88: ='Субвенции '!F87 -> 0 | Y88: =X88/U88*100 -> 0
A89: Колоярское МО | B89: =H89+N89+T89+Z89 -> 2829.8 | C89: =I89+O89+U89+AA89 -> 5478.3 | D89: =J89+P89+V89+AB89 -> 5478.3 | E89: =K89+Q89+W89+AC89 -> 0 | F89: =L89+R89+X89+AD89 -> 5422.9493 | G89: =F89/C89*100 -> 98.989638 | N89: =Субсидии!B88 -> 2691 | O89: =Субсидии!C88 -> 5339.3 | P89: =Субсидии!D88 -> 5339.3 | Q89: =Субсидии!E88 -> 0 | R89: =Субсидии!F88 -> 5339.3 | S89: =R89/O89*100 -> 100 | T89: ='Субвенции '!B88 -> 138.8 | U89: ='Субвенции '!C88 -> 139 | V89: ='Субвенции '!D88 -> 139 | W89: ='Субвенции '!E88 -> 0 | X89: ='Субвенции '!F88 -> 83.64934 | Y89: =X89/U89*100 -> 60.179381
A90: Кряжимское МО | B90: =H90+N90+T90+Z90 -> 2127.8 | C90: =I90+O90+U90+AA90 -> 4085.4 | D90: =J90+P90+V90+AB90 -> 4085.4 | E90: =K90+Q90+W90+AC90 -> 0 | F90: =L90+R90+X90+AD90 -> 3567.5331 | G90: =F90/C90*100 -> 87.323961 | N90: =Субсидии!B87 -> 1989 | O90: =Субсидии!C87 -> 3946.4 | P90: =Субсидии!D87 -> 3946.4 | Q90: =Субсидии!E87 -> 0 | R90: =Субсидии!F87 -> 3487.8266 | S90: =R90/O90*100 -> 88.379957 | T90: ='Субвенции '!B89 -> 138.8 | U90: ='Субвенции '!C89 -> 139 | V90: ='Субвенции '!D89 -> 139 | W90: ='Субвенции '!E89 -> 0 | X90: ='Субвенции '!F89 -> 79.70648 | Y90: =X90/U90*100 -> 57.342791
A91: Куриловское МО | B91: =H91+N91+T91+Z91 -> 4077.8 | C91: =I91+O91+U91+AA91 -> 8587.4096 | D91: =J91+P91+V91+AB91 -> 8587.4096 | E91: =K91+Q91+W91+AC91 -> 0 | F91: =L91+R91+X91+AD91 -> 7899.2983 | G91: =F91/C91*100 -> 91.986976 | N91: =Субсидии!B89 -> 3939 | O91: =Субсидии!C89 -> 8448.4096 | P91: =Субсидии!D89 -> 8448.4096 | Q91: =Субсидии!E89 -> 0 | R91: =Субсидии!F89 -> 7815.5 | S91: =R91/O91*100 -> 92.508536 | T91: ='Субвенции '!B90 -> 138.8 | U91: ='Субвенции '!C90 -> 139 | V91: ='Субвенции '!D90 -> 139 | W91: ='Субвенции '!E90 -> 0 | X91: ='Субвенции '!F90 -> 83.79833 | Y91: =X91/U91*100 -> 60.286568
A92: Междуреченское МО | B92: =H92+N92+T92+Z92 -> 2535.8 | C92: =I92+O92+U92+AA92 -> 4895 | D92: =J92+P92+V92+AB92 -> 4895 | E92: =K92+Q92+W92+AC92 -> 0 | F92: =L92+R92+X92+AD92 -> 4823.9555 | G92: =F92/C92*100 -> 98.548631 | N92: =Субсидии!B90 -> 2397 | O92: =Субсидии!C90 -> 4756 | P92: =Субсидии!D90 -> 4756 | Q92: =Субсидии!E90 -> 0 | R92: =Субсидии!F90 -> 4756 | S92: =R92/O92*100 -> 100 | T92: ='Субвенции '!B91 -> 138.8 | U92: ='Субвенции '!C91 -> 139 | V92: ='Субвенции '!D91 -> 139 | W92: ='Субвенции '!E91 -> 0 | X92: ='Субвенции '!F91 -> 67.95549 | Y92: =X92/U92*100 -> 48.888842
A93: Нижнечернавское МО | B93: =H93+N93+T93+Z93 -> 2367.8 | C93: =I93+O93+U93+AA93 -> 4561.6 | D93: =J93+P93+V93+AB93 -> 4561.6 | E93: =K93+Q93+W93+AC93 -> 0 | F93: =L93+R93+X93+AD93 -> 4329.6755 | G93: =F93/C93*100 -> 94.91572 | N93: =Субсидии!B91 -> 2229 | O93: =Субсидии!C91 -> 4422.6 | P93: =Субсидии!D91 -> 4422.6 | Q93: =Субсидии!E91 -> 0 | R93: =Субсидии!F91 -> 4240.0658 | S93: =R93/O93*100 -> 95.872696 | T93: ='Субвенции '!B92 -> 138.8 | U93: ='Субвенции '!C92 -> 139 | V93: ='Субвенции '!D92 -> 139 | W93: ='Субвенции '!E92 -> 0 | X93: ='Субвенции '!F92 -> 89.60964 | Y93: =X93/U93*100 -> 64.467367
A94: Покровское МО | B94: =H94+N94+T94+Z94 -> 1704.8 | C94: =I94+O94+U94+AA94 -> 4377.1 | D94: =J94+P94+V94+AB94 -> 4262.1 | E94: =K94+Q94+W94+AC94 -> 115 | F94: =L94+R94+X94+AD94 -> 3312.09 | G94: =F94/C94*100 -> 75.668593 | N94: =Субсидии!B92 -> 1566 | O94: =Субсидии!C92 -> 4123.1 | P94: =Субсидии!D92 -> 4123.1 | Q94: =Субсидии!E92 -> 0 | R94: =Субсидии!F92 -> 3107.1 | S94: =R94/O94*100 -> 75.358347 | T94: ='Субвенции '!B93 -> 138.8 | U94: ='Субвенции '!C93 -> 139 | V94: ='Субвенции '!D93 -> 139 | W94: ='Субвенции '!E93 -> 0 | X94: ='Субвенции '!F93 -> 89.99 | Y94: =X94/U94*100 -> 64.741007 | AA94: =Иные!C50 -> 115 | AC94: =Иные!E50 -> 115 | AD94: =Иные!F50 -> 115 | AE94: =AD94/AA94*100 -> 100
A95: Сенное МО | B95: =H95+N95+T95+Z95 -> 347 | C95: =I95+O95+U95+AA95 -> 1672.5 | D95: =J95+P95+V95+AB95 -> 1547.5 | E95: =K95+Q95+W95+AC95 -> 125 | F95: =L95+R95+X95+AD95 -> 1254.0814 | G95: =F95/C95*100 -> 74.982446 | N95: =Субсидии!B93 -> 0 | O95: =Субсидии!C93 -> 1200 | P95: =Субсидии!D93 -> 1200 | Q95: =Субсидии!E93 -> 0 | R95: =Субсидии!F93 -> 923.99808 | S95: =R95/O95*100 -> 76.99984 | T95: ='Субвенции '!B94 -> 347 | U95: ='Субвенции '!C94 -> 347.5 | V95: ='Субвенции '!D94 -> 347.5 | W95: ='Субвенции '!E94 -> 0 | X95: ='Субвенции '!F94 -> 205.08333 | Y95: =X95/U95*100 -> 59.016786 | Z95: =Иные!B51 -> 0 | AA95: =Иные!C51 -> 125 | AB95: =Иные!D51 -> 0 | AC95: =Иные!E51 -> 125 | AD95: =Иные!F51 -> 125 | AE95: =AD95/AA95*100 -> 100
A96: Талалихинское МО | B96: =H96+N96+T96+Z96 -> 1491.8 | C96: =I96+O96+U96+AA96 -> 3323.5 | D96: =J96+P96+V96+AB96 -> 3323.5 | E96: =K96+Q96+W96+AC96 -> 0 | F96: =L96+R96+X96+AD96 -> 1447.0301 | G96: =F96/C96*100 -> 43.539345 | N96: =Субсидии!B94 -> 1353 | O96: =Субсидии!C94 -> 3184.5 | P96: =Субсидии!D94 -> 3184.5 | Q96: =Субсидии!E94 -> 0 | R96: =Субсидии!F94 -> 1353 | S96: =R96/O96*100 -> 42.487047 | T96: ='Субвенции '!B95 -> 138.8 | U96: ='Субвенции '!C95 -> 139 | V96: ='Субвенции '!D95 -> 139 | W96: ='Субвенции '!E95 -> 0 | X96: ='Субвенции '!F95 -> 94.03013 | Y96: =X96/U96*100 -> 67.647576
A97: Терсинское МО | B97: =H97+N97+T97+Z97 -> 9266 | C97: =I97+O97+U97+AA97 -> 18043.9 | D97: =J97+P97+V97+AB97 -> 18043.9 | E97: =K97+Q97+W97+AC97 -> 0 | F97: =L97+R97+X97+AD97 -> 182.20751 | G97: =F97/C97*100 -> 1.0098012 | N97: =Субсидии!B95 -> 8919 | O97: =Субсидии!C95 -> 17696.4 | P97: =Субсидии!D95 -> 17696.4 | Q97: =Субсидии!E95 -> 0 | R97: =Субсидии!F95 -> 0 | S97: =R97/O97*100 -> 0 | T97: ='Субвенции '!B96 -> 347 | U97: ='Субвенции '!C96 -> 347.5 | V97: ='Субвенции '!D96 -> 347.5 | W97: ='Субвенции '!E96 -> 0 | X97: ='Субвенции '!F96 -> 182.20751 | Y97: =X97/U97*100 -> 52.433816
A98: Черкасское МО | B98: =H98+N98+T98+Z98 -> 10076 | C98: =I98+O98+U98+AA98 -> 19651.1 | D98: =J98+P98+V98+AB98 -> 19651.1 | E98: =K98+Q98+W98+AC98 -> 0 | F98: =L98+R98+X98+AD98 -> 11008.604 | G98: =F98/C98*100 -> 56.020296 | N98: =Субсидии!B96 -> 9729 | O98: =Субсидии!C96 -> 19303.6 | P98: =Субсидии!D96 -> 19303.6 | Q98: =Субсидии!E96 -> 0 | R98: =Субсидии!F96 -> 10784.463 | S98: =R98/O98*100 -> 55.867626 | T98: ='Субвенции '!B97 -> 347 | U98: ='Субвенции '!C97 -> 347.5 | V98: ='Субвенции '!D97 -> 347.5 | W98: ='Субвенции '!E97 -> 0 | X98: ='Субвенции '!F97 -> 224.14135 | Y98: =X98/U98*100 -> 64.501108 | Z98: =Иные!B52 -> 0 | AA98: =Иные!C52 -> 0 | AB98: =Иные!D52 -> 0 | AC98: =Иные!E52 -> 0 | AD98: =Иные!F52 -> 0
A99: Широкобуеракское МО | B99: =H99+N99+T99+Z99 -> 4886 | C99: =I99+O99+U99+AA99 -> 9353.4 | D99: =J99+P99+V99+AB99 -> 9353.4 | E99: =K99+Q99+W99+AC99 -> 0 | F99: =L99+R99+X99+AD99 -> 8993.8934 | G99: =F99/C99*100 -> 96.156407 | N99: =Субсидии!B97 -> 4539 | O99: =Субсидии!C97 -> 9005.9 | P99: =Субсидии!D97 -> 9005.9 | Q99: =Субсидии!E97 -> 0 | R99: =Субсидии!F97 -> 8782.555 | T99: ='Субвенции '!B98 -> 347 | U99: ='Субвенции '!C98 -> 347.5 | V99: ='Субвенции '!D98 -> 347.5 | W99: ='Субвенции '!E98 -> 0 | X99: ='Субвенции '!F98 -> 211.33837 | Y99: =X99/U99*100 -> 60.816797
A100: Воскресенский район (консолидированный) | B100: =H100+N100+T100+Z100 -> 300414.92 | C100: =I100+O100+U100+AA100 -> 347490.26 | D100: =J100+P100+V100+AB100 -> 347030.4 | E100: =K100+Q100+W100+AC100 -> 459.864 | F100: =L100+R100+X100+AD100 -> 280810.91 | G100: =F100/C100*100 -> 80.811159 | H100: =SUM(H101:H104) -> 62671.4 | I100: =SUM(I101:I104) -> 62671.4 | J100: =SUM(J101:J104) -> 62671.4 | K100: =SUM(K101:K104) -> 0 | L100: =SUM(L101:L104) -> 52754.1 | M100: =L100/I100*100 -> 84.175717 | N100: =SUM(N101:N104) -> 76662.819 | O100: =SUM(O101:O104) -> 84841.4 | P100: =SUM(P101:P104) -> 84841.4 | Q100: =SUM(Q101:Q104) -> 0 | R100: =SUM(R101:R104) -> 71734.009 | S100: =R100/O100*100 -> 84.550713 | T100: =SUM(T101:T104) -> 156691.5 | U100: =SUM(U101:U104) -> 182973.9 | V100: =SUM(V101:V104) -> 182973.9 | W100: =SUM(W101:W104) -> 0 | X100: =SUM(X101:X104) -> 144302.48 | Y100: =X100/U100*100 -> 78.865061 | Z100: =SUM(Z101:Z104) -> 4389.2 | AA100: =SUM(AA101:AA104) -> 17003.564 | AB100: =SUM(AB101:AB104) -> 16543.7 | AC100: =SUM(AC101:AC104) -> 459.864 | AD100: =SUM(AD101:AD104) -> 12020.324 | AE100: =AD100/AA100*100 -> 70.692966
A101: Воскресенский район (собственный) | B101: =H101+N101+T101+Z101 -> 258229.12 | C101: =I101+O101+U101+AA101 -> 295536.28 | D101: =J101+P101+V101+AB101 -> 295076.42 | E101: =K101+Q101+W101+AC101 -> 459.864 | F101: =L101+R101+X101+AD101 -> 234147.36 | G101: =F101/C101*100 -> 79.227959 | H101: =Дотации!B30 -> 62671.4 | I101: =Дотации!C30 -> 62671.4 | J101: =Дотации!D30 -> 62671.4 | K101: =Дотации!E30 -> 0 | L101: =Дотации!F30 -> 52754.1 | M101: =L101/I101*100 -> 84.175717 | N101: =Субсидии!B99 -> 35309.819 | O101: =Субсидии!C99 -> 38721.419 | P101: =Субсидии!D99 -> 38721.419 | Q101: =Субсидии!E99 -> 0 | R101: =Субсидии!F99 -> 27525.278 | S101: =R101/O101*100 -> 71.085405 | T101: ='Субвенции '!B100 -> 155858.7 | U101: ='Субвенции '!C100 -> 182139.9 | V101: ='Субвенции '!D100 -> 182139.9 | W101: ='Субвенции '!E100 -> 0 | X101: ='Субвенции '!F100 -> 143901.45 | Y101: =X101/U101*100 -> 79.006001 | Z101: =Иные!B54 -> 4389.2 | AA101: =Иные!C54 -> 12003.564 | AB101: =Иные!D54 -> 11543.7 | AC101: =Иные!E54 -> 459.864 | AD101: =Иные!F54 -> 9966.5354 | AE101: =AD101/AA101*100 -> 83.029802
...

Sheet Дотации
B2: Сведения о предоставлении из бюджета Саратовской области межбюджетных трансфертов местным бюджетам за 9 месяцев 2024 года
S4: тыс.рублей
A5: Наименование муниципальных образований | B5: Дотации, всего | H5: в том числе
H6: бюджетам городских округов области, связанные с особым режимом безопасного функционирования закрытых административно-территориальных образований | L6: на выравнивание бюджетной обеспеченности муниципальных районов (городских округов) области | P6: бюджетам муниципальных районов области на поддержку мер по обеспечению сбалансированности местных бюджетов
B7: первоначальные бюджетные назначения 1 | C7: уточненные бюджетные назначения | F7: исполнено | G7: % исполнения | H7: первоначальные бюджетные назначения 1 | I7: уточненные бюджетжетные назначения 2 | J7: исполнено | K7: % исполнения | L7: первоначальные бюджетные назначения 1 | M7: уточненные бюджетжетные назначения 2 | N7: исполнено | O7: % исполнения | P7: первоначальные бюджетные назначения 1 | Q7: уточненные бюджетжетные назначения 2 | R7: исполнено | S7: % исполнения
C8: сводная бюджетная роспись | D8: на основании
D9: закона о бюджете 2 | E9: иных нормативных правовых актов
A10: Муниципальные районы области (консолидированный) | B10: =H10+L10+P10 -> 4426017.1 | C10: =I10+M10+Q10 -> 4419425.2 | D10: =I10+M10+Q10 -> 4419425.2 | F10: =J10+N10+R10 -> 3388103.1 | G10: =F10/C10*100 -> 76.663886 | L10: =L13+L15+L17+L19+L21+L23+L26+L28+L30+L32+L34+L36+L38+L40+L42+L44+L46+L48+L50+L52+L54+L56+L58+L60+L62+L65+L67+L69+L71+L73+L75+L78+L80+L82+L84+L86+L88 -> 3997513 | M10: =M13+M15+M17+M19+M21+M23+M26+M28+M30+M32+M34+M36+M38+M40+M42+M44+M46+M48+M50+M52+M54+M56+M58+M60+M62+M65+M67+M69+M71+M73+M75+M78+M80+M82+M84+M86+M88 -> 3990921.1 | N10: =N13+N15+N17+N19+N21+N23+N26+N28+N30+N32+N34+N36+N38+N40+N42+N44+N46+N48+N50+N52+N54+N56+N58+N60+N62+N65+N67+N69+N71+N73+N75+N78+N80+N82+N84+N86+N88 -> 3066723 | O10: =N10/M10*100 -> 76.842486 | P10: =P13+P15+P17+P19+P21+P23+P26+P28+P30+P32+P34+P36+P38+P40+P42+P44+P46+P48+P50+P52+P54+P56+P58+P60+P62+P65+P67+P69+P71+P73+P75+P78+P80+P82+P84+P86+P88 -> 428504.1 | Q10: =Q13+Q15+Q17+Q19+Q21+Q23+Q26+Q28+Q30+Q32+Q34+Q36+Q38+Q40+Q42+Q44+Q46+Q48+Q50+Q52+Q54+Q56+Q58+Q60+Q62+Q65+Q67+Q69+Q71+Q73+Q75+Q78+Q80+Q82+Q84+Q86+Q88 -> 428504.1 | R10: =R13+R15+R17+R19+R21+R23+R26+R28+R30+R32+R34+R36+R38+R40+R42+R44+R46+R48+R50+R52+R54+R56+R58+R60+R62+R65+R67+R69+R71+R73+R75+R78+R80+R82+R84+R86+R88 -> 321380.1 | S10: =R10/Q10*100 -> 75.000473
A11: Муниципальные районы области (собственный): | B11: =H11+L11+P11 -> 4426017.1 | C11: =I11+M11+Q11 -> 4419425.2 | D11: =I11+M11+Q11 -> 4419425.2 | F11: =J11+N11+R11 -> 3388103.1 | G11: =F11/C11*100 -> 76.663886 | L11: =L14+L16+L18+L20+L22+L24+L27+L29+L31+L33+L35+L37+L39+L41+L43+L45+L47+L49+L51+L53+L55+L57+L59+L61+L63+L66+L68+L70+L72+L74+L76+L79+L81+L83+L85+L87+L89 -> 3997513 | M11: =M14+M16+M18+M20+M22+M24+M27+M29+M31+M33+M35+M37+M39+M41+M43+M45+M47+M49+M51+M53+M55+M57+M59+M61+M63+M66+M68+M70+M72+M74+M76+M79+M81+M83+M85+M87+M89 -> 3990921.1 | N11: =N14+N16+N18+N20+N22+N24+N27+N29+N31+N33+N35+N37+N39+N41+N43+N45+N47+N49+N51+N53+N55+N57+N59+N61+N63+N66+N68+N70+N72+N74+N76+N79+N81+N83+N85+N87+N89 -> 3066723 | O11: =N11/M11*100 -> 76.842486 | P11: =P14+P16+P18+P20+P22+P24+P27+P29+P31+P33+P35+P37+P39+P41+P43+P45+P47+P49+P51+P53+P55+P57+P59+P61+P63+P66+P68+P70+P72+P74+P76+P79+P81+P83+P85+P87+P89 -> 428504.1 | Q11: =Q14+Q16+Q18+Q20+Q22+Q24+Q27+Q29+Q31+Q33+Q35+Q37+Q39+Q41+Q43+Q45+Q47+Q49+Q51+Q53+Q55+Q57+Q59+Q61+Q63+Q66+Q68+Q70+Q72+Q74+Q76+Q79+Q81+Q83+Q85+Q87+Q89 -> 428504.1 | R11: =R14+R16+R18+R20+R22+R24+R27+R29+R31+R33+R35+R37+R39+R41+R43+R45+R47+R49+R51+R53+R55+R57+R59+R61+R63+R66+R68+R70+R72+R74+R76+R79+R81+R83+R85+R87+R89 -> 321380.1 | S11: =R11/Q11*100 -> 75.000473
A12: Поселения: | B12: =H12+L12+P12 -> 0 | C12: =I12+M12+Q12 -> 0 | D12: =I12+M12+Q12 -> 0 | F12: =J12+N12+R12 -> 0 | L12: =L25+L90 -> 0 | M12: =M25+M90 -> 0 | N12: =N25+N90 -> 0 | P12: =P25+P90 -> 0 | Q12: =Q25+Q90 -> 0 | R12: =R25+R90 -> 0
A13: Александрово-Гайский (консолидированный) | B13: =H13+L13+P13 -> 105246.4 | C13: =I13+M13+Q13 -> 105246.4 | D13: =I13+M13+Q13 -> 105246.4 | F13: =J13+N13+R13 -> 78935.3 | G13: =F13/C13*100 -> 75.000475 | L13: =L14 -> 84238.5 | M13: =M14 -> 84238.5 | N13: =N14 -> 63179 | O13: =N13/M13*100 -> 75.000148 | P13: =P14 -> 21007.9 | Q13: =Q14 -> 21007.9 | R13: =R14 -> 15756.3 | S13: =R13/Q13*100 -> 75.001785
A14: Александрово-Гайский (собственный) | B14: =H14+L14+P14 -> 105246.4 | C14: =I14+M14+Q14 -> 105246.4 | D14: =I14+M14+Q14 -> 105246.4 | F14: =J14+N14+R14 -> 78935.3 | G14: =F14/C14*100 -> 75.000475 | L14: 84238.5 | M14: 84238.5 | N14: 63179 | O14: =N14/M14*100 -> 75.000148 | P14: 21007.9 | Q14: 21007.9 | R14: 15756.3 | S14: =R14/Q14*100 -> 75.001785
A15: Аркадакский (консолидированный) | B15: =H15+L15+P15 -> 73060.7 | C15: =I15+M15+Q15 -> 73060.7 | D15: =I15+M15+Q15 -> 73060.7 | F15: =J15+N15+R15 -> 54795.4 | G15: =F15/C15*100 -> 74.999829 | L15: =L16 -> 65288 | M15: =M16 -> 65288 | N15: =N16 -> 48966.1 | O15: =N15/M15*100 -> 75.000153 | P15: =P16 -> 7772.7 | Q15: =Q16 -> 7772.7 | R15: =R16 -> 5829.3 | S15: =R15/Q15*100 -> 74.997105
A16: Аркадакский (собственный) | B16: =H16+L16+P16 -> 73060.7 | C16: =I16+M16+Q16 -> 73060.7 | D16: =I16+M16+Q16 -> 73060.7 | F16: =J16+N16+R16 -> 54795.4 | G16: =F16/C16*100 -> 74.999829 | L16: 65288 | M16: 65288 | N16: 48966.1 | O16: =N16/M16*100 -> 75.000153 | P16: 7772.7 | Q16: 7772.7 | R16: 5829.3 | S16: =R16/Q16*100 -> 74.997105
A17: Аткарский район (консолидированный) | B17: =H17+L17+P17 -> 158458.8 | C17: =I17+M17+Q17 -> 158458.8 | D17: =I17+M17+Q17 -> 158458.8 | F17: =J17+N17+R17 -> 118844.1 | G17: =F17/C17*100 -> 75 | L17: =L18 -> 132759.9 | M17: =M18 -> 132759.9 | N17: =N18 -> 99569.7 | O17: =N17/M17*100 -> 74.999831 | P17: =P18 -> 25698.9 | Q17: =Q18 -> 25698.9 | R17: =R18 -> 19274.4 | S17: =R17/Q17*100 -> 75.000876
A18: Аткарский район (собственный) | B18: =H18+L18+P18 -> 158458.8 | C18: =I18+M18+Q18 -> 158458.8 | D18: =I18+M18+Q18 -> 158458.8 | F18: =J18+N18+R18 -> 118844.1 | G18: =F18/C18*100 -> 75 | L18: 132759.9 | M18: 132759.9 | N18: 99569.7 | O18: =N18/M18*100 -> 74.999831 | P18: 25698.9 | Q18: 25698.9 | R18: 19274.4 | S18: =R18/Q18*100 -> 75.000876
A19: Базарно-Карабулакский (консолидированный) | B19: =H19+L19+P19 -> 134205.3 | C19: =I19+M19+Q19 -> 134205.3 | D19: =I19+M19+Q19 -> 134205.3 | F19: =J19+N19+R19 -> 104463.4 | G19: =F19/C19*100 -> 77.838506 | L19: =L20 -> 124253.6 | M19: =M20 -> 124253.6 | N19: =N20 -> 96999.7 | O19: =N19/M19*100 -> 78.065907 | P19: =P20 -> 9951.7 | Q19: =Q20 -> 9951.7 | R19: =R20 -> 7463.7 | S19: =R19/Q19*100 -> 74.999246
A20: Базарно-Карабулакский (собственный) | B20: =H20+L20+P20 -> 134205.3 | C20: =I20+M20+Q20 -> 134205.3 | D20: =I20+M20+Q20 -> 134205.3 | F20: =J20+N20+R20 -> 104463.4 | G20: =F20/C20*100 -> 77.838506 | L20: 124253.6 | M20: 124253.6 | N20: 96999.7 | O20: =N20/M20*100 -> 78.065907 | P20: 9951.7 | Q20: 9951.7 | R20: 7463.7 | S20: =R20/Q20*100 -> 74.999246
A21: Балаковский (консолидированный) | B21: =H21+L21+P21 -> 0 | C21: =I21+M21+Q21 -> 0 | D21: =I21+M21+Q21 -> 0 | F21: =J21+N21+R21 -> 0 | L21: =L22 -> 0 | M21: =M22 -> 0 | N21: =N22 -> 0 | P21: =P22 -> 0 | Q21: =Q22 -> 0 | R21: =R22 -> 0
A22: Балаковский (собственный) | B22: =H22+L22+P22 -> 0 | C22: =I22+M22+Q22 -> 0 | D22: =I22+M22+Q22 -> 0 | F22: =J22+N22+R22 -> 0
A23: Балашовский (консолидированный) | B23: =H23+L23+P23 -> 250558.2 | C23: =I23+M23+Q23 -> 248052.6 | D23: =I23+M23+Q23 -> 248052.6 | F23: =J23+N23+R23 -> 197612.4 | G23: =F23/C23*100 -> 79.665523 | L23: =L24+L25 -> 250558.2 | M23: =M24+M25 -> 248052.6 | N23: =N24+N25 -> 197612.4 | O23: =N23/M23*100 -> 79.665523 | P23: =P24+P25 -> 0 | Q23: =Q24+Q25 -> 0 | R23: =R24+R25 -> 0
A24: Балашовский (собственный) | B24: =H24+L24+P24 -> 250558.2 | C24: =I24+M24+Q24 -> 248052.6 | D24: =I24+M24+Q24 -> 248052.6 | F24: =J24+N24+R24 -> 197612.4 | G24: =F24/C24*100 -> 79.665523 | L24: 250558.2 | M24: 248052.6 | N24: 197612.4 | O24: =N24/M24*100 -> 79.665523
A25: город Балашов | B25: =H25+L25+P25 -> 0 | C25: =I25+M25+Q25 -> 0 | D25: =I25+M25+Q25 -> 0 | F25: =J25+N25+R25 -> 0
A26: Балтайский (консолидированный) | B26: =H26+L26+P26 -> 80846.3 | C26: =I26+M26+Q26 -> 80846.3 | D26: =I26+M26+Q26 -> 80846.3 | F26: =J26+N26+R26 -> 60634.8 | G26: =F26/C26*100 -> 75.000093 | L26: =L27 -> 59050.7 | M26: =M27 -> 59050.7 | N26: =N27 -> 44288.1 | O26: =N26/M26*100 -> 75.000127 | P26: =P27 -> 21795.6 | Q26: =Q27 -> 21795.6 | R26: =R27 -> 16346.7 | S26: =R26/Q26*100 -> 75
A27: Балтайский (собственный) | B27: =H27+L27+P27 -> 80846.3 | C27: =I27+M27+Q27 -> 80846.3 | D27: =I27+M27+Q27 -> 80846.3 | F27: =J27+N27+R27 -> 60634.8 | G27: =F27/C27*100 -> 75.000093 | L27: 59050.7 | M27: 59050.7 | N27: 44288.1 | O27: =N27/M27*100 -> 75.000127 | P27: 21795.6 | Q27: 21795.6 | R27: 16346.7 | S27: =R27/Q27*100 -> 75
A28: Вольский (консолидированный) | B28: =H28+L28+P28 -> 113055.4 | C28: =I28+M28+Q28 -> 113055.4 | D28: =I28+M28+Q28 -> 113055.4 | F28: =J28+N28+R28 -> 89591.5 | G28: =F28/C28*100 -> 79.245662 | L28: =L29 -> 45749.6 | M28: =M29 -> 45749.6 | N28: =N29 -> 39112.3 | O28: =N28/M28*100 -> 85.492114 | P28: =P29 -> 67305.8 | Q28: =Q29 -> 67305.8 | R28: =R29 -> 50479.2 | S28: =R28/Q28*100 -> 74.999777
A29: Вольский (собственный) | B29: =H29+L29+P29 -> 113055.4 | C29: =I29+M29+Q29 -> 113055.4 | D29: =I29+M29+Q29 -> 113055.4 | F29: =J29+N29+R29 -> 89591.5 | G29: =F29/C29*100 -> 79.245662 | L29: 45749.6 | M29: 45749.6 | N29: 39112.3 | O29: =N29/M29*100 -> 85.492114 | P29: 67305.8 | Q29: 67305.8 | R29: 50479.2 | S29: =R29/Q29*100 -> 74.999777
A30: Воскресенский (консолидированный) | B30: =H30+L30+P30 -> 62671.4 | C30: =I30+M30+Q30 -> 62671.4 | D30: =I30+M30+Q30 -> 62671.4 | F30: =J30+N30+R30 -> 52754.1 | G30: =F30/C30*100 -> 84.175717 | L30: =L31 -> 60394.4 | M30: =M31 -> 60394.4 | N30: =N31 -> 51045.9 | O30: =N30/M30*100 -> 84.520916 | P30: =P31 -> 2277 | Q30: =Q31 -> 2277 | R30: =R31 -> 1708.2 | S30: =R30/Q30*100 -> 75.019763
A31: Воскресенский (собственный) | B31: =H31+L31+P31 -> 62671.4 | C31: =I31+M31+Q31 -> 62671.4 | D31: =I31+M31+Q31 -> 62671.4 | F31: =J31+N31+R31 -> 52754.1 | G31: =F31/C31*100 -> 84.175717 | L31: 60394.4 | M31: 60394.4 | N31: 51045.9 | O31: =N31/M31*100 -> 84.520916 | P31: 2277 | Q31: 2277 | R31: 1708.2 | S31: =R31/Q31*100 -> 75.019763
A32: Дергачевский (консолидированный) | B32: =H32+L32+P32 -> 136703.8 | C32: =I32+M32+Q32 -> 135422.4 | D32: =I32+M32+Q32 -> 135422.4 | F32: =J32+N32+R32 -> 104082.6 | G32: =F32/C32*100 -> 76.857743 | L32: =L33 -> 128141.9 | M32: =M33 -> 126860.5 | N32: =N33 -> 97661.1 | O32: =N32/M32*100 -> 76.983064 | P32: =P33 -> 8561.9 | Q32: =Q33 -> 8561.9 | R32: =R33 -> 6421.5 | S32: =R32/Q32*100 -> 75.000876
A33: Дергачевский (собственный) | B33: =H33+L33+P33 -> 136703.8 | C33: =I33+M33+Q33 -> 135422.4 | D33: =I33+M33+Q33 -> 135422.4 | F33: =J33+N33+R33 -> 104082.6 | G33: =F33/C33*100 -> 76.857743 | L33: 128141.9 | M33: 126860.5 | N33: 97661.1 | O33: =N33/M33*100 -> 76.983064 | P33: 8561.9 | Q33: 8561.9 | R33: 6421.5 | S33: =R33/Q33*100 -> 75.000876
A34: Духовницкий (консолидированный) | B34: =H34+L34+P34 -> 54874 | C34: =I34+M34+Q34 -> 54874 | D34: =I34+M34+Q34 -> 54874 | F34: =J34+N34+R34 -> 42405.4 | G34: =F34/C34*100 -> 77.277764 | L34: =L35 -> 54874 | M34: =M35 -> 54874 | N34: =N35 -> 42405.4 | O34: =N34/M34*100 -> 77.277764 | P34: =P35 -> 0 | Q34: =Q35 -> 0 | R34: =R35 -> 0
A35: Духовницкий (собственный) | B35: =H35+L35+P35 -> 54874 | C35: =I35+M35+Q35 -> 54874 | D35: =I35+M35+Q35 -> 54874 | F35: =J35+N35+R35 -> 42405.4 | G35: =F35/C35*100 -> 77.277764 | L35: 54874 | M35: 54874 | N35: 42405.4 | O35: =N35/M35*100 -> 77.277764
A36: Екатериновский (консолидированный) | B36: =H36+L36+P36 -> 51255.6 | C36: =I36+M36+Q36 -> 51255.6 | D36: =I36+M36+Q36 -> 51255.6 | F36: =J36+N36+R36 -> 40242.2 | G36: =F36/C36*100 -> 78.512787 | L36: =L37 -> 25083 | M36: =M37 -> 25083 | N36: =N37 -> 20612.3 | O36: =N36/M36*100 -> 82.176374 | P36: =P37 -> 26172.6 | Q36: =Q37 -> 26172.6 | R36: =R37 -> 19629.9 | S36: =R36/Q36*100 -> 75.001719
A37: Екатериновский (собственный) | B37: =H37+L37+P37 -> 51255.6 | C37: =I37+M37+Q37 -> 51255.6 | D37: =I37+M37+Q37 -> 51255.6 | F37: =J37+N37+R37 -> 40242.2 | G37: =F37/C37*100 -> 78.512787 | L37: 25083 | M37: 25083 | N37: 20612.3 | O37: =N37/M37*100 -> 82.176374 | P37: 26172.6 | Q37: 26172.6 | R37: 19629.9 | S37: =R37/Q37*100 -> 75.001719
A38: Ершовский (консолидированный) | B38: =H38+L38+P38 -> 127773 | C38: =I38+M38+Q38 -> 127773 | D38: =I38+M38+Q38 -> 127773 | F38: =J38+N38+R38 -> 95829.3 | G38: =F38/C38*100 -> 74.999648 | L38: =L39 -> 100772.5 | M38: =M39 -> 100772.5 | N38: =N39 -> 75579.3 | O38: =N38/M38*100 -> 74.999926 | P38: =P39 -> 27000.5 | Q38: =Q39 -> 27000.5 | R38: =R39 -> 20250 | S38: =R38/Q38*100 -> 74.998611
A39: Ершовский (собственный) | B39: =H39+L39+P39 -> 127773 | C39: =I39+M39+Q39 -> 127773 | D39: =I39+M39+Q39 -> 127773 | F39: =J39+N39+R39 -> 95829.3 | G39: =F39/C39*100 -> 74.999648 | L39: 100772.5 | M39: 100772.5 | N39: 75579.3 | O39: =N39/M39*100 -> 74.999926 | P39: 27000.5 | Q39: 27000.5 | R39: 20250 | S39: =R39/Q39*100 -> 74.998611
A40: Ивантеевский (консолидированный) | B40: =H40+L40+P40 -> 83856.4 | C40: =I40+M40+Q40 -> 83856.4 | D40: =I40+M40+Q40 -> 83856.4 | F40: =J40+N40+R40 -> 62892 | G40: =F40/C40*100 -> 74.999642 | L40: =L41 -> 34172.4 | M40: =M41 -> 34172.4 | N40: =N41 -> 25629.3 | O40: =N40/M40*100 -> 75 | P40: =P41 -> 49684 | Q40: =Q41 -> 49684 | R40: =R41 -> 37262.7 | S40: =R40/Q40*100 -> 74.999396
A41: Ивантеевский (собственный) | B41: =H41+L41+P41 -> 83856.4 | C41: =I41+M41+Q41 -> 83856.4 | D41: =I41+M41+Q41 -> 83856.4 | F41: =J41+N41+R41 -> 62892 | G41: =F41/C41*100 -> 74.999642 | L41: 34172.4 | M41: 34172.4 | N41: 25629.3 | O41: =N41/M41*100 -> 75 | P41: 49684 | Q41: 49684 | R41: 37262.7 | S41: =R41/Q41*100 -> 74.999396
A42: Калининский (консолидированный) | B42: =H42+L42+P42 -> 90328.6 | C42: =I42+M42+Q42 -> 90328.6 | D42: =I42+M42+Q42 -> 90328.6 | F42: =J42+N42+R42 -> 74746.4 | G42: =F42/C42*100 -> 82.749428 | L42: =L43 -> 64902.9 | M42: =M43 -> 64902.9 | N42: =N43 -> 55677.2 | O42: =N42/M42*100 -> 85.785381 | P42: =P43 -> 25425.7 | Q42: =Q43 -> 25425.7 | R42: =R43 -> 19069.2 | S42: =R42/Q42*100 -> 74.999705
A43: Калининский (собственный) | B43: =H43+L43+P43 -> 90328.6 | C43: =I43+M43+Q43 -> 90328.6 | D43: =I43+M43+Q43 -> 90328.6 | F43: =J43+N43+R43 -> 74746.4 | G43: =F43/C43*100 -> 82.749428 | L43: 64902.9 | M43: 64902.9 | N43: 55677.2 | O43: =N43/M43*100 -> 85.785381 | P43: 25425.7 | Q43: 25425.7 | R43: 19069.2 | S43: =R43/Q43*100 -> 74.999705
A44: Красноармейский (консолидированный) | B44: =H44+L44+P44 -> 202153.9 | C44: =I44+M44+Q44 -> 202153.9 | D44: =I44+M44+Q44 -> 202153.9 | F44: =J44+N44+R44 -> 153415.8 | G44: =F44/C44*100 -> 75.890596 | L44: =L45 -> 190308.1 | M44: =M45 -> 190308.1 | N44: =N45 -> 144531 | O44: =N44/M44*100 -> 75.945795 | P44: =P45 -> 11845.8 | Q44: =Q45 -> 11845.8 | R44: =R45 -> 8884.8 | S44: =R44/Q44*100 -> 75.003799
A45: Красноармейский (собственный) | B45: =H45+L45+P45 -> 202153.9 | C45: =I45+M45+Q45 -> 202153.9 | D45: =I45+M45+Q45 -> 202153.9 | F45: =J45+N45+R45 -> 153415.8 | G45: =F45/C45*100 -> 75.890596 | L45: 190308.1 | M45: 190308.1 | N45: 144531 | O45: =N45/M45*100 -> 75.945795 | P45: 11845.8 | Q45: 11845.8 | R45: 8884.8 | S45: =R45/Q45*100 -> 75.003799
A46: Краснокутский (консолидированный) | B46: =H46+L46+P46 -> 142467.5 | C46: =I46+M46+Q46 -> 142467.5 | D46: =I46+M46+Q46 -> 142467.5 | F46: =J46+N46+R46 -> 106850.7 | G46: =F46/C46*100 -> 75.000053 | L46: =L47 -> 142467.5 | M46: =M47 -> 142467.5 | N46: =N47 -> 106850.7 | O46: =N46/M46*100 -> 75.000053
A47: Краснокутский (собственный) | B47: =H47+L47+P47 -> 142467.5 | C47: =I47+M47+Q47 -> 142467.5 | D47: =I47+M47+Q47 -> 142467.5 | F47: =J47+N47+R47 -> 106850.7 | G47: =F47/C47*100 -> 75.000053 | L47: 142467.5 | M47: 142467.5 | N47: 106850.7 | O47: =N47/M47*100 -> 75.000053
A48: Краснопартизанский (консолидированный) | B48: =H48+L48+P48 -> 80626.4 | C48: =I48+M48+Q48 -> 80626.4 | D48: =I48+M48+Q48 -> 80626.4 | F48: =J48+N48+R48 -> 60470.1 | G48: =F48/C48*100 -> 75.000372 | L48: =L49 -> 80187.8 | M48: =M49 -> 80187.8 | N48: =N49 -> 60140.7 | O48: =N48/M48*100 -> 74.999813 | P48: =P49 -> 438.6 | Q48: =Q49 -> 438.6 | R48: =R49 -> 329.4 | S48: =R48/Q48*100 -> 75.102599
A49: Краснопартизанский (собственный) | B49: =H49+L49+P49 -> 80626.4 | C49: =I49+M49+Q49 -> 80626.4 | D49: =I49+M49+Q49 -> 80626.4 | F49: =J49+N49+R49 -> 60470.1 | G49: =F49/C49*100 -> 75.000372 | L49: 80187.8 | M49: 80187.8 | N49: 60140.7 | O49: =N49/M49*100 -> 74.999813 | P49: 438.6 | Q49: 438.6 | R49: 329.4 | S49: =R49/Q49*100 -> 75.102599
A50: Лысогорский (консолидированный) | B50: =H50+L50+P50 -> 108281.3 | C50: =I50+M50+Q50 -> 108281.3 | D50: =I50+M50+Q50 -> 108281.3 | F50: =J50+N50+R50 -> 81210.6 | G50: =F50/C50*100 -> 74.999654 | L50: =L51 -> 102001.3 | M50: =M51 -> 102001.3 | N50: =N51 -> 76500.9 | O50: =N50/M50*100 -> 74.999926 | P50: =P51 -> 6280 | Q50: =Q51 -> 6280 | R50: =R51 -> 4709.7 | S50: =R50/Q50*100 -> 74.995223
A51: Лысогорский (собственный) | B51: =H51+L51+P51 -> 108281.3 | C51: =I51+M51+Q51 -> 108281.3 | D51: =I51+M51+Q51 -> 108281.3 | F51: =J51+N51+R51 -> 81210.6 | G51: =F51/C51*100 -> 74.999654 | L51: 102001.3 | M51: 102001.3 | N51: 76500.9 | O51: =N51/M51*100 -> 74.999926 | P51: 6280 | Q51: 6280 | R51: 4709.7 | S51: =R51/Q51*100 -> 74.995223
A52: Марксовский (консолидированный) | B52: =H52+L52+P52 -> 215433.7 | C52: =I52+M52+Q52 -> 213462.3 | D52: =I52+M52+Q52 -> 213462.3 | F52: =J52+N52+R52 -> 172404.3 | G52: =F52/C52*100 -> 80.76569 | L52: =L53 -> 197142.7 | M52: =M53 -> 195171.3 | N52: =N53 -> 158685.6 | O52: =N52/M52*100 -> 81.305807 | P52: =P53 -> 18291 | Q52: =Q53 -> 18291 | R52: =R53 -> 13718.7 | S52: =R52/Q52*100 -> 75.00246
A53: Марксовский (собственный) | B53: =H53+L53+P53 -> 215433.7 | C53: =I53+M53+Q53 -> 213462.3 | D53: =I53+M53+Q53 -> 213462.3 | F53: =J53+N53+R53 -> 172404.3 | G53: =F53/C53*100 -> 80.76569 | L53: 197142.7 | M53: 195171.3 | N53: 158685.6 | O53: =N53/M53*100 -> 81.305807 | P53: 18291 | Q53: 18291 | R53: 13718.7 | S53: =R53/Q53*100 -> 75.00246
A54: Новобурасский (консолидированный) | B54: =H54+L54+P54 -> 96140.6 | C54: =I54+M54+Q54 -> 96140.6 | D54: =I54+M54+Q54 -> 96140.6 | F54: =J54+N54+R54 -> 80022.1 | G54: =F54/C54*100 -> 83.23445 | L54: =L55 -> 96140.6 | M54: =M55 -> 96140.6 | N54: =N55 -> 80022.1 | O54: =N54/M54*100 -> 83.23445 | P54: =P55 -> 0 | Q54: =Q55 -> 0 | R54: =R55 -> 0
A55: Новобурасский (собственный) | B55: =H55+L55+P55 -> 96140.6 | C55: =I55+M55+Q55 -> 96140.6 | D55: =I55+M55+Q55 -> 96140.6 | F55: =J55+N55+R55 -> 80022.1 | G55: =F55/C55*100 -> 83.23445 | L55: 96140.6 | M55: 96140.6 | N55: 80022.1 | O55: =N55/M55*100 -> 83.23445
A56: Новоузенский (консолидированный) | B56: =H56+L56+P56 -> 220113 | C56: =I56+M56+Q56 -> 220113 | D56: =I56+M56+Q56 -> 220113 | F56: =J56+N56+R56 -> 165084.9 | G56: =F56/C56*100 -> 75.000068 | L56: =L57 -> 220113 | M56: =M57 -> 220113 | N56: =N57 -> 165084.9 | O56: =N56/M56*100 -> 75.000068
A57: Новоузенский (собственный) | B57: =H57+L57+P57 -> 220113 | C57: =I57+M57+Q57 -> 220113 | D57: =I57+M57+Q57 -> 220113 | F57: =J57+N57+R57 -> 165084.9 | G57: =F57/C57*100 -> 75.000068 | L57: 220113 | M57: 220113 | N57: 165084.9 | O57: =N57/M57*100 -> 75.000068
A58: Озинский (консолидированный) | B58: =H58+L58+P58 -> 136111.5 | C58: =I58+M58+Q58 -> 136111.5 | D58: =I58+M58+Q58 -> 136111.5 | F58: =J58+N58+R58 -> 102083.4 | G58: =F58/C58*100 -> 74.999835 | L58: =L59 -> 136111.5 | M58: =M59 -> 136111.5 | N58: =N59 -> 102083.4 | O58: =N58/M58*100 -> 74.999835
A59: Озинский (собственный) | B59: =H59+L59+P59 -> 136111.5 | C59: =I59+M59+Q59 -> 136111.5 | D59: =I59+M59+Q59 -> 136111.5 | F59: =J59+N59+R59 -> 102083.4 | G59: =F59/C59*100 -> 74.999835 | L59: 136111.5 | M59: 136111.5 | N59: 102083.4 | O59: =N59/M59*100 -> 74.999835
A60: Перелюбский (консолидированный) | B60: =H60+L60+P60 -> 33928.9 | C60: =I60+M60+Q60 -> 33928.9 | D60: =I60+M60+Q60 -> 33928.9 | F60: =J60+N60+R60 -> 28056.8 | G60: =F60/C60*100 -> 82.692926 | L60: =L61 -> 23000.7 | M60: =M61 -> 23000.7 | N60: =N61 -> 19860.5 | O60: =N60/M60*100 -> 86.347372 | P60: =P61 -> 10928.2 | Q60: =Q61 -> 10928.2 | R60: =R61 -> 8196.3 | S60: =R60/Q60*100 -> 75.001373
A61: Перелюбский (собственный) | B61: =H61+L61+P61 -> 33928.9 | C61: =I61+M61+Q61 -> 33928.9 | D61: =I61+M61+Q61 -> 33928.9 | F61: =J61+N61+R61 -> 28056.8 | G61: =F61/C61*100 -> 82.692926 | L61: 23000.7 | M61: 23000.7 | N61: 19860.5 | O61: =N61/M61*100 -> 86.347372 | P61: 10928.2 | Q61: 10928.2 | R61: 8196.3 | S61: =R61/Q61*100 -> 75.001373
A62: Петровский (консолидированный) | B62: =H62+L62+P62 -> 191806.8 | C62: =I62+M62+Q62 -> 191806.8 | D62: =I62+M62+Q62 -> 191806.8 | F62: =J62+N62+R62 -> 143855.1 | G62: =F62/C62*100 -> 75 | L62: =L63 -> 169377.4 | M62: =M63 -> 169377.4 | N62: =N63 -> 127033.2 | O62: =N62/M62*100 -> 75.000089 | P62: =P63 -> 22429.4 | Q62: =Q63 -> 22429.4 | R62: =R63 -> 16821.9 | S62: =R62/Q62*100 -> 74.999331
A63: Петровский (собственный) | B63: =H63+L63+P63 -> 191806.8 | C63: =I63+M63+Q63 -> 191806.8 | D63: =I63+M63+Q63 -> 191806.8 | F63: =J63+N63+R63 -> 143855.1 | G63: =F63/C63*100 -> 75 | L63: 169377.4 | M63: 169377.4 | N63: 127033.2 | O63: =N63/M63*100 -> 75.000089 | P63: 22429.4 | Q63: 22429.4 | R63: 16821.9 | S63: =R63/Q63*100 -> 74.999331
A64: Новозахаркинское МО | B64: =H64+L64+P64 -> 0 | C64: =I64+M64+Q64 -> 0 | D64: =I64+M64+Q64 -> 0 | F64: =J64+N64+R64 -> 0
A65: Питерский (консолидированный) | B65: =H65+L65+P65 -> 114476.6 | C65: =I65+M65+Q65 -> 114476.6 | D65: =I65+M65+Q65 -> 114476.6 | F65: =J65+N65+R65 -> 85857.3 | G65: =F65/C65*100 -> 74.999869 | L65: =L66 -> 101531.9 | M65: =M66 -> 101531.9 | N65: =N66 -> 76149 | O65: =N65/M65*100 -> 75.000074 | P65: =P66 -> 12944.7 | Q65: =Q66 -> 12944.7 | R65: =R66 -> 9708.3 | S65: =R65/Q65*100 -> 74.998262
A66: Питерский (собственный) | B66: =H66+L66+P66 -> 114476.6 | C66: =I66+M66+Q66 -> 114476.6 | D66: =I66+M66+Q66 -> 114476.6 | F66: =J66+N66+R66 -> 85857.3 | G66: =F66/C66*100 -> 74.999869 | L66: 101531.9 | M66: 101531.9 | N66: 76149 | O66: =N66/M66*100 -> 75.000074 | P66: 12944.7 | Q66: 12944.7 | R66: 9708.3 | S66: =R66/Q66*100 -> 74.998262
A67: Пугачевский (консолидированный) | B67: =H67+L67+P67 -> 192006 | C67: =I67+M67+Q67 -> 192006 | D67: =I67+M67+Q67 -> 192006 | F67: =J67+N67+R67 -> 144004.5 | G67: =F67/C67*100 -> 75 | L67: =L68 -> 192006 | M67: =M68 -> 192006 | N67: =N68 -> 144004.5 | O67: =N67/M67*100 -> 75 | P67: =P68 -> 0 | Q67: =Q68 -> 0 | R67: =R68 -> 0
A68: Пугачевский (собственный) | B68: =H68+L68+P68 -> 192006 | C68: =I68+M68+Q68 -> 192006 | D68: =I68+M68+Q68 -> 192006 | F68: =J68+N68+R68 -> 144004.5 | G68: =F68/C68*100 -> 75 | L68: 192006 | M68: 192006 | N68: 144004.5 | O68: =N68/M68*100 -> 75
A69: Ровенский (консолидированный) | B69: =H69+L69+P69 -> 154479.2 | C69: =I69+M69+Q69 -> 154479.2 | D69: =I69+M69+Q69 -> 154479.2 | F69: =J69+N69+R69 -> 115859.5 | G69: =F69/C69*100 -> 75.000065 | L69: =L70 -> 154479.2 | M69: =M70 -> 154479.2 | N69: =N70 -> 115859.5 | O69: =N69/M69*100 -> 75.000065
A70: Ровенский (собственный) | B70: =H70+L70+P70 -> 154479.2 | C70: =I70+M70+Q70 -> 154479.2 | D70: =I70+M70+Q70 -> 154479.2 | F70: =J70+N70+R70 -> 115859.5 | G70: =F70/C70*100 -> 75.000065 | L70: 154479.2 | M70: 154479.2 | N70: 115859.5 | O70: =N70/M70*100 -> 75.000065
A71: Романовский (консолидированный) | B71: =H71+L71+P71 -> 75544.5 | C71: =I71+M71+Q71 -> 75544.5 | D71: =I71+M71+Q71 -> 75544.5 | F71: =J71+N71+R71 -> 56658.5 | G71: =F71/C71*100 -> 75.000165 | L71: =L72 -> 75544.5 | M71: =M72 -> 75544.5 | N71: =N72 -> 56658.5 | O71: =N71/M71*100 -> 75.000165
A72: Романовский (собственный) | B72: =H72+L72+P72 -> 75544.5 | C72: =I72+M72+Q72 -> 75544.5 | D72: =I72+M72+Q72 -> 75544.5 | F72: =J72+N72+R72 -> 56658.5 | G72: =F72/C72*100 -> 75.000165 | L72: 75544.5 | M72: 75544.5 | N72: 56658.5 | O72: =N72/M72*100 -> 75.000165
A73: Ртищевский (консолидированный) | B73: =H73+L73+P73 -> 183547.4 | C73: =I73+M73+Q73 -> 183547.4 | D73: =I73+M73+Q73 -> 183547.4 | F73: =J73+N73+R73 -> 137660.4 | G73: =F73/C73*100 -> 74.999918 | L73: =L74 -> 183547.4 | M73: =M74 -> 183547.4 | N73: =N74 -> 137660.4 | O73: =N73/M73*100 -> 74.999918
A74: Ртищевский (собственный) | B74: =H74+L74+P74 -> 183547.4 | C74: =I74+M74+Q74 -> 183547.4 | D74: =I74+M74+Q74 -> 183547.4 | F74: =J74+N74+R74 -> 137660.4 | G74: =F74/C74*100 -> 74.999918 | L74: 183547.4 | M74: 183547.4 | N74: 137660.4 | O74: =N74/M74*100 -> 74.999918
A75: Самойловский (консолидированный) | B75: =H75+L75+P75 -> 32731.5 | C75: =I75+M75+Q75 -> 32523.7 | D75: =I75+M75+Q75 -> 32523.7 | F75: =J75+N75+R75 -> 27647.2 | G75: =F75/C75*100 -> 85.006318 | L75: =L76 -> 20784.9 | M75: =M76 -> 20577.1 | N75: =N76 -> 18686.8 | O75: =N75/M75*100 -> 90.813574 | P75: =P76 -> 11946.6 | Q75: =Q76 -> 11946.6 | R75: =R76 -> 8960.4 | S75: =R75/Q75*100 -> 75.003767
A76: Самойловский (собственный) | B76: =H76+L76+P76 -> 32731.5 | C76: =I76+M76+Q76 -> 32523.7 | D76: =I76+M76+Q76 -> 32523.7 | F76: =J76+N76+R76 -> 27647.2 | G76: =F76/C76*100 -> 85.006318 | L76: 20784.9 | M76: 20577.1 | N76: 18686.8 | O76: =N76/M76*100 -> 90.813574 | P76: 11946.6 | Q76: 11946.6 | R76: 8960.4 | S76: =R76/Q76*100 -> 75.003767
A77: Краснознаменское МО | B77: =H77+L77+P77 -> 0 | C77: =I77+M77+Q77 -> 0 | D77: =I77+M77+Q77 -> 0 | F77: =J77+N77+R77 -> 0
A78: Советский (консолидированный) | B78: =H78+L78+P78 -> 71424.4 | C78: =I78+M78+Q78 -> 70798.7 | D78: =I78+M78+Q78 -> 70798.7 | F78: =J78+N78+R78 -> 53412.2 | G78: =F78/C78*100 -> 75.442346 | L78: =L79 -> 62569.8 | M78: =M79 -> 61944.1 | N78: =N79 -> 46771.1 | O78: =N78/M78*100 -> 75.505335 | P78: =P79 -> 8854.6 | Q78: =Q79 -> 8854.6 | R78: =R79 -> 6641.1 | S78: =R78/Q78*100 -> 75.001694
A79: Советский (собственный) | B79: =H79+L79+P79 -> 71424.4 | C79: =I79+M79+Q79 -> 70798.7 | D79: =I79+M79+Q79 -> 70798.7 | F79: =J79+N79+R79 -> 53412.2 | G79: =F79/C79*100 -> 75.442346 | L79: 62569.8 | M79: 61944.1 | N79: 46771.1 | O79: =N79/M79*100 -> 75.505335 | P79: 8854.6 | Q79: 8854.6 | R79: 6641.1 | S79: =R79/Q79*100 -> 75.001694
A80: Татищевский (консолидированный) | B80: =H80+L80+P80 -> 90823.5 | C80: =I80+M80+Q80 -> 90823.5 | D80: =I80+M80+Q80 -> 90823.5 | F80: =J80+N80+R80 -> 68117.4 | G80: =F80/C80*100 -> 74.999752 | L80: =L81 -> 79720.9 | M80: =M81 -> 79720.9 | N80: =N81 -> 59790.6 | O80: =N80/M80*100 -> 74.999906 | P80: =P81 -> 11102.6 | Q80: =Q81 -> 11102.6 | R80: =R81 -> 8326.8 | S80: =R80/Q80*100 -> 74.998649
A81: Татищевский (собственный) | B81: =H81+L81+P81 -> 90823.5 | C81: =I81+M81+Q81 -> 90823.5 | D81: =I81+M81+Q81 -> 90823.5 | F81: =J81+N81+R81 -> 68117.4 | G81: =F81/C81*100 -> 74.999752 | L81: 79720.9 | M81: 79720.9 | N81: 59790.6 | O81: =N81/M81*100 -> 74.999906 | P81: 11102.6 | Q81: 11102.6 | R81: 8326.8 | S81: =R81/Q81*100 -> 74.998649
A82: Турковский (консолидированный) | B82: =H82+L82+P82 -> 56658.4 | C82: =I82+M82+Q82 -> 56658.4 | D82: =I82+M82+Q82 -> 56658.4 | F82: =J82+N82+R82 -> 46327 | G82: =F82/C82*100 -> 81.765458 | L82: =L83 -> 49877 | M82: =M83 -> 49877 | N82: =N83 -> 41241.1 | O82: =N82/M82*100 -> 82.685607 | P82: =P83 -> 6781.4 | Q82: =Q83 -> 6781.4 | R82: =R83 -> 5085.9 | S82: =R82/Q82*100 -> 74.997788
A83: Турковский (собственный) | B83: =H83+L83+P83 -> 56658.4 | C83: =I83+M83+Q83 -> 56658.4 | D83: =I83+M83+Q83 -> 56658.4 | F83: =J83+N83+R83 -> 46327 | G83: =F83/C83*100 -> 81.765458 | L83: 49877 | M83: 49877 | N83: 41241.1 | O83: =N83/M83*100 -> 82.685607 | P83: 6781.4 | Q83: 6781.4 | R83: 5085.9 | S83: =R83/Q83*100 -> 74.997788
A84: Федоровский (консолидированный) | B84: =H84+L84+P84 -> 98364.1 | C84: =I84+M84+Q84 -> 98364.1 | D84: =I84+M84+Q84 -> 98364.1 | F84: =J84+N84+R84 -> 73773 | G84: =F84/C84*100 -> 74.999924 | L84: =L85 -> 93678.5 | M84: =M85 -> 93678.5 | N84: =N85 -> 70258.5 | O84: =N84/M84*100 -> 74.9996 | P84: =P85 -> 4685.6 | Q84: =Q85 -> 4685.6 | R84: =R85 -> 3514.5 | S84: =R84/Q84*100 -> 75.006403
A85: Федоровский (собственный) | B85: =H85+L85+P85 -> 98364.1 | C85: =I85+M85+Q85 -> 98364.1 | D85: =I85+M85+Q85 -> 98364.1 | F85: =J85+N85+R85 -> 73773 | G85: =F85/C85*100 -> 74.999924 | L85: 93678.5 | M85: 93678.5 | N85: 70258.5 | O85: =N85/M85*100 -> 74.9996 | P85: 4685.6 | Q85: 4685.6 | R85: 3514.5 | S85: =R85/Q85*100 -> 75.006403
A86: Хвалынский (консолидированный) | B86: =H86+L86+P86 -> 122802.2 | C86: =I86+M86+Q86 -> 122802.2 | D86: =I86+M86+Q86 -> 122802.2 | F86: =J86+N86+R86 -> 95101.9 | G86: =F86/C86*100 -> 77.443157 | L86: =L87 -> 113480.9 | M86: =M87 -> 113480.9 | N86: =N87 -> 88110.7 | O86: =N86/M86*100 -> 77.643639 | P86: =P87 -> 9321.3 | Q86: =Q87 -> 9321.3 | R86: =R87 -> 6991.2 | S86: =R86/Q86*100 -> 75.002414
A87: Хвалынский (собственный) | B87: =H87+L87+P87 -> 122802.2 | C87: =I87+M87+Q87 -> 122802.2 | D87: =I87+M87+Q87 -> 122802.2 | F87: =J87+N87+R87 -> 95101.9 | G87: =F87/C87*100 -> 77.443157 | L87: 113480.9 | M87: 113480.9 | N87: 88110.7 | O87: =N87/M87*100 -> 77.643639 | P87: 9321.3 | Q87: 9321.3 | R87: 6991.2 | S87: =R87/Q87*100 -> 75.002414
A88: Энгельсский (консолидированный) | B88: =H88+L88+P88 -> 283201.8 | C88: =I88+M88+Q88 -> 283201.8 | D88: =I88+M88+Q88 -> 283201.8 | F88: =J88+N88+R88 -> 212401.5 | G88: =F88/C88*100 -> 75.000053 | L88: =L89+L90 -> 283201.8 | M88: =M89+M90 -> 283201.8 | N88: =N89+N90 -> 212401.5 | O88: =N88/M88*100 -> 75.000053 | P88: =P89+P90 -> 0 | Q88: =Q89+Q90 -> 0 | R88: =R89+R90 -> 0
A89: Энгельсский (собственный) | B89: =H89+L89+P89 -> 283201.8 | C89: =I89+M89+Q89 -> 283201.8 | D89: =I89+M89+Q89 -> 283201.8 | F89: =J89+N89+R89 -> 212401.5 | G89: =F89/C89*100 -> 75.000053 | L89: 283201.8 | M89: 283201.8 | N89: 212401.5 | O89: =N89/M89*100 -> 75.000053
A90: Безымянское МО | B90: =H90+L90+P90 -> 0 | C90: =I90+M90+Q90 -> 0 | D90: =I90+M90+Q90 -> 0 | F90: =J90+N90+R90 -> 0
A91: Городские округа области: | B91: =H91+L91+P91 -> 246325.8 | C91: =I91+M91+Q91 -> 246325.8 | D91: =I91+M91+Q91 -> 246325.8 | F91: =J91+N91+R91 -> 184739.4 | G91: =F91/C91*100 -> 74.99799 | H91: =SUM(H92:H95) -> 31986 | I91: =SUM(I92:I95) -> 31986 | J91: =SUM(J92:J95) -> 23985 | K91: =J91/I91*100 -> 74.985931 | L91: =SUM(L92:L95) -> 214339.8 | M91: =SUM(M92:M95) -> 214339.8 | N91: =SUM(N92:N95) -> 160754.4 | O91: =N91/M91*100 -> 74.99979 | Q91: =SUM(Q92:Q95) -> 0 | R91: =SUM(R92:R95) -> 0
A92: г. Саратов | C92: =I92+M92+Q92 -> 0 | D92: =I92+M92+Q92 -> 0 | F92: =J92+N92+R92 -> 0 | N92: 0
A93: п. Михайловский | B93: =H93+L93+P93 -> 42171.9 | C93: =I93+M93+Q93 -> 42171.9 | D93: =I93+M93+Q93 -> 42171.9 | F93: =J93+N93+R93 -> 31628.7 | G93: =F93/C93*100 -> 74.999466 | L93: 42171.9 | M93: 42171.9 | N93: 31628.7 | O93: =N93/M93*100 -> 74.999466
A94: ЗАТО Светлый | B94: =H94+L94+P94 -> 139813.3 | C94: =I94+M94+Q94 -> 139813.3 | D94: =I94+M94+Q94 -> 139813.3 | F94: =J94+N94+R94 -> 104855.4 | G94: =F94/C94*100 -> 74.996728 | H94: 31986 | I94: 31986 | J94: 23985 | K94: =J94/I94*100 -> 74.985931 | L94: 107827.3 | M94: 107827.3 | N94: 80870.4 | O94: =N94/M94*100 -> 74.99993
A95: г. Шиханы | B95: =H95+L95+P95 -> 64340.6 | C95: =I95+M95+Q95 -> 64340.6 | D95: =I95+M95+Q95 -> 64340.6 | F95: =J95+N95+R95 -> 48255.3 | G95: =F95/C95*100 -> 74.999767 | L95: 64340.6 | M95: 64340.6 | N95: 48255.3 | O95: =N95/M95*100 -> 74.999767
A96: Остаток средств к распределению 3 | C96: =I96+M96+Q96 -> 0 | D96: =I96+M96+Q96 -> 0 | F96: =J96+N96+R96 -> 0
A97: ИТОГО | B97: =H97+L97+P97 -> 4672342.9 | C97: =I97+M97+Q97 -> 4665751 | D97: =I97+M97+Q97 -> 4665751 | F97: =J97+N97+R97 -> 3572842.5 | G97: =F97/C97*100 -> 76.575936 | H97: =H10+H91 -> 31986 | I97: =I10+I91 -> 31986 | J97: =J10+J91 -> 23985 | K97: =J97/I97*100 -> 74.985931 | L97: =L91+L10+L96 -> 4211852.8 | M97: =M91+M10+M96 -> 4205260.9 | N97: =N91+N10+N96 -> 3227477.4 | O97: =N97/M97*100 -> 76.748565 | P97: =P91+P10+P96 -> 428504.1 | Q97: =Q91+Q10+Q96 -> 428504.1 | R97: =R91+R10+R96 -> 321380.1 | S97: =R97/Q97*100 -> 75.000473
A99: 1 в соответствии с Законом Саратовской области «Об областном бюджете на 2024 год и на плановый период 2025 и 2026 годов» в редакции от 01.12.2023 года
A100: 2 в соответствии с Законом Саратовской области «Об областном бюджете на 2024 год и на плановый период 2025 и 2026 годов» в редакции от 26.09.2024 года
A101: 3 заполняется, если в законе о бюджете утверждена общая сумма межбюджетного трансферта, но отсутствует распределение по муниципальным образованиям в установленных законом случаях

Sheet Субсидии
AP1: Продолжение таблицы | BN1: Продолжение таблицы | CL1: Продолжение таблицы | DJ1: Продолжение таблицы | EH1: Продолжение таблицы | FF1: Продолжение таблицы | GD1: Продолжение таблицы | HB1: Продолжение таблицы | HZ1: Продолжение таблицы | IX1: Продолжение таблицы | JV1: Продолжение таблицы | KT1: Продолжение таблицы | LR1: Продолжение таблицы
B2: Сведения о предоставлении из бюджета Саратовской области межбюджетных трансфертов местным бюджетам за 9 месяцев 2024 года | X2: Сведения о предоставлении из бюджета Саратовской области межбюджетных трансфертов местным бюджетам за 9 месяцев 2024 года | AR2: Сведения о предоставлении из бюджета Саратовской области межбюджетных трансфертов местным бюджетам за 9 месяцев 2024 года | BP2: Сведения о предоставлении из бюджета Саратовской области межбюджетных трансфертов местным бюджетам за 9 месяцев 2024 года | CN2: Сведения о предоставлении из бюджета Саратовской области межбюджетных трансфертов местным бюджетам за 9 месяцев 2024 года | DL2: Сведения о предоставлении из бюджета Саратовской области межбюджетных трансфертов местным бюджетам за 9 месяцев 2024 года | EJ2: Сведения о предоставлении из бюджета Саратовской области межбюджетных трансфертов местным бюджетам за 9 месяцев 2024 года | FH2: Сведения о предоставлении из бюджета Саратовской области межбюджетных трансфертов местным бюджетам за 9 месяцев 2024 года | GF2: Сведения о предоставлении из бюджета Саратовской области межбюджетных трансфертов местным бюджетам за 9 месяцев 2024 года | HD2: Сведения о предоставлении из бюджета Саратовской области межбюджетных трансфертов местным бюджетам за 9 месяцев 2024 года | IB2: Сведения о предоставлении из бюджета Саратовской области межбюджетных трансфертов местным бюджетам за 9 месяцев 2024 года | IZ2: Сведения о предоставлении из бюджета Саратовской области межбюджетных трансфертов местным бюджетам за 9 месяцев 2024 года | JX2: Сведения о предоставлении из бюджета Саратовской области межбюджетных трансфертов местным бюджетам за 9 месяцев 2024 года | KV2: Сведения о предоставлении из бюджета Саратовской области межбюджетных трансфертов местным бюджетам за 9 месяцев 2024 года
V4: тыс.рублей | AP4: тыс.рублей | BN4: тыс.рублей | CL4: тыс.рублей | DJ4: тыс.рублей | EG4: =EG10-EG12 -> 0 | EH4: тыс.рублей | FF4: тыс.рублей | GC4: тыс.рублей | HA4: тыс.рублей | HY4: тыс.рублей | IW4: тыс.рублей | JU4: тыс.рублей | KS4: тыс.рублей | LQ4: тыс.рублей
A5: Наименование муниципальных образований | B5: Субсидии, всего | H5: в том числе | X5: в том числе | AR5: в том числе | BP5: в том числе | CN5: в том числе | DL5: в том числе | EJ5: в том числе | FP5: в том числе | GF5: в том числе | HD5: в том числе | IB5: в том числе | IZ5: в том числе | JX5: в том числе | KV5: в том числе
H6: бюджетам муниципальных районов и городских округов области на обновление материально-технической базы для организации учебно-исследовательской, научно-практической, творческой деятельности, занятий физической культурой и спортом в общеобразовательных организациях | L6: бюджетам муниципальных районов и поселений области на достижение показателей результативности по обеспечению развития и укрепления материально-технической базы домов культуры в населенных пунктах с числом жителей до 50 тысяч человек | P6: бюджетам городских округов области на создание новых мест в общеобразовательных организациях | T6: бюджетам городских округов области на создание новых мест в общеобразовательных организациях (в рамках достижения соответствующих задач федерального проекта) | X6: бюджетам городских округов области на создание новых мест в общеобразовательных организациях в связи с ростом числа обучающихся, вызванным демографическим фактором | AB6: бюджетам муниципальных районов и городских округов области на обеспечение жильем молодых семей | AF6: бюджетам городских округов и поселений области на реализацию регионального проекта (программы) в целях выполнения задач федерального проекта «Жилье» (стимулирование программ развития жилищного строительства субъектов Российской Федерации (в рамках достижения соответствующих задач федерального проекта) | AJ6: бюджетам муниципальных районов и поселений области на поддержку творческой деятельности и укрепление материально-технической базы муниципальных театров в населенных пунктах с численностью населения до 300 тысяч человек | AN6: бюджетам муниципальных районов и поселений области на обеспечение развития и укрепления материально-технической базы домов культуры в населенных пунктах с числом жителей до 50 тысяч человек | AR6: бюджетам муниципальных районов и городских округов области на поддержку отрасли культуры (государственная поддержка лучших сельских учреждений культуры) | AV6: бюджетам муниципальных районов и городских округов области на поддержку отрасли культуры (государственная поддержка лучших работников сельских учреждений культуры) | AZ6: бюджетам муниципальных районов, поселений и городских округов области на государственную поддержку отрасли культуры (комплектование книжных фондов муниципальных общедоступных библиотек) | BD6: бюджетам муниципальных районов и городских округов области на поддержку отрасли культуры (создание многофункциональных мобильных культурных центров) | BH6: бюджетам муниципальных районов и городских округов области на поддержку отрасли культуры (приобретение музыкальных инструментов, оборудования и материалов для детских школ искусств по видам искусств и профессиональных образовательных организаций) | BL6: бюджетам муниципальных районов области на обеспечение деятельности муниципальных бизнес-инкубаторов | BP6: бюджетам городских округов, городских и сельских поселений области на реализацию инициативных проектов | BT6: бюджетам городских округов и поселений области на поддержку муниципальных программ формирования современной городской среды | BX6: бюджетам муниципальных районов и городских округов области на обеспечение сохранения достигнутых показателей повышения оплаты труда отдельных категорий работников бюджетной сферы | CB6: бюджетам муниципальных районов области на развитие сети учреждений культурно-досугового типа (создание и модернизация учреждений культурно-досугового типа в сельской местности) | CF6: бюджетам муниципальных районов и городских округов области на обеспечение условий для создания центров образования цифрового и гуманитарного профилей в части расходов на оплату труда с начислениями | CJ6: бюджетам муниципальных районов и городских округов области на обеспечение условий для создания центров образования цифрового и гуманитарного профилей за исключением расходов на оплату труда с начислениями | CN6: бюджетам городских округов и поселений области на реализацию мероприятий по строительству и реконструкции (модернизации) объектов питьевого водоснабжения | CR6: бюджетам муниципальных районов, городских округов и поселений области на обустройство и восстановление воинских захоронений, находящихся в государственной (муниципальной) собственности | CV6: бюджетам городских округов области на осуществление дорожной деятельности в отношении автомобильных дорог общего пользования местного значения Саратовской агломерации в границах городских округов области | CZ6: бюджетам поселений области на осуществление дорожной деятельности в отношении автомобильных дорог общего пользования местного значения в границах населенных пунктов сельских поселений | DD6: бюджетам муниципальных районов и поселений области на развитие транспортной инфраструктуры на сельских территориях | DH6: бюджетам поселений области на обустройство объектами инженерной инфраструктуры и благоустройство площадок, расположенных на сельских территориях, под компактную жилищную застройку | DL6: бюджетам поселений области на реализацию мероприятий по благоустройству сельских территорий | DP6: бюджетам муниципальных районов и городских округов области на обеспечение условий для внедрения цифровой образовательной среды в общеобразовательных организациях | DT6: бюджетам муниципальных районов области на обеспечение функционирования центров цифрового образования детей «IT-куб» (в рамках достижения соответствующих задач федерального проекта) в части расходов на оплату труда с начислениями | DX6: бюджетам муниципальных районов области на обеспечение функционирования центров цифрового образования детей «IT-куб» (в рамках достижения соответствующих задач федерального проекта) за исключением расходов на оплату труда с начислениями | EB6: бюджетам муниципальных районов и городских округов области на организацию бесплатного горячего питания обучающихся, получающих начальное общее образование в муниципальных образовательных организациях | EF6: бюджетам поселений области поселений области на осуществление дорожной деятельности в отношении автомобильных дорог общего пользования местного значения Саратовской агломерации в границах городских поселений области | EJ6: бюджетам муниципальных районов и городских округов области на обеспечение условий для функционирования центров образования естественно-научной и технологической направленностей в общеобразовательных организациях (в рамках достижения соответствующих задач федерального проекта) в части расходов на оплату труда с начислениями | EN6: бюджетам муниципальных районов и городских округов области на обеспечение условий для функционирования центров образования естественно-научной и технологической направленностей в общеобразовательных организациях(в рамках достижения соответствующих задач федерального проекта) за исключением расходов на оплату труда с начислениями | ER6: бюджетам муниципальных районов и городских округов области на проведение капитального и текущего ремонта муниципальных дошкольных образовательных организациях | EV6: бюджетам муниципальных районов и городских округов области на проведение капитального и текущего ремонта муниципальных общеобразовательных организациях | EZ6: бюджетам муниципальных районов и городских округов области на проведение капитального и текущего ремонта в учреждениях дополнительного образования детей | FD6: бюджетам муниципальных районов области на обеспечение условий для функционирования детских технопарков «Кванториум» в общеобразовательных организациях (в рамках достижения соответствующих задач федерального проекта) в части расходов на оплату труда с начислениями | FH6: бюджетам муниципальных районов области на обеспечение условий для функционирования детских технопарков «Кванториум» в общеобразовательных организациях (в рамках достижения соответствующих задач федерального проекта) за исключением расходов на оплату труда с начислениями | FL6: бюджетам муниципальных районов, городских округов и поселений области на поддержку творческой деятельности и техническое оснащение детских и кукольных театров, расположенных на территории Саратовской области | FP6: бюджетам муниципальных районов и городских округов области на проведение комплексных кадастровых работ | FT6: бюджетам поселений области на ремонт и развитие водопроводной сети | FX6: бюджетам муниципальных районов и городских округов области на модернизацию школьных систем образования | GB6: бюджетам муниципальных районов и городских округов области на модернизацию школьных систем образования (объекты, планируемые к реализации в рамках двух финансовых лет) | GF6: бюджетам муниципальных районов и городских округов области на обеспечение условий для реализации мероприятий по модернизации школьных систем образования | GJ6: бюджетам муниципальных районов, городских округов и поселений области на обеспечение мероприятий по переселению граждан из аварийного жилищного фонда, в том числе переселению граждан из аварийного жилищного фонда с учетом необходимости развития малоэтажного жилищного строительства (ППК «Фонд развития территорий») | GN6: бюджетам муниципальных районов, городских округов и поселений области на обеспечение мероприятий по переселению граждан из аварийного жилищного фонда, в том числе переселению граждан из аварийного жилищного фонда с учетом необходимости развития малоэтажного жилищного строительства (за счет средств областного бюджета) | GR6: бюджетам поселений области на выполнение мероприятий по ремонту автомобильных дорог общего пользования местного значения в границах городских поселений области за счет средств областного дорожного фонда | GV6: бюджетам поселений на ликвидацию несанкционированных свалок в границах городов и наиболее опасных объектов накопленного вреда окружающей среде | GZ6: бюджетам муниципальных районов и поселений области на создание, реконструкцию (модернизацию), капитальный ремонт объектов социальной и культурной сферы | HD6: бюджетам городских округов области на приведение в нормативное состояние автомобильных дорог местного значения и искусственных дорожных сооружений на них в границах городских округов области | HH6: бюджетам муниципальных районов и городских округов области на проведение капитального и текущего ремонта спортивных залов муниципальных образовательных организаций | HL6: бюджетам муниципальных районов и городских округов области на оснащение (обновление материально-технической базы) оборудованием, средствами обучения и воспитания общеобразовательных организаций, в том числе осуществляющих образовательную деятельность по адаптированным основным общеобразовательным программам | HP6: бюджетам муниципальных районов и городских округов области на оснащение (обновление материально-технической базы) оборудованием, средствами обучения и воспитания образовательных организаций различных типов для реализации дополнительных общеразвивающих программ, для создания информационных систем в образовательных организациях | HT6: бюджетам муниципальных районов и городских округов области на обновление материально-технической базы образовательных организаций для внедрения цифровой образовательной среды и развития цифровых навыков обучающихся в общеобразовательных организациях | HX6: бюджетам муниципальных районов и городских округов области на обновление материально-технической базы образовательных организаций для внедрения цифровой образовательной среды и развития цифровых навыков обучающихся в организациях дополнительного образования детей | IB6: бюджетам муниципальных районов и поселений области на реконструкцию и капитальный ремонт региональных и муниципальных музеев | IF6: бюджетам городских округов области на государственную поддержку в целях обеспечения реализации инфраструктурных проектов, направленных на комплексное развитие городского наземного электрического транспорта и автомобильного транспорта общего пользования, выполнение работ по освещению и благоустройству территорий, а также на закупку автобусов, приводимых в движение электрической энергией от батареи, заряжаемой от внешнего источника (электробусов), и объектов зарядной инфраструктуры для них (реконструкция тяговых подстанций в г. Саратове Саратовской области) | IJ6: бюджетам городских округов области на создание новых мест в общеобразовательных организациях (в целях опережающего финансового обеспечения расходных обязательств области) | IN6: бюджетам городских округов области на развитие и увеличение пропускной способности сети автомобильных дорог общего пользования местного значения | IR6: бюджетам муниципальных районов и поселений области на строительство (приобретение) жилого помещения (жилого дома) на сельских территориях, территориях опорных населенных пунктов, предоставляемого гражданам Российской Федерации, проживающим на сельских территориях, территориях опорных населенных пунктов, по договору найма жилого помещения | IV6: бюджетам городских округов области на государственную поддержку в целях обеспечения реализации инфраструктурных проектов, направленных на комплексное развитие городского наземного электрического транспорта и автомобильного транспорта общего пользования, выполнение работ по освещению и благоустройству территорий, а также на закупку автобусов, приводимых в движение электрической энергией от батареи, заряжаемой от внешнего источника (электробусов), и объектов зарядной инфраструктуры для них (реконструкция трамвайных путей в г. Саратове Саратовской области) | IZ6: бюджетам городских округов области на государственную поддержку в целях обеспечения реализации инфраструктурных проектов, направленных на комплексное развитие городского наземного электрического транспорта и автомобильного транспорта общего пользования, выполнение работ по освещению и благоустройству территорий, а также на закупку автобусов, приводимых в движение электрической энергией от батареи, заряжаемой от внешнего источника (электробусов), и объектов зарядной инфраструктуры для них (реконструкция смешанного путепровода через железнодорожные пути, входящего в транспортную развязку «стрелка» в г. Саратове Саратовской области) | JD6: бюджетам муниципальных районов и поселений области на подготовку проектов межевания земельных участков и на проведение кадастровых работ | JH6: бюджетам городских округов и поселений области на реализацию регионального проекта (программы) в целях выполнения задач федерального проекта «Жилье» (стимулирование программ развития жилищного строительства субъектов Российской Федерации ) | JL6: бюджетам городских округов области на капитальный ремонт и ремонт автомобильных дорог местного значения и искусственных сооружений на них в границах городских округов области, входящих в состав Саратовской агломерации | JP6: бюджетам поселений области на финансовое обеспечение расходов по реализации проектов создания комфортной городской среды в малых городах и исторических поселениях в рамках проведения всероссийского конкурса лучших проектов создания комфортной городской среды | JT6: бюджетам городских округов на строительство (реконструкцию, в том числе с элементами реставрации, техническое перевооружение) объектов государственной (муниципальной) собственности Саратовской области | JX6: бюджетам муниципальных районов, городских округов и поселений области на достижение показателей государственной программы Российской Федерации «Развитие туризма» (государственная поддержка на реализацию региональных программ по развитию общественной территории муниципального образования, в том числе мероприятий (результатов) по обустройству туристского центра города на территории муниципального образования в соответствии с туристским кодом центра города) | KB6: бюджетам муниципальных районов области на создание модельных муниципальных библиотек | KF6: бюджетам муниципальных районов и городских округов области на создание виртуальных концертных залов | KJ6: бюджетам муниципальных районов области на создание школ креативных индустрий | KN6: бюджетам муниципальных районов и городских округов области на обеспечение условий для оснащения образовательных организаций, реализующих основные общеобразовательные программы, за исключением образовательных программ дошкольного образования, образовательные программы среднего профессионального образования и дополнительные образовательные программы, оборудованием для реализации образовательных процессов по разработке, производству и эксплуатации беспилотных авиационных систем | KR6: бюджетам поселений области на реализацию программы комплексного развития молодежной политики в регионах Российской Федерации «Регион для молодых» | KV6: бюджетам поселений области на реализацию практик поддержки добровольчества (волонтерства) по итогам проведения ежегодного Всероссийского конкурса лучших региональных практик поддержки и развития добровольчества (волонтерства) «Регион добрых дел» | KZ6: бюджетам муниципальных районов и городских округов области на создание современной инфраструктуры для отдыха детей и их оздоровления путем возведения некапитальных строений, сооружений (быстровозводимых конструкций), а также при проведении капитального ремонта объектов инфраструктуры организаций отдыха детей и их оздоровления | LD6: бюджетам городских поселений области на приведение в нормативное состояние автомобильных дорог общего пользования местного значения городских поселений области, входящих в состав Саратовской агломерации | LH6: бюджетам городских поселений области на приведение в нормативное состояние улично-дорожной сети городских поселений области, включающих города | LL6: бюджетам городских округов области на создание новых мест в общеобразовательных организациях в связи с ростом числа обучающихся, вызванным демографическим фактором (в рамках достижения соответствующих задач федерального проекта) | LP6: бюджетам городских округов и поселений области на реализацию мероприятий по благоустройству дворовых территорий в г. Саратове и г. Энгельсе Саратовской области за счет средств резервного фонда Правительства Российской Федерации
B7: первоначальные бюджетные назначения 1 | C7: уточненные бюджетные назначения | F7: исполнено | G7: % исполнения | H7: первоначальные бюджетные назначения 1 | I7: уточненные бюджетные назначения 2 | J7: исполнено | K7: % исполнения | L7: первоначальные бюджетные назначения 1 | M7: уточненные бюджетные назначения 2 | N7: исполнено | O7: % исполнения | P7: первоначальные бюджетные назначения 1 | Q7: уточненные бюджетные назначения 2 | R7: исполнено | S7: % исполнения | T7: первоначальные бюджетные назначения 1 | U7: уточненные бюджетные назначения 2 | V7: исполнено | W7: % исполнения | X7: первоначальные бюджетные назначения 1 | Y7: уточненные бюджетные назначения 2 | Z7: исполнено | AA7: % исполнения | AB7: первоначальные бюджетные назначения 1 | AC7: уточненные бюджетные назначения 2 | AD7: исполнено | AE7: % исполнения | AF7: первоначальные бюджетные назначения 1 | AG7: уточненные бюджетные назначения 2 | AH7: исполнено | AI7: % исполнения | AJ7: первоначальные бюджетные назначения 1 | AK7: уточненные бюджетные назначения 2 | AL7: исполнено | AM7: % исполнения | AN7: первоначальные бюджетные назначения 1 | AO7: уточненные бюджетные назначения 2 | AP7: исполнено | AQ7: % исполнения | AR7: первоначальные бюджетные назначения 1 | AS7: уточненные бюджетные назначения 2 | AT7: исполнено | AU7: % исполнения | AV7: первоначальные бюджетные назначения 1 | AW7: уточненные бюджетные назначения 2 | AX7: исполнено | AY7: % исполнения | AZ7: первоначальные бюджетные назначения 1 | BA7: уточненные бюджетные назначения 2 | BB7: исполнено | BC7: % исполнения | BD7: первоначальные бюджетные назначения 1 | BE7: уточненные бюджетные назначения 2 | BF7: исполнено | BG7: % исполнения | BH7: первоначальные бюджетные назначения 1 | BI7: уточненные бюджетные назначения 2 | BJ7: исполнено | BK7: % исполнения | BL7: первоначальные бюджетные назначения 1 | BM7: уточненные бюджетные назначения 2 | BN7: исполнено | BO7: % исполнения | BP7: первоначальные бюджетные назначения 1 | BQ7: уточненные бюджетные назначения 4 | BR7: исполнено | BS7: % исполнения | BT7: первоначальные бюджетные назначения 1 | BU7: уточненные бюджетные назначения 2 | BV7: исполнено | BW7: % исполнения | BX7: первоначальные бюджетные назначения 1 | BY7: уточненные бюджетные назначения 2 | BZ7: исполнено | CA7: % исполнения | CB7: первоначальные бюджетные назначения 1 | CC7: уточненные бюджетные назначения 2 | CD7: исполнено | CE7: % исполнения | CF7: первоначальные бюджетные назначения 1 | CG7: уточненные бюджетные назначения 2 | CH7: исполнено | CI7: % исполнения | CJ7: первоначальные бюджетные назначения 1 | CK7: уточненные бюджетные назначения 2 | CL7: исполнено | CM7: % исполнения | CN7: первоначальные бюджетные назначения 1 | CO7: уточненные бюджетные назначения 2 | CP7: исполнено | CQ7: % исполнения | CR7: первоначальные бюджетные назначения 1 | CS7: уточненные бюджетные назначения 2 | CT7: исполнено | CU7: % исполнения | CV7: первоначальные бюджетные назначения 1 | CW7: уточненные бюджетные назначения 2 | CX7: исполнено | CY7: % исполнения | CZ7: первоначальные бюджетные назначения 1 | DA7: уточненные бюджетные назначения 2 | DB7: исполнено | DC7: % исполнения | DD7: первоначальные бюджетные назначения 1 | DE7: уточненные бюджетные назначения 2 | DF7: исполнено | DG7: % исполнения | DH7: первоначальные бюджетные назначения 1 | DI7: уточненные бюджетные назначения 2 | DJ7: исполнено | DK7: % исполнения | DL7: первоначальные бюджетные назначения 1 | DM7: уточненные бюджетные назначения 3 | DN7: исполнено | DO7: % исполнения | DP7: первоначальные бюджетные назначения 1 | DQ7: уточненные бюджетные назначения 2 | DR7: исполнено | DS7: % исполнения | DT7: первоначальные бюджетные назначения 1 | DU7: уточненные бюджетные назначения 2 | DV7: исполнено | DW7: % исполнения | DX7: первоначальные бюджетные назначения 1 | DY7: уточненные бюджетные назначения 2 | DZ7: исполнено | EA7: % исполнения | EB7: первоначальные бюджетные назначения 1 | EC7: уточненные бюджетные назначения 2 | ED7: исполнено | EE7: % исполнения | EF7: первоначальные бюджетные назначения 1 | EG7: уточненные бюджетные назначения 2 | EH7: исполнено | EI7: % исполнения | EJ7: первоначальные бюджетные назначения 1 | EK7: уточненные бюджетные назначения 2 | EL7: исполнено | EM7: % исполнения | EN7: первоначальные бюджетные назначения 1 | EO7: уточненные бюджетные назначения 2 | EP7: исполнено | EQ7: % исполнения | ER7: первоначальные бюджетные назначения 1 | ES7: уточненные бюджетные назначения 2 | ET7: исполнено | EU7: % исполнения | EV7: первоначальные бюджетные назначения 1 | EW7: уточненные бюджетные назначения 2 | EX7: исполнено | EY7: % исполнения | EZ7: первоначальные бюджетные назначения 1 | FA7: уточненные бюджетные назначения 2 | FB7: исполнено | FC7: % исполнения | FD7: первоначальные бюджетные назначения 1 | FE7: уточненные бюджетные назначения 2 | FF7: исполнено | FG7: % исполнения | FH7: первоначальные бюджетные назначения 1 | FI7: уточненные бюджетные назначения 2 | FJ7: исполнено | FK7: % исполнения | FL7: первоначальные бюджетные назначения 1 | FM7: уточненные бюджетные назначения 2 | FN7: исполнено | FO7: % исполнения | FP7: первоначальные бюджетные назначения 1 | FQ7: уточненные бюджетные назначения 2 | FR7: исполнено | FS7: % исполнения | FT7: первоначальные бюджетные назначения 1 | FU7: уточненные бюджетные назначения 2 | FV7: исполнено | FW7: % исполнения | FX7: первоначальные бюджетные назначения 1 | FY7: уточненные бюджетные назначения 2 | FZ7: исполнено | GA7: % исполнения | GB7: первоначальные бюджетные назначения 1 | GC7: уточненные бюджетные назначения 2 | GD7: исполнено | GE7: % исполнения | GF7: первоначальные бюджетные назначения 1 | GG7: уточненные бюджетные назначения 2 | GH7: исполнено | GI7: % исполнения | GJ7: первоначальные бюджетные назначения 1 | GK7: уточненные бюджетные назначения 2 | GL7: исполнено | GM7: % исполнения | GN7: первоначальные бюджетные назначения 1 | GO7: уточненные бюджетные назначения 2 | GP7: исполнено | GQ7: % исполнения | GR7: первоначальные бюджетные назначения 1 | GS7: уточненные бюджетные назначения 2 | GT7: исполнено | GU7: % исполнения | GV7: первоначальные бюджетные назначения 1 | GW7: уточненные бюджетные назначения 2 | GX7: исполнено | GY7: % исполнения | GZ7: первоначальные бюджетные назначения 1 | HA7: уточненные бюджетные назначения 2 | HB7: исполнено | HC7: % исполнения | HD7: первоначальные бюджетные назначения 1 | HE7: уточненные бюджетные назначения 2 | HF7: исполнено | HG7: % исполнения | HH7: первоначальные бюджетные назначения 1 | HI7: уточненные бюджетные назначения 2 | HJ7: исполнено | HK7: % исполнения | HL7: первоначальные бюджетные назначения 1 | HM7: уточненные бюджетные назначения 2 | HN7: исполнено | HO7: % исполнения | HP7: первоначальные бюджетные назначения 1 | HQ7: уточненные бюджетные назначения 2 | HR7: исполнено | HS7: % исполнения | HT7: первоначальные бюджетные назначения 1 | HU7: уточненные бюджетные назначения 2 | HV7: исполнено | HW7: % исполнения | HX7: первоначальные бюджетные назначения 1 | HY7: уточненные бюджетные назначения 2 | HZ7: исполнено | IA7: % исполнения | IB7: первоначальные бюджетные назначения 1 | IC7: уточненные бюджетные назначения 2 | ID7: исполнено | IE7: % исполнения | IF7: первоначальные бюджетные назначения 1 | IG7: уточненные бюджетные назначения 2 | IH7: исполнено | II7: % исполнения | IJ7: первоначальные бюджетные назначения 1 | IK7: уточненные бюджетные назначения 2 | IL7: исполнено | IM7: % исполнения | IN7: первоначальные бюджетные назначения 1 | IO7: уточненные бюджетные назначения 2 | IP7: исполнено | IQ7: % исполнения | IR7: первоначальные бюджетные назначения 1 | IS7: уточненные бюджетные назначения 2 | IT7: исполнено | IU7: % исполнения | IV7: первоначальные бюджетные назначения 1 | IW7: уточненные бюджетные назначения 2 | IX7: исполнено | IY7: % исполнения | IZ7: первоначальные бюджетные назначения 1 | JA7: уточненные бюджетные назначения 2 | JB7: исполнено | JC7: % исполнения | JD7: первоначальные бюджетные назначения 1 | JE7: уточненные бюджетные назначения 2 | JF7: исполнено | JG7: % исполнения | JH7: первоначальные бюджетные назначения 1 | JI7: уточненные бюджетные назначения 2 | JJ7: исполнено | JK7: % исполнения | JL7: первоначальные бюджетные назначения 1 | JM7: уточненные бюджетные назначения 2 | JN7: исполнено | JO7: % исполнения | JP7: первоначальные бюджетные назначения 1 | JQ7: уточненные бюджетные назначения 2 | JR7: исполнено | JS7: % исполнения | JT7: первоначальные бюджетные назначения 1 | JU7: уточненные бюджетные назначения 2 | JV7: исполнено | JW7: % исполнения | JX7: первоначальные бюджетные назначения 1 | JY7: уточненные бюджетные назначения 2 | JZ7: исполнено | KA7: % исполнения | KB7: первоначальные бюджетные назначения 1 | KC7: уточненные бюджетные назначения 2 | KD7: исполнено | KE7: % исполнения | KF7: первоначальные бюджетные назначения 1 | KG7: уточненные бюджетные назначения 2 | KH7: исполнено | KI7: % исполнения | KJ7: первоначальные бюджетные назначения 1 | KK7: уточненные бюджетные назначения 2 | KL7: исполнено | KM7: % исполнения | KN7: первоначальные бюджетные назначения 1 | KO7: уточненные бюджетные назначения 2 | KP7: исполнено | KQ7: % исполнения | KR7: первоначальные бюджетные назначения 1 | KS7: уточненные бюджетные назначения 2 | KT7: исполнено | KU7: % исполнения | KV7: первоначальные бюджетные назначения 1 | KW7: уточненные бюджетные назначения 2 | KX7: исполнено | KY7: % исполнения | KZ7: первоначальные бюджетные назначения 1 | LA7: уточненные бюджетные назначения 2 | LB7: исполнено | LC7: % исполнения | LD7: первоначальные бюджетные назначения 1 | LE7: уточненные бюджетные назначения 2 | LF7: исполнено | LG7: % исполнения | LH7: первоначальные бюджетные назначения 1 | LI7: уточненные бюджетные назначения 2 | LJ7: исполнено | LK7: % исполнения | LL7: первоначальные бюджетные назначения 1 | LM7: уточненные бюджетные назначения 2 | LN7: исполнено | LO7: % исполнения | LP7: первоначальные бюджетные назначения 1 | LQ7: уточненные бюджетные назначения 2 | LR7: исполнено | LS7: % исполнения
C8: сводная бюджетная роспись | D8: на основании
D9: закона о бюджете 2 | E9: иных нормативных правовых актов
